Workbook
Name Date_Year: 'Revenue & COGS Building'!$AA$61:$BV$61

Sheet ToC
A1: TABLE OF CONTENT
B3: Sheet | C3: Meaning | D3: Explanation
B5: INS | C5: Instructions | D5: Short instructions how to use model
B6: ASSUM | C6: Assumptions | D6: Assumptions used in model
B7: MC | C7: Model checks | D7: Validation and errors checks, consistency checks
B8: HF | C8: Historical financials statements | D8: Historical financials statements
B9: BVA | C9: Budget variance analysis | D9: Analysis of variance between actual and budgeted figures
B10: RA | C10: Ratio analysis | D10: Ratio analysis of historical financials
B11: REV COGS | C11: Revenue and COGS | D11: Schedule of revenues form sales, cost of goods sold and gross profit
B12: SH | C12: Salaries and headcount | D12: Basic salaries and headcount projections4
B13: OH | C13: Overhead expenses | D13: Projection of variable and fixed expenses
B14: OTH | C14: Other expenses | D14: Projection of other, non-cash expenses
B15: NWC | C15: Net working capital | D15: Schedule of net working capital
... B30: CC | C30: Comparable companies method | D30: Business valuation calculation based on comparable companies method
A32: Disclaimer: Adopted from Corporate Finance Hub

Sheet Instructions
A1: INSTRUCTIONS
B5: =100 -> 100 | D5: Input cell
B7: 100 | D7: Cell under formula
B9: =+B1+B7 -> 100 | D9: SUM formula applied
B11: =+B22-B35 -> 0 | D11: Accuracy check, should be 0 always
B15: 1 | C15: Fill blue cells only
B16: 2 | C16: Try not to change formula in other cells
B17: 3 | C17: The formulas are opened due to flexibility of model, we suggest to protect your formulas when start working
B18: 4 | C18: If you want to add rows or columns make sure you update and check SUM formula in bottom line
B19: 5 | C19: Follow validation and consistency check sheet and investigate any significant differences that may appear
B20: 6 | C20: For some categories I provide basic and alternative schedules. Alternative schedules are just given as example, while basic schedules are linked in further 3 statements model and other calculations
B21: 7 | C21: The numbers in the model are placeholders. Replace with own

Sheet MC
A1: 1 | B1: VALIDATIONS AND CONSISTENCY CHECKS
B3: Validations | H3: Consistency checks
B5: Total Assets = Total Equity and liabilities in last year | E5: =+'Historicals & Projections'!C3 -> 0 | H5: Revenue assumed growth rate vs revenue CAGR in projections | I5: =+'Revenue & COGS Building'!H7 -> 0.06 | J5: vs | K5: =+'Revenue & COGS Building'!Z68 -> 0
B6: Total Assets = Total Equity and liabilities in current year | E6: =+'Historicals & Projections'!D3 -> 0 | H6: Revenue projected growth rate vs headcount projected growth rate | I6: =+'Revenue & COGS Building'!Z68 -> 0 | J6: vs | K6: =+#REF! -> #REF!
B7: Net income from current year P&L = Equity increase in BS | E7: =+'Historicals & Projections'!D71 -> 0 | H7: Revenue growth rate vs Labor cost growth rate | I7: =+'Revenue & COGS Building'!Z68 -> 0 | J7: vs | K7: =+#REF! -> #REF!
B8: Cash at the end of period in Cash flow statement = Cash and equivalents in BS | E8: =+'Historicals & Projections'!D102 -> 0 | H8: Revenue projected growth rate vs variable overhead costs projection rate | I8: =+'Revenue & COGS Building'!Z68 -> 0 | J8: vs | K8: =+Overheads!#REF! -> #REF!
B9: Revenues in historical profit and loss matches with revenues in schedules | E9: =+'Revenue & COGS Building'!#REF! -> #REF! | H9: Revenue projected growth rate vs fixed overhead costs projection rate | I9: =+'Revenue & COGS Building'!Z68 -> 0 | J9: vs | K9: =+Overheads!#REF! -> #REF!
B10: Gross profit in historical profit and loss matches with gross profit in schedules | E10: =+'Revenue & COGS Building'!H109 -> 0 | H10: Revenue projected growth rate vs gross profit projection rate | I10: =+'Revenue & COGS Building'!Z68 -> 0 | J10: vs | K10: =+'Revenue & COGS Building'!Z107 -> 0
B11: Starting headcount number in projection table = historical headcount number | E11: =+#REF! -> #REF! | H11: Interest expenses share in debt: historical vs projected average | I11: =+'Historicals & Projections'!D63/('Historicals & Projections'!D28+'Historicals & Projections'!D22) -> 0.069444444 | J11: vs | K11: =AVERAGE(FIN!D52:H52) -> 0.069444444
B12: Projected balance sheet is in balance | E12: =SUM(BS!E3:I3) -> 0 | H12: Total fixed costs in revenue: historical vs projected | I12: =+('Historicals & Projections'!D42+'Historicals & Projections'!D48)/'Historicals & Projections'!D40 -> 0.11818182 | J12: vs | K12: =+(PL!I10+PL!I16)/PL!I8 -> 1.7331542
B13: Cash position in Projected cash flow statements = Cash position in projected balance sheet | E13: =SUM(CF!C3:G3) -> 0 | H13: Depreciation and amortization costs to non-current assets: historical vs projected period | I13: =+'Historicals & Projections'!D59/'Historicals & Projections'!D17 -> 0.13333333 | J13: vs | K13: =+PL!P27/BS!P19 -> 0.018806744
B14: Starting figures of variable overhead costs in projection table = historical variable overhead costs | E14: =+Overheads!C26 -> 0 | H14: Non-current assets to Revenues historical vs projected period | I14: =+'Historicals & Projections'!D17/'Historicals & Projections'!D40 -> 0.068181818 | J14: vs | K14: =+BS!P19/PL!P8 -> 0.013457455
B15: Starting figures of fixed overhead costs in projection table = historical fixed overhead costs | E15: =+Overheads!C48 -> 0 | H15: Net working capital to Revenues historical vs projected period | I15: =+NWC!D28/'Historicals & Projections'!D40 -> 0.040909091 | J15: vs | K15: =+NWC!P28/PL!P8 -> 0.0026744522
B16: Financial liabilities in historical balance sheets tie with financial liabilities schedule | E16: =+FIN!C37 -> 0
B17: Salaries in profit and loss account = salaries in schedules | E17: =+'Salaries & Headcount'!#REF! -> #REF!
B18: Income tax in historical profit and loss matches with income tax in schedule | E18: =SUM('Income Tax'!C28:D28) -> 0

Sheet Assumptions
A1: ASSUMPTIONS
B3: Project name | C3: [Placeholder]
B4: Currency | C4: $ thousands
B5: Current year | C5: 2025
B6: Number of days | C6: 12
B7: Corporate income tax rate | C7: =15% -> 0.15
B8: Local inflation rate estimate | C8: =10% -> 0.1
B9: Discount rate | C9: =+WACC!C33 -> 0.26509188
B10: Long term cash flow growth rate | C10: =+'DCF '!C10 -> 0.015
B11: Headcount | C11: =16 -> 16
B12: Average Headcount current period | C12: =16 -> 16
B13: Average Headcount last period | C13: =16 -> 16
B14: Estimate revenue growth rate that will be applied in projections | C14: =6% -> 0.06
B15: Gross margin rate that will be applied in projections | C15: =+'Ratio Analysis'!D7 -> 0.38181818
B16: Minimum cash level at the end of period | C16: =1400 -> 1400

Sheet Historicals & Projections
A1: HISTORICAL & PROJECTIONS
B3: Check | C3: =+C19-C32 -> 0 | D3: =+D19-D32 -> 0 | E3: =+E19-E32 -> 0 | F3: =+F19-F32 -> 0 | G3: =+G19-G32 -> 0 | H3: =+H19-H32 -> 0 | I3: =+I19-I32 -> 0
C4: Historicals | G4: Forecast
G5: 1 | H5: =1+G5 -> 2 | I5: =1+H5 -> 3
B6: Balance sheet | C6: =+D6-1 -> 2024 | D6: =+Assumptions!C5 -> 2025 | E6: Change | G6: =D6+1 -> 2026 | H6: =G6+1 -> 2027 | I6: =H6+1 -> 2028
B8: Cash | C8: =225+150-200 -> 175 | D8: =+D100 -> 1310 | E8: =+D8-C8 -> 1135 | G8: =IF(AND(MOD(BS!P$6, 12) = 0, G$5=1), BS!P10, 0) -> -1040915.7 | H8: =IF(AND(MOD(BS!AB$6, 12) = 0, H$5=2), BS!AB10, 0) -> -2879200.7 | I8: =IF(AND(MOD(BS!AN$6, 12) = 0, I$5=3), BS!AN10, 0) -> -3730684.7
B9: Account Receivable | C9: 450 | D9: =500 -> 500 | E9: =+D9-C9 -> 50 | G9: =IF(MOD(BS!P$6, 12) = 0, BS!P11, 0) -> 412.32639 | H9: =IF(AND(MOD(BS!AB$6, 12) = 0, H$5=2), BS!AB11, 0) -> 1312.7872 | I9: =IF(AND(MOD(BS!AN$6, 12) = 0, I$5=3), BS!AN11, 0) -> 2242.7257
B10: Inventories | C10: 200 | D10: =300 -> 300 | E10: =+D10-C10 -> 100 | G10: =IF(MOD(BS!P$6, 12) = 0, BS!P12, 0) -> 243.29593 | H10: =IF(AND(MOD(BS!AB$6, 12) = 0, H$5=2), BS!AB12, 0) -> 776.21694 | I10: =IF(AND(MOD(BS!AN$6, 12) = 0, I$5=3), BS!AN12, 0) -> 1310.874
B11: Other current assets | C11: =100 -> 100 | D11: 150 | E11: =+D11-C11 -> 50 | G11: =IF(MOD(BS!P$6, 12) = 0, BS!P13, 0) -> 130.20833 | H11: =IF(AND(MOD(BS!AB$6, 12) = 0, H$5=2), BS!AB13, 0) -> 414.56439 | I11: =IF(AND(MOD(BS!AN$6, 12) = 0, I$5=3), BS!AN13, 0) -> 708.22917
B12: Current assets | C12: =SUM(C8:C11) -> 925 | D12: =SUM(D8:D11) -> 2260 | E12: =+D12-C12 -> 1335 | G12: =IF(MOD(BS!P$6, 12) = 0, BS!P14, 0) -> -1040129.9 | H12: =IF(AND(MOD(BS!AB$6, 12) = 0, H$5=2), BS!AB14, 0) -> -2876697.1 | I12: =IF(AND(MOD(BS!AN$6, 12) = 0, I$5=3), BS!AN14, 0) -> -3726422.9
B14: Intangible assets | C14: =100 -> 100 | D14: =200 -> 200 | E14: =+D14-C14 -> 100 | G14: =IF(MOD(BS!P$6, 12) = 0, BS!P16, 0) -> 616 | H14: =IF(AND(MOD(BS!AB$6, 12) = 0, H$5=2), BS!AB16, 0) -> 462 | I14: =IF(AND(MOD(BS!AN$6, 12) = 0, I$5=3), BS!AN16, 0) -> 308
B15: Tangible assets | C15: =300 -> 300 | D15: =400 -> 400 | E15: =+D15-C15 -> 100 | G15: =IF(MOD(BS!P$6, 12) = 0, BS!P17, 0) -> 776 | H15: =IF(AND(MOD(BS!AB$6, 12) = 0, H$5=2), BS!AB17, 0) -> 14873.667 | I15: =IF(AND(MOD(BS!AN$6, 12) = 0, I$5=3), BS!AN17, 0) -> 75179.667
B16: Other investments and assets | C16: =100 -> 100 | D16: 150 | E16: =+D16-C16 -> 50 | G16: =IF(MOD(BS!P$6, 12) = 0, BS!P18, 0) -> 150 | H16: =IF(AND(MOD(BS!AB$6, 12) = 0, H$5=2), BS!AB18, 0) -> 150 | I16: =IF(AND(MOD(BS!AN$6, 12) = 0, I$5=3), BS!AN18, 0) -> 150
B17: Non-current assets | C17: =SUM(C14:C16) -> 500 | D17: =SUM(D14:D16) -> 750 | E17: =+D17-C17 -> 250 | G17: =IF(MOD(BS!P$6, 12) = 0, BS!P19, 0) -> 1542 | H17: =IF(AND(MOD(BS!AB$6, 12) = 0, H$5=2), BS!AB19, 0) -> 15485.667 | I17: =IF(AND(MOD(BS!AN$6, 12) = 0, I$5=3), BS!AN19, 0) -> 75637.667
B19: Total assets | C19: =+C17+C12 -> 1425 | D19: =+D17+D12 -> 3010 | E19: =+D19-C19 -> 1585 | G19: =IF(MOD(BS!P$6, 12) = 0, BS!P21, 0) -> -1038587.9 | H19: =IF(AND(MOD(BS!AB$6, 12) = 0, H$5=2), BS!AB21, 0) -> -2861211.5 | I19: =IF(AND(MOD(BS!AN$6, 12) = 0, I$5=3), BS!AN21, 0) -> -3650785.2
B21: Trade payables | C21: =100 -> 100 | D21: 350 | E21: =+D21-C21 -> 250 | G21: =IF(MOD(BS!P$6, 12) = 0, BS!P23, 0) -> 218.96634 | H21: =IF(AND(MOD(BS!AB$6, 12) = 0, H$5=2), BS!AB23, 0) -> 698.59524 | I21: =IF(AND(MOD(BS!AN$6, 12) = 0, I$5=3), BS!AN23, 0) -> 1179.7866
B22: Financial liabilities | C22: =200 -> 200 | D22: 200 | E22: =+D22-C22 -> 0 | G22: =IF(MOD(BS!P$6, 12) = 0, BS!P24, 0) -> 200 | H22: =IF(AND(MOD(BS!AB$6, 12) = 0, H$5=2), BS!AB24, 0) -> 200 | I22: =IF(AND(MOD(BS!AN$6, 12) = 0, I$5=3), BS!AN24, 0) -> 200
B23: Other liabilities | C23: =125 -> 125 | D23: 150 | E23: =+D23-C23 -> 25 | G23: =IF(MOD(BS!P$6, 12) = 0, BS!P25, 0) -> 130.20833 | H23: =IF(AND(MOD(BS!AB$6, 12) = 0, H$5=2), BS!AB25, 0) -> 414.56439 | I23: =IF(AND(MOD(BS!AN$6, 12) = 0, I$5=3), BS!AN25, 0) -> 708.22917
B24: Current liabilities | C24: =SUM(C21:C23) -> 425 | D24: =SUM(D21:D23) -> 700 | E24: =+D24-C24 -> 275 | G24: =IF(MOD(BS!P$6, 12) = 0, BS!P26, 0) -> 549.17467 | H24: =IF(AND(MOD(BS!AB$6, 12) = 0, H$5=2), BS!AB26, 0) -> 1313.1596 | I24: =IF(AND(MOD(BS!AN$6, 12) = 0, I$5=3), BS!AN26, 0) -> 2088.0158
B26: Long term financial debt | C26: 250 | D26: 250 | E26: =+D26-C26 -> 0 | G26: =IF(MOD(BS!P$6, 12) = 0, BS!P28, 0) -> 500250 | H26: =IF(AND(MOD(BS!AB$6, 12) = 0, H$5=2), BS!AB28, 0) -> 1050250 | I26: =IF(AND(MOD(BS!AN$6, 12) = 0, I$5=3), BS!AN28, 0) -> 1050250
B27: Other long term liabilities | C27: 250 | D27: 270 | E27: =+D27-C27 -> 20 | G27: =IF(MOD(BS!P$6, 12) = 0, BS!P29, 0) -> 270 | H27: =IF(AND(MOD(BS!AB$6, 12) = 0, H$5=2), BS!AB29, 0) -> 270 | I27: =IF(AND(MOD(BS!AN$6, 12) = 0, I$5=3), BS!AN29, 0) -> 270
B28: Long term fin. liabilities | C28: =+C26+C27 -> 500 | D28: =+D26+D27 -> 520 | E28: =+D28-C28 -> 20 | G28: =IF(MOD(BS!P$6, 12) = 0, BS!P30, 0) -> 500520 | H28: =IF(AND(MOD(BS!AB$6, 12) = 0, H$5=2), BS!AB30, 0) -> 1050520 | I28: =IF(AND(MOD(BS!AN$6, 12) = 0, I$5=3), BS!AN30, 0) -> 1050520
B30: Equity | C30: =500 -> 500 | D30: =C30+D69-D34+D35 -> 1790 | E30: =+D30-C30 -> 1290 | G30: =IF(MOD(BS!P$6, 12) = 0, BS!P32, 0) -> -1539657.1 | H30: =IF(AND(MOD(BS!AB$6, 12) = 0, H$5=2), BS!AB32, 0) -> -3913044.6 | I30: =IF(AND(MOD(BS!AN$6, 12) = 0, I$5=3), BS!AN32, 0) -> -4703393.2
B32: Total Equity and liabilities | C32: =+C30+C24+C28 -> 1425 | D32: =+D30+D24+D28 -> 3010 | E32: =+D32-C32 -> 1585 | G32: =IF(MOD(BS!P$6, 12) = 0, BS!P34, 0) -> -1038587.9 | H32: =IF(AND(MOD(BS!AB$6, 12) = 0, H$5=2), BS!AB34, 0) -> -2861211.5 | I32: =IF(AND(MOD(BS!AN$6, 12) = 0, I$5=3), BS!AN34, 0) -> -3650785.2
B34: Dividends paid | C34: 200 | D34: 200 | E34: =+D34-C34 -> 0 | H34: =IF(AND(MOD(BS!AB$6, 12) = 0, H$5=2), BS!AB36, 0) -> 0 | I34: =IF(AND(MOD(BS!AN$6, 12) = 0, I$5=3), BS!AN36, 0) -> 0
B35: Increase of subscribed equity | C35: 100 | D35: 100 | E35: =+D35-C35 -> 0 | H35: 1000000 | I35: =IF(AND(MOD(BS!AN$6, 12) = 0, I$5=3), BS!AN37, 0) -> 0
B36: Cash received from sale of non-current assets | C36: 100 | D36: 125 | E36: =+D36-C36 -> 25 | H36: =IF(AND(MOD(BS!AB$6, 12) = 0, H$5=2), BS!AB38, 0) -> 0 | I36: =IF(AND(MOD(BS!AN$6, 12) = 0, I$5=3), BS!AN38, 0) -> 0
B38: Profit and Loss | C38: =+C6 -> 2024 | D38: =+D6 -> 2025 | E38: Change | G38: =G6 -> 2026 | H38: =H6 -> 2027 | I38: =I6 -> 2028
B40: Revenue | C40: =10000 -> 10000 | D40: =11000 -> 11000 | E40: =+D40-C40 -> 1000 | G40: =SUMIF(PL!$E$6:$AN$6,'Historicals & Projections'!G$6,PL!$E8:$AN8) -> 832616.67 | H40: =SUMIF(PL!$E$6:$AN$6,'Historicals & Projections'!H$6,PL!$E8:$AN8) -> 3389616.7 | I40: =SUMIF(PL!$E$6:$AN$6,'Historicals & Projections'!I$6,PL!$E8:$AN8) -> 6207725
B41: COGS variable | C41: =6000 -> 6000 | D41: =6600 -> 6600 | E41: =+D41-C41 -> 600 | G41: =SUMIF(PL!$E$6:$AN$6,'Historicals & Projections'!G$6,PL!$E9:$AN9) -> 564183.71 | H41: =SUMIF(PL!$E$6:$AN$6,'Historicals & Projections'!H$6,PL!$E9:$AN9) -> 2320865.2 | I41: =SUMIF(PL!$E$6:$AN$6,'Historicals & Projections'!I$6,PL!$E9:$AN9) -> 4224126.1
B42: COGS fixed | C42: =200 -> 200 | D42: =200 -> 200 | E42: =+D42-C42 -> 0 | G42: =SUMIF(PL!$E$6:$AN$6,'Historicals & Projections'!G$6,PL!$E10:$AN10) -> 10800 | H42: =SUMIF(PL!$E$6:$AN$6,'Historicals & Projections'!H$6,PL!$E10:$AN10) -> 16380 | I42: =SUMIF(PL!$E$6:$AN$6,'Historicals & Projections'!I$6,PL!$E10:$AN10) -> 22680
B43: COGS | C43: =SUM(C41:C42) -> 6200 | D43: =SUM(D41:D42) -> 6800 | E43: =+D43-C43 -> 600 | G43: =SUMIF(PL!$E$6:$AN$6,'Historicals & Projections'!G$6,PL!$E11:$AN11) -> 574983.71 | H43: =SUMIF(PL!$E$6:$AN$6,'Historicals & Projections'!H$6,PL!$E11:$AN11) -> 2337245.2 | I43: =SUMIF(PL!$E$6:$AN$6,'Historicals & Projections'!I$6,PL!$E11:$AN11) -> 4246806.1
B45: Gross profit | C45: =+C40-C43 -> 3800 | D45: =+D40-D43 -> 4200 | E45: =+D45-C45 -> 400 | G45: =SUMIF(PL!$E$6:$AN$6,'Historicals & Projections'!G$6,PL!$E13:$AN13) -> 257632.96 | H45: =SUMIF(PL!$E$6:$AN$6,'Historicals & Projections'!H$6,PL!$E13:$AN13) -> 1052371.5 | I45: =SUMIF(PL!$E$6:$AN$6,'Historicals & Projections'!I$6,PL!$E13:$AN13) -> 1960918.9
E46: =+D46-C46 -> 0
B47: Overhead - variable | C47: =1000 -> 1000 | D47: =1100 -> 1100 | E47: =+D47-C47 -> 100 | G47: =SUMIF(PL!$E$6:$AN$6,'Historicals & Projections'!G$6,PL!$E15:$AN15) -> 99807.214 | H47: =SUMIF(PL!$E$6:$AN$6,'Historicals & Projections'!H$6,PL!$E15:$AN15) -> 262219.8 | I47: =SUMIF(PL!$E$6:$AN$6,'Historicals & Projections'!I$6,PL!$E15:$AN15) -> 426616.77
B48: Overhead - fixed | C48: =1000 -> 1000 | D48: =1100 -> 1100 | E48: =+D48-C48 -> 100 | G48: =SUMIF(PL!$E$6:$AN$6,'Historicals & Projections'!G$6,PL!$E16:$AN16) -> 1176064 | H48: =SUMIF(PL!$E$6:$AN$6,'Historicals & Projections'!H$6,PL!$E16:$AN16) -> 1017549.3 | I48: =SUMIF(PL!$E$6:$AN$6,'Historicals & Projections'!I$6,PL!$E16:$AN16) -> 1156999.1
B49: Overhead costs | C49: =SUM(C47:C48) -> 2000 | D49: =SUM(D47:D48) -> 2200 | E49: =+D49-C49 -> 200 | G49: =SUMIF(PL!$E$6:$AN$6,'Historicals & Projections'!G$6,PL!$E17:$AN17) -> 1275871.2 | H49: =SUMIF(PL!$E$6:$AN$6,'Historicals & Projections'!H$6,PL!$E17:$AN17) -> 1279769.1 | I49: =SUMIF(PL!$E$6:$AN$6,'Historicals & Projections'!I$6,PL!$E17:$AN17) -> 1583615.8
E50: =+D50-C50 -> 0
B51: Gains from sale of non-current assets | C51: 50 | D51: 50 | E51: =+D51-C51 -> 0 | G51: =SUMIF(PL!$E$6:$AN$6,'Historicals & Projections'!G$6,PL!$E19:$AN19) -> 50 | H51: =SUMIF(PL!$E$6:$AN$6,'Historicals & Projections'!H$6,PL!$E19:$AN19) -> 0 | I51: =SUMIF(PL!$E$6:$AN$6,'Historicals & Projections'!I$6,PL!$E19:$AN19) -> 0
B52: Losses from sale of non-current assets | C52: 120 | D52: 90 | E52: =+D52-C52 -> -30 | G52: =SUMIF(PL!$E$6:$AN$6,'Historicals & Projections'!G$6,PL!$E20:$AN20) -> 0 | H52: =SUMIF(PL!$E$6:$AN$6,'Historicals & Projections'!H$6,PL!$E20:$AN20) -> 0 | I52: =SUMIF(PL!$E$6:$AN$6,'Historicals & Projections'!I$6,PL!$E20:$AN20) -> 0
B53: Impairment of receivables | C53: 10 | D53: 10 | E53: =+D53-C53 -> 0 | G53: =SUMIF(PL!$E$6:$AN$6,'Historicals & Projections'!G$6,PL!$E21:$AN21) -> 756.92424 | H53: =SUMIF(PL!$E$6:$AN$6,'Historicals & Projections'!H$6,PL!$E21:$AN21) -> 3081.4697 | I53: =SUMIF(PL!$E$6:$AN$6,'Historicals & Projections'!I$6,PL!$E21:$AN21) -> 5643.3864
B54: Impairment of inventories | C54: 10 | D54: 10 | E54: =+D54-C54 -> 0 | G54: =SUMIF(PL!$E$6:$AN$6,'Historicals & Projections'!G$6,PL!$E22:$AN22) -> 845.56428 | H54: =SUMIF(PL!$E$6:$AN$6,'Historicals & Projections'!H$6,PL!$E22:$AN22) -> 3437.1253 | I54: =SUMIF(PL!$E$6:$AN$6,'Historicals & Projections'!I$6,PL!$E22:$AN22) -> 6245.303
B55: Other | C55: =SUM(C51:C54) -> 190 | D55: =SUM(D51:D54) -> 160 | E55: =+D55-C55 -> -30 | G55: =SUMIF(PL!$E$6:$AN$6,'Historicals & Projections'!G$6,PL!$E23:$AN23) -> 1652.4885 | H55: =SUMIF(PL!$E$6:$AN$6,'Historicals & Projections'!H$6,PL!$E23:$AN23) -> 6518.595 | I55: =SUMIF(PL!$E$6:$AN$6,'Historicals & Projections'!I$6,PL!$E23:$AN23) -> 11888.689
B57: EBITDA / Operating profit | C57: =+C45-C49-C55 -> 1610 | D57: =+D45-D49-D55 -> 1840 | E57: =+D57-C57 -> 230 | G57: =SUMIF(PL!$E$6:$AN$6,'Historicals & Projections'!G$6,PL!$E25:$AN25) -> -1019890.7 | H57: =SUMIF(PL!$E$6:$AN$6,'Historicals & Projections'!H$6,PL!$E25:$AN25) -> -233916.21 | I57: =SUMIF(PL!$E$6:$AN$6,'Historicals & Projections'!I$6,PL!$E25:$AN25) -> 365414.42
B59: Depreciation and amortization | C59: =100 -> 100 | D59: =100 -> 100 | E59: =+D59-C59 -> 0 | G59: =SUMIF(PL!$E$6:$AN$6,'Historicals & Projections'!G$6,PL!$E27:$AN27) -> 348 | H59: =SUMIF(PL!$E$6:$AN$6,'Historicals & Projections'!H$6,PL!$E27:$AN27) -> 3556.3333 | I59: =SUMIF(PL!$E$6:$AN$6,'Historicals & Projections'!I$6,PL!$E27:$AN27) -> 19848
B61: EBIT | C61: =+C57-C59 -> 1510 | D61: =+D57-D59 -> 1740 | E61: =+E57-E59 -> 230 | G61: =SUMIF(PL!$E$6:$AN$6,'Historicals & Projections'!G$6,PL!$E29:$AN29) -> -1020238.7 | H61: =SUMIF(PL!$E$6:$AN$6,'Historicals & Projections'!H$6,PL!$E29:$AN29) -> -237472.55 | I61: =SUMIF(PL!$E$6:$AN$6,'Historicals & Projections'!I$6,PL!$E29:$AN29) -> 345566.42
B63: Interest and financial expenses | C63: =50 -> 50 | D63: =50 -> 50 | E63: =+D63-C63 -> 0 | G63: =SUMIF(PL!$E$6:$AN$6,'Historicals & Projections'!G$6,PL!$E31:$AN31) -> 521208.33 | H63: =SUMIF(PL!$E$6:$AN$6,'Historicals & Projections'!H$6,PL!$E31:$AN31) -> 2135915 | I63: =SUMIF(PL!$E$6:$AN$6,'Historicals & Projections'!I$6,PL!$E31:$AN31) -> 2135915
B64: Financial income | C64: =10 -> 10 | D64: =10 -> 10 | E64: =+D64-C64 -> 0 | G64: =SUMIF(PL!$E$6:$AN$6,'Historicals & Projections'!G$6,PL!$E32:$AN32) -> 0 | H64: =SUMIF(PL!$E$6:$AN$6,'Historicals & Projections'!H$6,PL!$E32:$AN32) -> 0 | I64: =SUMIF(PL!$E$6:$AN$6,'Historicals & Projections'!I$6,PL!$E32:$AN32) -> 0
B65: EBT | C65: =+C61-C63+C64 -> 1470 | D65: =+D61-D63+D64 -> 1700 | E65: =+D65-C65 -> 230 | G65: =SUMIF(PL!$E$6:$AN$6,'Historicals & Projections'!G$6,PL!$E33:$AN33) -> -1541447.1 | H65: =SUMIF(PL!$E$6:$AN$6,'Historicals & Projections'!H$6,PL!$E33:$AN33) -> -2373387.5 | I65: =SUMIF(PL!$E$6:$AN$6,'Historicals & Projections'!I$6,PL!$E33:$AN33) -> -1790348.6
E66: =+D66-C66 -> 0
B67: Tax | C67: 280 | D67: 310 | E67: =+D67-C67 -> 30 | G67: =SUMIF(PL!$E$6:$AN$6,'Historicals & Projections'!G$6,PL!$E35:$AN35) -> 0 | H67: =SUMIF(PL!$E$6:$AN$6,'Historicals & Projections'!H$6,PL!$E35:$AN35) -> 0 | I67: =SUMIF(PL!$E$6:$AN$6,'Historicals & Projections'!I$6,PL!$E35:$AN35) -> 0
B69: Net income | C69: =+C65-C67 -> 1190 | D69: =+D65-D67 -> 1390 | E69: =+D69-C69 -> 200 | G69: =SUMIF(PL!$E$6:$AN$6,'Historicals & Projections'!G$6,PL!$E37:$AN37) -> -1541447.1 | H69: =SUMIF(PL!$E$6:$AN$6,'Historicals & Projections'!H$6,PL!$E37:$AN37) -> -2373387.5 | I69: =SUMIF(PL!$E$6:$AN$6,'Historicals & Projections'!I$6,PL!$E37:$AN37) -> -1790348.6
B71: Check | D71: =+D30-C30-D69+D34-D35 -> 0 | G71: =+G30-D30-G69+G34-G35 -> 0 | H71: =+H30-G30-H69+H34-H35 -> -1000000 | I71: =+I30-H30-I69+I34-I35 -> 1000000
B73: Cash flow statement | C73: 2025 | D73: =+D38 -> 2025 | G73: =+G38 -> 2026 | H73: =+H38 -> 2027 | I73: =+I38 -> 2028
B75: Net income | C75: =+C69 -> 1190 | D75: =+D69 -> 1390 | G75: =SUMIF(CF!$C$7:$AL$7,'Historicals & Projections'!G$73,CF!$C9:$AL9) -> -1541447.1 | H75: =SUMIF(CF!$C$7:$AL$7,'Historicals & Projections'!H$73,CF!$C9:$AL9) -> -2373387.5 | I75: =SUMIF(CF!$C$7:$AL$7,'Historicals & Projections'!I$73,CF!$C9:$AL9) -> -1790348.6
G76: =SUMIF(CF!$C$7:$AL$7,'Historicals & Projections'!G$73,CF!$C10:$AL10) -> 0 | H76: =SUMIF(CF!$C$7:$AL$7,'Historicals & Projections'!H$73,CF!$C10:$AL10) -> 0 | I76: =SUMIF(CF!$C$7:$AL$7,'Historicals & Projections'!I$73,CF!$C10:$AL10) -> 0
B77: Depreciation and amortization | C77: =+C59 -> 100 | D77: =+D59 -> 100 | G77: =SUMIF(CF!$C$7:$AL$7,'Historicals & Projections'!G$73,CF!$C11:$AL11) -> 348 | H77: =SUMIF(CF!$C$7:$AL$7,'Historicals & Projections'!H$73,CF!$C11:$AL11) -> 3556.3333 | I77: =SUMIF(CF!$C$7:$AL$7,'Historicals & Projections'!I$73,CF!$C11:$AL11) -> 19848
B78: Impairment of receivables | C78: =+C53 -> 10 | D78: =+D53 -> 10 | G78: =SUMIF(CF!$C$7:$AL$7,'Historicals & Projections'!G$73,CF!$C12:$AL12) -> 756.92424 | H78: =SUMIF(CF!$C$7:$AL$7,'Historicals & Projections'!H$73,CF!$C12:$AL12) -> 3081.4697 | I78: =SUMIF(CF!$C$7:$AL$7,'Historicals & Projections'!I$73,CF!$C12:$AL12) -> 5643.3864
B79: Impairment of inventories | C79: =+C54 -> 10 | D79: =+D54 -> 10 | G79: =SUMIF(CF!$C$7:$AL$7,'Historicals & Projections'!G$73,CF!$C13:$AL13) -> 845.56428 | H79: =SUMIF(CF!$C$7:$AL$7,'Historicals & Projections'!H$73,CF!$C13:$AL13) -> 3437.1253 | I79: =SUMIF(CF!$C$7:$AL$7,'Historicals & Projections'!I$73,CF!$C13:$AL13) -> 6245.303
B80: Losses (gains) from sale of non-current assets, net | C80: =+C52-C51 -> 70 | D80: =+D52-D51 -> 40 | G80: =SUMIF(CF!$C$7:$AL$7,'Historicals & Projections'!G$73,CF!$C14:$AL14) -> 0 | H80: =SUMIF(CF!$C$7:$AL$7,'Historicals & Projections'!H$73,CF!$C14:$AL14) -> 0 | I80: =SUMIF(CF!$C$7:$AL$7,'Historicals & Projections'!I$73,CF!$C14:$AL14) -> 0
B81: (Incerease) or decrease of other current assets | C81: -100 | D81: =-E11-D54 -> -60 | G81: =SUMIF(CF!$C$7:$AL$7,'Historicals & Projections'!G$73,CF!$C15:$AL15) -> 87.673611 | H81: =SUMIF(CF!$C$7:$AL$7,'Historicals & Projections'!H$73,CF!$C15:$AL15) -> -900.46086 | I81: =SUMIF(CF!$C$7:$AL$7,'Historicals & Projections'!I$73,CF!$C15:$AL15) -> -929.93845
B82: (Incerease) or decrease in account receivables | C82: -250 | D82: =-E9-D53 -> -60 | G82: =SUMIF(CF!$C$7:$AL$7,'Historicals & Projections'!G$73,CF!$C16:$AL16) -> -737.13258 | H82: =SUMIF(CF!$C$7:$AL$7,'Historicals & Projections'!H$73,CF!$C16:$AL16) -> -3365.8258 | I82: =SUMIF(CF!$C$7:$AL$7,'Historicals & Projections'!I$73,CF!$C16:$AL16) -> -5937.0511
B83: (Incerease) or decrease in inventories | C83: -120 | D83: =-E10 -> -100 | G83: =SUMIF(CF!$C$7:$AL$7,'Historicals & Projections'!G$73,CF!$C17:$AL17) -> -788.86021 | H83: =SUMIF(CF!$C$7:$AL$7,'Historicals & Projections'!H$73,CF!$C17:$AL17) -> -3970.0463 | I83: =SUMIF(CF!$C$7:$AL$7,'Historicals & Projections'!I$73,CF!$C17:$AL17) -> -6779.9601
B84: Increase (decrease) in trade payables | C84: -120 | D84: =+E21 -> 250 | G84: =SUMIF(CF!$C$7:$AL$7,'Historicals & Projections'!G$73,CF!$C18:$AL18) -> -131.03366 | H84: =SUMIF(CF!$C$7:$AL$7,'Historicals & Projections'!H$73,CF!$C18:$AL18) -> 479.62891 | I84: =SUMIF(CF!$C$7:$AL$7,'Historicals & Projections'!I$73,CF!$C18:$AL18) -> 481.19135
B85: Increase (decrease) in other liabilities | C85: -100 | D85: =+E23 -> 25 | G85: =SUMIF(CF!$C$7:$AL$7,'Historicals & Projections'!G$73,CF!$C19:$AL19) -> -19.791667 | H85: =SUMIF(CF!$C$7:$AL$7,'Historicals & Projections'!H$73,CF!$C19:$AL19) -> 284.35606 | I85: =SUMIF(CF!$C$7:$AL$7,'Historicals & Projections'!I$73,CF!$C19:$AL19) -> 293.66477
B86: CF from operating activities | C86: =SUM(C75:C85) -> 690 | D86: =SUM(D75:D85) -> 1605 | G86: =SUMIF(CF!$C$7:$AL$7,'Historicals & Projections'!G$73,CF!$C20:$AL20) -> -1541085.7 | H86: =SUMIF(CF!$C$7:$AL$7,'Historicals & Projections'!H$73,CF!$C20:$AL20) -> -2370785 | I86: =SUMIF(CF!$C$7:$AL$7,'Historicals & Projections'!I$73,CF!$C20:$AL20) -> -1771484
B88: Purchase of non-current assets | C88: 200 | D88: =+D36 -> 125 | G88: =SUMIF(CF!$C$7:$AL$7,'Historicals & Projections'!G$73,CF!$C22:$AL22) -> -1140 | H88: =SUMIF(CF!$C$7:$AL$7,'Historicals & Projections'!H$73,CF!$C22:$AL22) -> -17500 | I88: =SUMIF(CF!$C$7:$AL$7,'Historicals & Projections'!I$73,CF!$C22:$AL22) -> -80000
B89: Sales on non-current assets | C89: 650 | D89: =+E17+D59+D36+D52-D51 -> 515 | G89: =SUMIF(CF!$C$7:$AL$7,'Historicals & Projections'!G$73,CF!$C23:$AL23) -> 0 | H89: =SUMIF(CF!$C$7:$AL$7,'Historicals & Projections'!H$73,CF!$C23:$AL23) -> 0 | I89: =SUMIF(CF!$C$7:$AL$7,'Historicals & Projections'!I$73,CF!$C23:$AL23) -> 0
B90: CF from investing activities | C90: =+C88-C89 -> -450 | D90: =+D88-D89 -> -390 | G90: =SUMIF(CF!$C$7:$AL$7,'Historicals & Projections'!G$73,CF!$C24:$AL24) -> -1140 | H90: =SUMIF(CF!$C$7:$AL$7,'Historicals & Projections'!H$73,CF!$C24:$AL24) -> -17500 | I90: =SUMIF(CF!$C$7:$AL$7,'Historicals & Projections'!I$73,CF!$C24:$AL24) -> -80000
B92: Increase of share capital | C92: 0 | D92: =+D35 -> 100 | G92: =SUMIF(CF!$C$7:$AL$7,'Historicals & Projections'!G$73,CF!$C26:$AL26) -> 0 | H92: =SUMIF(CF!$C$7:$AL$7,'Historicals & Projections'!H$73,CF!$C26:$AL26) -> 0 | I92: =SUMIF(CF!$C$7:$AL$7,'Historicals & Projections'!I$73,CF!$C26:$AL26) -> 1000000
B93: Increase (decrease) in financial liabilities | C93: -70 | D93: =+D28-C28+D22-C22 -> 20 | G93: =SUMIF(CF!$C$7:$AL$7,'Historicals & Projections'!G$73,CF!$C27:$AL27) -> 500000 | H93: =SUMIF(CF!$C$7:$AL$7,'Historicals & Projections'!H$73,CF!$C27:$AL27) -> 550000 | I93: =SUMIF(CF!$C$7:$AL$7,'Historicals & Projections'!I$73,CF!$C27:$AL27) -> 0
B94: Dividends paid | C94: -45 | D94: =-D34 -> -200 | G94: =SUMIF(CF!$C$7:$AL$7,'Historicals & Projections'!G$73,CF!$C28:$AL28) -> 0 | H94: =SUMIF(CF!$C$7:$AL$7,'Historicals & Projections'!H$73,CF!$C28:$AL28) -> 0 | I94: =SUMIF(CF!$C$7:$AL$7,'Historicals & Projections'!I$73,CF!$C28:$AL28) -> 0
B95: CF from financing activities | C95: =SUM(C92:C94) -> -115 | D95: =SUM(D92:D94) -> -80 | G95: =SUMIF(CF!$C$7:$AL$7,'Historicals & Projections'!G$73,CF!$C29:$AL29) -> 500000 | H95: =SUMIF(CF!$C$7:$AL$7,'Historicals & Projections'!H$73,CF!$C29:$AL29) -> 550000 | I95: =SUMIF(CF!$C$7:$AL$7,'Historicals & Projections'!I$73,CF!$C29:$AL29) -> 1000000
B97: Total cash flow | C97: =+C86+C90+C95 -> 125 | D97: =+D86+D90+D95 -> 1135 | G97: =SUMIF(CF!$C$7:$AL$7,'Historicals & Projections'!G$73,CF!$C31:$AL31) -> -1042225.7 | H97: =SUMIF(CF!$C$7:$AL$7,'Historicals & Projections'!H$73,CF!$C31:$AL31) -> -1838285 | I97: =SUMIF(CF!$C$7:$AL$7,'Historicals & Projections'!I$73,CF!$C31:$AL31) -> -851483.98
B98: Cash at the beginning of period | C98: 50 | D98: =+C8 -> 175 | G98: =D100 -> 1310 | H98: =G100 -> -1040915.7 | I98: =H100 -> -2879200.7
B100: Cash at the end of period | C100: =+C97+C98 -> 175 | D100: =+D97+D98 -> 1310 | G100: =CF!N34 -> -1040915.7 | H100: =CF!Z34 -> -2879200.7 | I100: =CF!AL34 -> -3730684.7
B102: Check | C102: =+C100-C8 -> 0 | D102: =+D100-D8 -> 0 | F102: =+F100-F8 -> 0 | G102: =+G100-G8 -> 0 | H102: =+H100-H8 -> 0 | I102: =+I100-I8 -> 0

Sheet Ratio Analysis
A1: RATIO ANALYSIS
C3: Historicals | E3: Forecast
B4: Profitability ratios | C4: =+'Historicals & Projections'!C6 -> 2024 | D4: =+'Historicals & Projections'!D6 -> 2025 | E4: =+'Historicals & Projections'!G6 -> 2026 | F4: =+'Historicals & Projections'!H6 -> 2027 | G4: =+'Historicals & Projections'!I6 -> 2028
B7: Gross profit margin | C7: =+'Historicals & Projections'!C45/'Historicals & Projections'!C40 -> 0.38 | D7: =+'Historicals & Projections'!D45/'Historicals & Projections'!D40 -> 0.38181818 | E7: =+'Historicals & Projections'!G45/'Historicals & Projections'!G40 -> 0.30942566 | F7: =+'Historicals & Projections'!H45/'Historicals & Projections'!H40 -> 0.31046917 | G7: =+'Historicals & Projections'!I45/'Historicals & Projections'!I40 -> 0.31588367
B8: EBITDA margin | C8: =+'Historicals & Projections'!C57/'Historicals & Projections'!C40 -> 0.161 | D8: =+'Historicals & Projections'!D57/'Historicals & Projections'!D40 -> 0.16727273 | E8: =+'Historicals & Projections'!G57/'Historicals & Projections'!G40 -> -1.2249223 | F8: =+'Historicals & Projections'!H57/'Historicals & Projections'!H40 -> -0.069009636 | G8: =+'Historicals & Projections'!I57/'Historicals & Projections'!I40 -> 0.058864466
B9: Net profit rate | C9: =+'Historicals & Projections'!C69/'Historicals & Projections'!C40 -> 0.119 | D9: =+'Historicals & Projections'!D69/'Historicals & Projections'!D40 -> 0.12636364 | E9: =+'Historicals & Projections'!G69/'Historicals & Projections'!G40 -> -1.8513286 | F9: =+'Historicals & Projections'!H69/'Historicals & Projections'!H40 -> -0.7001935 | G9: =+'Historicals & Projections'!I69/'Historicals & Projections'!I40 -> -0.28840655
B10: ROE | C10: =+'Historicals & Projections'!C69/'Historicals & Projections'!C30 -> 2.38 | D10: =+'Historicals & Projections'!D69/'Historicals & Projections'!D30 -> 0.77653631 | E10: =+'Historicals & Projections'!G69/'Historicals & Projections'!G30 -> 1.0011626 | F10: =+'Historicals & Projections'!H69/'Historicals & Projections'!H30 -> 0.6065322 | G10: =+'Historicals & Projections'!I69/'Historicals & Projections'!I30 -> 0.38065042
B11: ROCE | C11: =+'Historicals & Projections'!C69/('Historicals & Projections'!C30+'Historicals & Projections'!C28) -> 1.19 | D11: =+'Historicals & Projections'!D69/('Historicals & Projections'!D30+'Historicals & Projections'!D28) -> 0.6017316 | E11: =+'Historicals & Projections'!G69/('Historicals & Projections'!G30+'Historicals & Projections'!G28) -> 1.4833915 | F11: =+'Historicals & Projections'!H69/('Historicals & Projections'!H30+'Historicals & Projections'!H28) -> 0.82912389 | G11: =+'Historicals & Projections'!I69/('Historicals & Projections'!I30+'Historicals & Projections'!I28) -> 0.49012065
B12: ROA | C12: =+'Historicals & Projections'!C69/'Historicals & Projections'!C19 -> 0.83508772 | D12: =+'Historicals & Projections'!D69/'Historicals & Projections'!D19 -> 0.46179402 | E12: =+'Historicals & Projections'!G69/'Historicals & Projections'!G19 -> 1.4841758 | F12: =+'Historicals & Projections'!H69/'Historicals & Projections'!H19 -> 0.82950442 | G12: =+'Historicals & Projections'!I69/'Historicals & Projections'!I19 -> 0.49040097
B13: Revenue per employee | C13: =+'Historicals & Projections'!C40/Assumptions!C13 -> 625 | D13: =+'Historicals & Projections'!D40/Assumptions!C12 -> 687.5 | E13: =+'Historicals & Projections'!G40/Assumptions!C12 -> 52038.542 | F13: =+'Historicals & Projections'!H40/Assumptions!C12 -> 211851.04 | G13: =+'Historicals & Projections'!I40/Assumptions!C12 -> 387982.81
B14: Profit per employee | C14: =+'Historicals & Projections'!C69/Assumptions!C13 -> 74.375 | D14: =+'Historicals & Projections'!D69/Assumptions!C12 -> 86.875 | E14: =+'Historicals & Projections'!G69/Assumptions!C12 -> -96340.442 | F14: =+'Historicals & Projections'!H69/Assumptions!C12 -> -148336.72 | G14: =+'Historicals & Projections'!I69/Assumptions!C12 -> -111896.79
B15: EBITDA per employee | C15: =+'Historicals & Projections'!C57/Assumptions!C13 -> 100.625 | D15: =+'Historicals & Projections'!D57/Assumptions!C13 -> 115 | E15: =+'Historicals & Projections'!G57/Assumptions!C13 -> -63743.171 | F15: =+'Historicals & Projections'!H57/Assumptions!C13 -> -14619.763 | G15: =+'Historicals & Projections'!I57/Assumptions!C13 -> 22838.401
B18: Liquidity | C18: =+'Historicals & Projections'!C38 -> 2024 | D18: =+'Historicals & Projections'!D38 -> 2025 | E18: =+'Historicals & Projections'!G38 -> 2026 | F18: =+'Historicals & Projections'!H38 -> 2027 | G18: =+'Historicals & Projections'!I38 -> 2028
B21: Net working capital | C21: =+'Historicals & Projections'!C10+'Historicals & Projections'!C9-'Historicals & Projections'!C21+'Historicals & Projections'!C11-'Historicals & Projections'!C23 -> 525 | D21: =+'Historicals & Projections'!D10+'Historicals & Projections'!D9-'Historicals & Projections'!D21+'Historicals & Projections'!D11-'Historicals & Projections'!D23 -> 450 | E21: =+'Historicals & Projections'!G10+'Historicals & Projections'!G9-'Historicals & Projections'!G21+'Historicals & Projections'!G11-'Historicals & Projections'!G23 -> 436.65598 | F21: =+'Historicals & Projections'!H10+'Historicals & Projections'!H9-'Historicals & Projections'!H21+'Historicals & Projections'!H11-'Historicals & Projections'!H23 -> 1390.4089 | G21: =+'Historicals & Projections'!I10+'Historicals & Projections'!I9-'Historicals & Projections'!I21+'Historicals & Projections'!I11-'Historicals & Projections'!I23 -> 2373.8131
B22: Current assets - Current liabilities | C22: =+'Historicals & Projections'!C12-'Historicals & Projections'!C24 -> 500 | D22: =+'Historicals & Projections'!D12-'Historicals & Projections'!D24 -> 1560 | E22: =+'Historicals & Projections'!G12-'Historicals & Projections'!G24 -> -1040679.1 | F22: =+'Historicals & Projections'!H12-'Historicals & Projections'!H24 -> -2878010.3 | G22: =+'Historicals & Projections'!I12-'Historicals & Projections'!I24 -> -3728510.9
B23: Current ratio | C23: =+'Historicals & Projections'!C12/'Historicals & Projections'!C24 -> 2.1764706 | D23: =+'Historicals & Projections'!D12/'Historicals & Projections'!D24 -> 3.2285714 | E23: =+'Historicals & Projections'!G12/'Historicals & Projections'!G24 -> -1893.9874 | F23: =+'Historicals & Projections'!H12/'Historicals & Projections'!H24 -> -2190.6683 | G23: =+'Historicals & Projections'!I12/'Historicals & Projections'!I24 -> -1784.6718
B24: Cash ratio | C24: =+'Historicals & Projections'!C8/'Historicals & Projections'!C24 -> 0.41176471 | D24: =+'Historicals & Projections'!D8/'Historicals & Projections'!D24 -> 1.8714286 | E24: =+'Historicals & Projections'!G8/'Historicals & Projections'!G24 -> -1895.4183 | F24: =+'Historicals & Projections'!H8/'Historicals & Projections'!H24 -> -2192.5748 | G24: =+'Historicals & Projections'!I8/'Historicals & Projections'!I24 -> -1786.7129
B25: Quick ratio | C25: =+('Historicals & Projections'!C9+'Historicals & Projections'!C8)/'Historicals & Projections'!C24 -> 1.4705882 | D25: =+('Historicals & Projections'!D9+'Historicals & Projections'!D8)/'Historicals & Projections'!D24 -> 2.5857143 | E25: =+('Historicals & Projections'!G9+'Historicals & Projections'!G8)/'Historicals & Projections'!G24 -> -1894.6675 | F25: =+('Historicals & Projections'!H9+'Historicals & Projections'!H8)/'Historicals & Projections'!H24 -> -2191.5751 | G25: =+('Historicals & Projections'!I9+'Historicals & Projections'!I8)/'Historicals & Projections'!I24 -> -1785.6388
B26: Working capital ratio | C26: =+C22/'Historicals & Projections'!$C$19 -> 0.35087719 | D26: =+D22/'Historicals & Projections'!$D$12 -> 0.69026549 | E26: =+E22/'Historicals & Projections'!$D$12 -> -460.47747 | F26: =+F22/'Historicals & Projections'!$D$12 -> -1273.4559 | G26: =+G22/'Historicals & Projections'!$D$12 -> -1649.7836
B29: Efficiency | C29: =+C18 -> 2024 | D29: =+D18 -> 2025 | E29: =+E18 -> 2026 | F29: =+F18 -> 2027 | G29: =+G18 -> 2028
B31: Days sales outstanding | C31: =+'Historicals & Projections'!C9/'Historicals & Projections'!C40*365 -> 16.425 | D31: =+(('Historicals & Projections'!C9+'Historicals & Projections'!D9)/2)/'Historicals & Projections'!D40*365 -> 15.761364 | E31: =+(('Historicals & Projections'!F9+'Historicals & Projections'!G9)/2)/'Historicals & Projections'!G40*365 -> 0.090377204 | F31: =+(('Historicals & Projections'!G9+'Historicals & Projections'!H9)/2)/'Historicals & Projections'!H40*365 -> 0.092881665 | G31: =+(('Historicals & Projections'!H9+'Historicals & Projections'!I9)/2)/'Historicals & Projections'!I40*365 -> 0.10452801
B32: Days inventory outstanding | C32: =+'Historicals & Projections'!C10/'Historicals & Projections'!C43*365 -> 11.774194 | D32: =+(('Historicals & Projections'!C10+'Historicals & Projections'!D10)/2)/'Historicals & Projections'!D43*365 -> 13.419118 | E32: =+(('Historicals & Projections'!F10+'Historicals & Projections'!G10)/2)/'Historicals & Projections'!G43*365 -> 0.077222201 | F32: =+(('Historicals & Projections'!G10+'Historicals & Projections'!H10)/2)/'Historicals & Projections'!H43*365 -> 0.079607008 | G32: =+(('Historicals & Projections'!H10+'Historicals & Projections'!I10)/2)/'Historicals & Projections'!I43*365 -> 0.089689543
B33: Days payable outstanding | C33: =+'Historicals & Projections'!C21/'Historicals & Projections'!C43*365 -> 5.8870968 | D33: =+(('Historicals & Projections'!C21+'Historicals & Projections'!D21)/2)/'Historicals & Projections'!D43*365 -> 12.077206 | E33: =+(('Historicals & Projections'!F21+'Historicals & Projections'!G21)/2)/'Historicals & Projections'!G43*365 -> 0.069499981 | F33: =+(('Historicals & Projections'!G21+'Historicals & Projections'!H21)/2)/'Historicals & Projections'!H43*365 -> 0.071646307 | G33: =+(('Historicals & Projections'!H21+'Historicals & Projections'!I21)/2)/'Historicals & Projections'!I43*365 -> 0.080720589
B34: Cash conversion cycle days | C34: =+C31+C32-C33 -> 22.312097 | D34: =+D31+D32-D33 -> 17.103275 | E34: =+E31+E32-E33 -> 0.098099424 | F34: =+F31+F32-F33 -> 0.10084237 | G34: =+G31+G32-G33 -> 0.11349696
B35: Asset turnover | C35: =+'Historicals & Projections'!C40/'Historicals & Projections'!C32 -> 7.0175439 | D35: =+'Historicals & Projections'!D40/(('Historicals & Projections'!C19+'Historicals & Projections'!D19)/2) -> 4.9605411 | E35: =+'Historicals & Projections'!G40/(('Historicals & Projections'!F19+'Historicals & Projections'!G19)/2) -> -1.6033629 | F35: =+'Historicals & Projections'!H40/(('Historicals & Projections'!G19+'Historicals & Projections'!H19)/2) -> -1.7383544 | G35: =+'Historicals & Projections'!I40/(('Historicals & Projections'!H19+'Historicals & Projections'!I19)/2) -> -1.9065504
B36: Fixed asset turnover | C36: =+'Historicals & Projections'!C40/'Historicals & Projections'!C12 -> 10.810811 | D36: =+'Historicals & Projections'!D40/('Historicals & Projections'!D17+'Historicals & Projections'!C17) -> 8.8 | E36: =+'Historicals & Projections'!G40/('Historicals & Projections'!G17+'Historicals & Projections'!F17) -> 539.95893 | F36: =+'Historicals & Projections'!H40/('Historicals & Projections'!H17+'Historicals & Projections'!G17) -> 199.06525 | G36: =+'Historicals & Projections'!I40/('Historicals & Projections'!I17+'Historicals & Projections'!H17) -> 68.124428
B37: EBITDA to interest coverage | C37: =+'Historicals & Projections'!C57/'Historicals & Projections'!C63 -> 32.2 | D37: =+'Historicals & Projections'!D57/'Historicals & Projections'!D63 -> 36.8 | E37: =+'Historicals & Projections'!G57/'Historicals & Projections'!G63 -> -1.9567813 | F37: =+'Historicals & Projections'!H57/'Historicals & Projections'!H63 -> -0.10951569 | G37: =+'Historicals & Projections'!I57/'Historicals & Projections'!I63 -> 0.17108097
B38: Total cost per employee | C38: =+('Historicals & Projections'!C40-'Historicals & Projections'!C69)/Assumptions!C13 -> 550.625 | D38: =+('Historicals & Projections'!D40-'Historicals & Projections'!D69)/Assumptions!C12 -> 600.625 | E38: =+('Historicals & Projections'!G40-'Historicals & Projections'!G69)/Assumptions!C12 -> 148378.98 | F38: =+('Historicals & Projections'!H40-'Historicals & Projections'!H69)/Assumptions!C12 -> 360187.76 | G38: =+('Historicals & Projections'!I40-'Historicals & Projections'!I69)/Assumptions!C12 -> 499879.6
B39: Overhead cost per employee | C39: =+'Historicals & Projections'!C49/Assumptions!C13 -> 125 | D39: =+'Historicals & Projections'!D49/Assumptions!C12 -> 137.5 | E39: =+'Historicals & Projections'!G49/Assumptions!C12 -> 79741.951 | F39: =+'Historicals & Projections'!H49/Assumptions!C12 -> 79985.567 | G39: =+'Historicals & Projections'!I49/Assumptions!C12 -> 98975.989
B43: Structure | C43: =+C4 -> 2024 | D43: =+D4 -> 2025 | E43: =+E4 -> 2026 | F43: =+F4 -> 2027 | G43: =+G4 -> 2028
B45: Total COGS in Revenue | C45: =+'Historicals & Projections'!C43/'Historicals & Projections'!C40 -> 0.62 | D45: =+'Historicals & Projections'!D43/'Historicals & Projections'!D40 -> 0.61818182 | E45: =+'Historicals & Projections'!G43/'Historicals & Projections'!G40 -> 0.69057434 | F45: =+'Historicals & Projections'!H43/'Historicals & Projections'!H40 -> 0.68953083 | G45: =+'Historicals & Projections'!I43/'Historicals & Projections'!I40 -> 0.68411633
B46: COGS variable in revenue | C46: =+'Historicals & Projections'!C41/'Historicals & Projections'!C40 -> 0.6 | D46: =+'Historicals & Projections'!D41/'Historicals & Projections'!D40 -> 0.6 | E46: =+'Historicals & Projections'!G41/'Historicals & Projections'!G40 -> 0.67760319 | F46: =+'Historicals & Projections'!H41/'Historicals & Projections'!H40 -> 0.68469843 | G46: =+'Historicals & Projections'!I41/'Historicals & Projections'!I40 -> 0.68046282
B47: COGS fixed in revenue | C47: =+'Historicals & Projections'!C42/'Historicals & Projections'!C40 -> 0.02 | D47: =+'Historicals & Projections'!D42/'Historicals & Projections'!D40 -> 0.018181818 | E47: =+'Historicals & Projections'!G42/'Historicals & Projections'!G40 -> 0.012971155 | F47: =+'Historicals & Projections'!H42/'Historicals & Projections'!H40 -> 0.0048324048 | G47: =+'Historicals & Projections'!I42/'Historicals & Projections'!I40 -> 0.0036535124
B48: Overhead in revenue | C48: =+'Historicals & Projections'!C49/'Historicals & Projections'!C40 -> 0.2 | D48: =+'Historicals & Projections'!D49/'Historicals & Projections'!D40 -> 0.2 | E48: =+'Historicals & Projections'!G49/'Historicals & Projections'!G40 -> 1.5323633 | F48: =+'Historicals & Projections'!H49/'Historicals & Projections'!H40 -> 0.3775557 | G48: =+'Historicals & Projections'!I49/'Historicals & Projections'!I40 -> 0.25510406
B49: Interest expense in loans | C49: =+'Historicals & Projections'!C63/('Historicals & Projections'!C28+'Historicals & Projections'!C22) -> 0.071428571 | D49: =+'Historicals & Projections'!D63/('Historicals & Projections'!D28+'Historicals & Projections'!D22) -> 0.069444444 | E49: =+'Historicals & Projections'!G63/('Historicals & Projections'!G28+'Historicals & Projections'!G22) -> 1.0409177 | F49: =+'Historicals & Projections'!H63/('Historicals & Projections'!H28+'Historicals & Projections'!H22) -> 2.0328108 | G49: =+'Historicals & Projections'!I63/('Historicals & Projections'!I28+'Historicals & Projections'!I22) -> 2.0328108
B50: Equity ratio | C50: =+'Historicals & Projections'!C30/'Historicals & Projections'!C19 -> 0.35087719 | D50: =+'Historicals & Projections'!D30/'Historicals & Projections'!D19 -> 0.59468439 | E50: =+'Historicals & Projections'!G30/'Historicals & Projections'!G19 -> 1.4824524 | F50: =+'Historicals & Projections'!H30/'Historicals & Projections'!H19 -> 1.3676181 | G50: =+'Historicals & Projections'!I30/'Historicals & Projections'!I19 -> 1.2883237
B51: Debt ratio | C51: =+('Historicals & Projections'!C32-'Historicals & Projections'!C30)/'Historicals & Projections'!C32 -> 0.64912281 | D51: =+('Historicals & Projections'!D32-'Historicals & Projections'!D30)/'Historicals & Projections'!D32 -> 0.40531561 | E51: =+('Historicals & Projections'!G32-'Historicals & Projections'!G30)/'Historicals & Projections'!G32 -> -0.48245235 | F51: =+('Historicals & Projections'!H32-'Historicals & Projections'!H30)/'Historicals & Projections'!H32 -> -0.36761811 | G51: =+('Historicals & Projections'!I32-'Historicals & Projections'!I30)/'Historicals & Projections'!I32 -> -0.28832373
B52: Fixed assets in total assets | C52: =+'Historicals & Projections'!C17/'Historicals & Projections'!C12 -> 0.54054054 | D52: =+'Historicals & Projections'!D17/'Historicals & Projections'!D12 -> 0.33185841 | E52: =+'Historicals & Projections'!G17/'Historicals & Projections'!G12 -> -0.0014825071 | F52: =+'Historicals & Projections'!H17/'Historicals & Projections'!H12 -> -0.0053831411 | G52: =+'Historicals & Projections'!I17/'Historicals & Projections'!I12 -> -0.020297661
B53: Current assets in total assets | C53: =+'Historicals & Projections'!$C$12/'Historicals & Projections'!$C$19 -> 0.64912281 | D53: =+'Historicals & Projections'!$C$12/'Historicals & Projections'!$C$19 -> 0.64912281 | E53: =+'Historicals & Projections'!$C$12/'Historicals & Projections'!$C$19 -> 0.64912281 | F53: =+'Historicals & Projections'!$C$12/'Historicals & Projections'!$C$19 -> 0.64912281 | G53: =+'Historicals & Projections'!$C$12/'Historicals & Projections'!$C$19 -> 0.64912281
B54: Total cash in total assets | C54: =+'Historicals & Projections'!$C$8/'Historicals & Projections'!$C$19 -> 0.12280702 | D54: =+'Historicals & Projections'!$C$8/'Historicals & Projections'!$C$19 -> 0.12280702 | E54: =+'Historicals & Projections'!$C$8/'Historicals & Projections'!$C$19 -> 0.12280702 | F54: =+'Historicals & Projections'!$C$8/'Historicals & Projections'!$C$19 -> 0.12280702 | G54: =+'Historicals & Projections'!$C$8/'Historicals & Projections'!$C$19 -> 0.12280702
B55: Inventories in current assets | C55: =+'Historicals & Projections'!$C$10/'Historicals & Projections'!$C$12 -> 0.21621622 | D55: =+'Historicals & Projections'!$C$10/'Historicals & Projections'!$C$12 -> 0.21621622 | E55: =+'Historicals & Projections'!$C$10/'Historicals & Projections'!$C$12 -> 0.21621622 | F55: =+'Historicals & Projections'!$C$10/'Historicals & Projections'!$C$12 -> 0.21621622 | G55: =+'Historicals & Projections'!$C$10/'Historicals & Projections'!$C$12 -> 0.21621622

Sheet Revenue & COGS Building
A1: REVENUE AND COGS PLANNING
A3: 1 | B3: REVENUE FORECAST
B5: Assumptions
B7: Estimate revenue growth rate | H7: =+Assumptions!C14 -> 0.06
B8: Estimate sales loss from existing customers (revenue churn) | H8: =3% -> 0.03
B9: Gross margin estimate | H9: =+Assumptions!C15 -> 0.38181818
B10: Variable COGS share in total COGS | H10: =+'Historicals & Projections'!D41/'Historicals & Projections'!D43 -> 0.97058824
B12: Financial year start month | O12: =DATE(2026,1,31) -> 46053 | P12: =EOMONTH(O12,0)+1 -> 46054 | Q12: =EOMONTH(P12,0)+1 -> 46082 | R12: =EOMONTH(Q12,0)+1 -> 46113 | S12: =EOMONTH(R12,0)+1 -> 46143 | T12: =EOMONTH(S12,0)+1 -> 46174 | U12: =EOMONTH(T12,0)+1 -> 46204 | V12: =EOMONTH(U12,0)+1 -> 46235 | W12: =EOMONTH(V12,0)+1 -> 46266 | ... AX12: =EOMONTH(AW12,0)+1 -> 47088
B13: Month | O13: 1 | P13: =O13+1 -> 2 | Q13: =P13+1 -> 3 | R13: =Q13+1 -> 4 | S13: =R13+1 -> 5 | T13: =S13+1 -> 6 | U13: =T13+1 -> 7 | V13: =U13+1 -> 8 | W13: =V13+1 -> 9 | ... AX13: =AW13+1 -> 36
B14: Year | O14: =ROUNDUP(O13/12, 0) -> 1 | P14: =ROUNDUP(P13/12, 0) -> 1 | Q14: =ROUNDUP(Q13/12, 0) -> 1 | R14: =ROUNDUP(R13/12, 0) -> 1 | S14: =ROUNDUP(S13/12, 0) -> 1 | T14: =ROUNDUP(T13/12, 0) -> 1 | U14: =ROUNDUP(U13/12, 0) -> 1 | V14: =ROUNDUP(V13/12, 0) -> 1 | ... AX14: =ROUNDUP(AX13/12, 0) -> 3
B15: Revenue | C15: 2026 | D15: =C15+1 -> 2027 | E15: =D15+1 -> 2028 | F15: =E15+1 -> 2029 | O15: =YEAR(O12) -> 2026 | P15: =YEAR(P12) -> 2026 | Q15: =YEAR(Q12) -> 2026 | R15: =YEAR(R12) -> 2026 | S15: =YEAR(S12) -> 2026 | T15: =YEAR(T12) -> 2026 | U15: =YEAR(U12) -> 2026 | V15: =YEAR(V12) -> 2026 | ... AX15: =YEAR(AX12) -> 2028
I16: Transactions value
I18: Tier 1 (INSERT) | J18: =O15 -> 2026 | K18: 2027 | L18: 2028 | M18: 2029 | N18: 2030
B19: Beginning of period | C19: =O19 -> 30 | D19: =C22 -> 78 | E19: =D22 -> 81 | F19: =E22 -> 81 | I19: New Sales Win Frequency | J19: Monthly | K19: Monthly | L19: Monthly | M19: Monthly | N19: Monthly | O19: 30 | P19: =O22 -> 34 | Q19: =P22 -> 38 | R19: =Q22 -> 42 | S19: =R22 -> 46 | T19: =S22 -> 50 | U19: =T22 -> 54 | V19: =U22 -> 58 | W19: =V22 -> 62 | ... AX19: =AW22 -> 139
B20: Added in period | C20: =SUMIF(O15:Z15,C$15,O20:Z20) -> 60 | D20: =SUMIF(P15:AA15,D$15,P20:AA20) -> 4 | E20: =SUMIF(Q15:AB15,E$15,Q20:AB20) -> 0 | F20: =SUMIF(R15:AC15,F$15,R20:AC20) -> 0 | I20: New Clients Added | J20: 5 | K20: 4 | L20: 5 | M20: 10 | N20: 11 | O20: =IF(OR(AND(HLOOKUP(O$15,$J$18:$N$21,2,1)="Quarterly",MOD(Assumptions!$C$11,3)=0),AND(HLOOKUP(O$15,$J$18:$N$21,2,1)="Annually",MOD(Assumptions!$C$11,12)=0),HLOOKUP(O$15,$J$18:$N$21,2,1)="Monthly"),HLOOKUP(O$15,$J$18:$N$21,3,1),0) -> 5 | P20: =IF(OR(AND(HLOOKUP(P$15,$J$18:$N$21,2,1)="Quarterly",MOD(Assumptions!$C$11,3)=0),AND(HLOOKUP(P$15,$J$18:$N$21,2,1)="Annually",MOD(Assumptions!$C$11,12)=0),HLOOKUP(P$15,$J$18:$N$21,2,1)="Monthly"),HLOOKUP(P$15,$J$18:$N$21,3,1),0) -> 5 | Q20: =IF(OR(AND(HLOOKUP(Q$15,$J$18:$N$21,2,1)="Quarterly",MOD(Assumptions!$C$11,3)=0),AND(HLOOKUP(Q$15,$J$18:$N$21,2,1)="Annually",MOD(Assumptions!$C$11,12)=0),HLOOKUP(Q$15,$J$18:$N$21,2,1)="Monthly"),HLOOKUP(Q$15,$J$18:$N$21,3,1),0) -> 5 | R20: =IF(OR(AND(HLOOKUP(R$15,$J$18:$N$21,2,1)="Quarterly",MOD(Assumptions!$C$11,3)=0),AND(HLOOKUP(R$15,$J$18:$N$21,2,1)="Annually",MOD(Assumptions!$C$11,12)=0),HLOOKUP(R$15,$J$18:$N$21,2,1)="Monthly"),HLOOKUP(R$15,$J$18:$N$21,3,1),0) -> 5 | S20: =IF(OR(AND(HLOOKUP(S$15,$J$18:$N$21,2,1)="Quarterly",MOD(Assumptions!$C$11,3)=0),AND(HLOOKUP(S$15,$J$18:$N$21,2,1)="Annually",MOD(Assumptions!$C$11,12)=0),HLOOKUP(S$15,$J$18:$N$21,2,1)="Monthly"),HLOOKUP(S$15,$J$18:$N$21,3,1),0) -> 5 | T20: =IF(OR(AND(HLOOKUP(T$15,$J$18:$N$21,2,1)="Quarterly",MOD(Assumptions!$C$11,3)=0),AND(HLOOKUP(T$15,$J$18:$N$21,2,1)="Annually",MOD(Assumptions!$C$11,12)=0),HLOOKUP(T$15,$J$18:$N$21,2,1)="Monthly"),HLOOKUP(T$15,$J$18:$N$21,3,1),0) -> 5 | U20: =IF(OR(AND(HLOOKUP(U$15,$J$18:$N$21,2,1)="Quarterly",MOD(Assumptions!$C$11,3)=0),AND(HLOOKUP(U$15,$J$18:$N$21,2,1)="Annually",MOD(Assumptions!$C$11,12)=0),HLOOKUP(U$15,$J$18:$N$21,2,1)="Monthly"),HLOOKUP(U$15,$J$18:$N$21,3,1),0) -> 5 | V20: =IF(OR(AND(HLOOKUP(V$15,$J$18:$N$21,2,1)="Quarterly",MOD(Assumptions!$C$11,3)=0),AND(HLOOKUP(V$15,$J$18:$N$21,2,1)="Annually",MOD(Assumptions!$C$11,12)=0),HLOOKUP(V$15,$J$18:$N$21,2,1)="Monthly"),HLOOKUP(V$15,$J$18:$N$21,3,1),0) -> 5 | ... AX20: =IF(OR(AND(HLOOKUP(AX$15,$J$18:$N$21,2,1)="Quarterly",MOD(Assumptions!$C$11,3)=0),AND(HLOOKUP(AX$15,$J$18:$N$21,2,1)="Annually",MOD(Assumptions!$C$11,12)=0),HLOOKUP(AX$15,$J$18:$N$21,2,1)="Monthly"),HLOOKUP(AX$15,$J$18:$N$21,3,1),0) -> 5
B21: Churn | C21: =SUMIF(O15:Z15,C$15,O21:Z21) -> -12 | D21: =SUMIF(P15:AA15,D$15,P21:AA21) -> -1 | E21: =SUMIF(Q15:AB15,E$15,Q21:AB21) -> 0 | F21: =SUMIF(R15:AC15,F$15,R21:AC21) -> 0 | I21: Annual Churn % | J21: 0.2 | K21: 0.2 | L21: 0.2 | M21: 0.2 | N21: 0.2 | O21: =-ROUND(O19*HLOOKUP(O$15,$J$18:$N$21,4,1)/12,0) -> -1 | P21: =-ROUND(P19*HLOOKUP(P$15,$J$18:$N$21,4,1)/12,0) -> -1 | Q21: =-ROUND(Q19*HLOOKUP(Q$15,$J$18:$N$21,4,1)/12,0) -> -1 | R21: =-ROUND(R19*HLOOKUP(R$15,$J$18:$N$21,4,1)/12,0) -> -1 | S21: =-ROUND(S19*HLOOKUP(S$15,$J$18:$N$21,4,1)/12,0) -> -1 | T21: =-ROUND(T19*HLOOKUP(T$15,$J$18:$N$21,4,1)/12,0) -> -1 | U21: =-ROUND(U19*HLOOKUP(U$15,$J$18:$N$21,4,1)/12,0) -> -1 | V21: =-ROUND(V19*HLOOKUP(V$15,$J$18:$N$21,4,1)/12,0) -> -1 | ... AX21: =-ROUND(AX19*HLOOKUP(AX$15,$J$18:$N$21,4,1)/12,0) -> -2
B22: End of period | C22: =SUM(C19:C21) -> 78 | D22: =SUM(D19:D21) -> 81 | E22: =SUM(E19:E21) -> 81 | F22: =SUM(F19:F21) -> 81 | O22: =SUM(O19:O21) -> 34 | P22: =SUM(P19:P21) -> 38 | Q22: =SUM(Q19:Q21) -> 42 | R22: =SUM(R19:R21) -> 46 | S22: =SUM(S19:S21) -> 50 | T22: =SUM(T19:T21) -> 54 | U22: =SUM(U19:U21) -> 58 | V22: =SUM(V19:V21) -> 62 | ... AX22: =SUM(AX19:AX21) -> 142
I24: Transacation value | J24: 120000 | K24: 240000 | L24: 360000 | M24: 600000 | N24: 600000 | O24: {=INDEX($J24:$N24,O14)/12} -> 10000 | P24: {=INDEX($J24:$N24,P14)/12} -> 10000 | Q24: {=INDEX($J24:$N24,Q14)/12} -> 10000 | R24: {=INDEX($J24:$N24,R14)/12} -> 10000 | S24: {=INDEX($J24:$N24,S14)/12} -> 10000 | T24: {=INDEX($J24:$N24,T14)/12} -> 10000 | U24: {=INDEX($J24:$N24,U14)/12} -> 10000 | V24: {=INDEX($J24:$N24,V14)/12} -> 10000 | ... AX24: {=INDEX($J24:$N24,AX14)/12} -> 30000
I25: Take rate | J25: 0.03 | O25: =O19*O24*$J$25 -> 9000 | P25: =P19*P24*$J$25 -> 10200 | Q25: =Q19*Q24*$J$25 -> 11400 | R25: =R19*R24*$J$25 -> 12600 | S25: =S19*S24*$J$25 -> 13800 | T25: =T19*T24*$J$25 -> 15000 | U25: =U19*U24*$J$25 -> 16200 | V25: =V19*V24*$J$25 -> 17400 | ... AX25: =AX19*AX24*$J$25 -> 125100
O26: =O25 -> 9000 | P26: =P25 -> 10200 | Q26: =Q25 -> 11400 | R26: =R25 -> 12600 | S26: =S25 -> 13800 | T26: =T25 -> 15000 | U26: =U25 -> 16200 | V26: =V25 -> 17400 | ... AX26: =AX25 -> 125100
I29: Tier 2 (INSERT) | J29: =J18 -> 2026 | K29: =K18 -> 2027 | L29: =L18 -> 2028 | M29: =M18 -> 2029 | N29: =N18 -> 2030
B30: Beginning of period | C30: =O30 -> 15 | D30: =C33 -> 99 | E30: =D33 -> 109 | F30: =E33 -> 109 | I30: New Sales Win Frequency | J30: Monthly | K30: Monthly | L30: Monthly | M30: Monthly | N30: Monthly | O30: 15 | P30: =O33 -> 22 | Q30: =P33 -> 29 | R30: =Q33 -> 36 | S30: =R33 -> 43 | T30: =S33 -> 50 | U30: =T33 -> 57 | V30: =U33 -> 64 | W30: =V33 -> 71 | ... AX30: =AW33 -> 331
B31: Added in period | C31: =SUMIF(O15:Z15,C$15,O31:Z31) -> 84 | D31: =SUMIF(P15:AA15,D$15,P31:AA31) -> 10 | E31: =SUMIF(Q15:AB15,E$15,Q31:AB31) -> 0 | F31: =SUMIF(R15:AC15,F$15,R31:AC31) -> 0 | I31: New Clients Added | J31: 7 | K31: 10 | L31: 12 | M31: 15 | N31: 16 | O31: =IF(OR(AND(HLOOKUP(O$15,$J$29:$N$32,2,1)="Quarterly",MOD(Assumptions!$C$11,3)=0),AND(HLOOKUP(O$15,$J$29:$N$32,2,1)="Annually",MOD(Assumptions!$C$11,12)=0),HLOOKUP(O$15,$J$29:$N$32,2,1)="Monthly"),HLOOKUP(O$15,$J$29:$N$32,3,1),0) -> 7 | P31: =IF(OR(AND(HLOOKUP(P$15,$J$29:$N$32,2,1)="Quarterly",MOD(Assumptions!$C$11,3)=0),AND(HLOOKUP(P$15,$J$29:$N$32,2,1)="Annually",MOD(Assumptions!$C$11,12)=0),HLOOKUP(P$15,$J$29:$N$32,2,1)="Monthly"),HLOOKUP(P$15,$J$29:$N$32,3,1),0) -> 7 | Q31: =IF(OR(AND(HLOOKUP(Q$15,$J$29:$N$32,2,1)="Quarterly",MOD(Assumptions!$C$11,3)=0),AND(HLOOKUP(Q$15,$J$29:$N$32,2,1)="Annually",MOD(Assumptions!$C$11,12)=0),HLOOKUP(Q$15,$J$29:$N$32,2,1)="Monthly"),HLOOKUP(Q$15,$J$29:$N$32,3,1),0) -> 7 | R31: =IF(OR(AND(HLOOKUP(R$15,$J$29:$N$32,2,1)="Quarterly",MOD(Assumptions!$C$11,3)=0),AND(HLOOKUP(R$15,$J$29:$N$32,2,1)="Annually",MOD(Assumptions!$C$11,12)=0),HLOOKUP(R$15,$J$29:$N$32,2,1)="Monthly"),HLOOKUP(R$15,$J$29:$N$32,3,1),0) -> 7 | S31: =IF(OR(AND(HLOOKUP(S$15,$J$29:$N$32,2,1)="Quarterly",MOD(Assumptions!$C$11,3)=0),AND(HLOOKUP(S$15,$J$29:$N$32,2,1)="Annually",MOD(Assumptions!$C$11,12)=0),HLOOKUP(S$15,$J$29:$N$32,2,1)="Monthly"),HLOOKUP(S$15,$J$29:$N$32,3,1),0) -> 7 | T31: =IF(OR(AND(HLOOKUP(T$15,$J$29:$N$32,2,1)="Quarterly",MOD(Assumptions!$C$11,3)=0),AND(HLOOKUP(T$15,$J$29:$N$32,2,1)="Annually",MOD(Assumptions!$C$11,12)=0),HLOOKUP(T$15,$J$29:$N$32,2,1)="Monthly"),HLOOKUP(T$15,$J$29:$N$32,3,1),0) -> 7 | U31: =IF(OR(AND(HLOOKUP(U$15,$J$29:$N$32,2,1)="Quarterly",MOD(Assumptions!$C$11,3)=0),AND(HLOOKUP(U$15,$J$29:$N$32,2,1)="Annually",MOD(Assumptions!$C$11,12)=0),HLOOKUP(U$15,$J$29:$N$32,2,1)="Monthly"),HLOOKUP(U$15,$J$29:$N$32,3,1),0) -> 7 | V31: =IF(OR(AND(HLOOKUP(V$15,$J$29:$N$32,2,1)="Quarterly",MOD(Assumptions!$C$11,3)=0),AND(HLOOKUP(V$15,$J$29:$N$32,2,1)="Annually",MOD(Assumptions!$C$11,12)=0),HLOOKUP(V$15,$J$29:$N$32,2,1)="Monthly"),HLOOKUP(V$15,$J$29:$N$32,3,1),0) -> 7 | ... AX31: =IF(OR(AND(HLOOKUP(AX$15,$J$29:$N$32,2,1)="Quarterly",MOD(Assumptions!$C$11,3)=0),AND(HLOOKUP(AX$15,$J$29:$N$32,2,1)="Annually",MOD(Assumptions!$C$11,12)=0),HLOOKUP(AX$15,$J$29:$N$32,2,1)="Monthly"),HLOOKUP(AX$15,$J$29:$N$32,3,1),0) -> 12
B32: Churn | C32: =SUMIF(O15:Z15,C$15,O32:Z32) -> 0 | D32: =SUMIF(P15:AA15,D$15,P32:AA32) -> 0 | E32: =SUMIF(Q15:AB15,E$15,Q32:AB32) -> 0 | F32: =SUMIF(R15:AC15,F$15,R32:AC32) -> 0 | I32: Annual Churn % | J32: 0.05 | K32: 0.05 | L32: 0.05 | M32: 0.05 | N32: 0.05 | O32: =-ROUND(O30*HLOOKUP(O$15,$J$29:$N$32,4,1)/12,0) -> 0 | P32: =-ROUND(P30*HLOOKUP(P$15,$J$29:$N$32,4,1)/12,0) -> 0 | Q32: =-ROUND(Q30*HLOOKUP(Q$15,$J$29:$N$32,4,1)/12,0) -> 0 | R32: =-ROUND(R30*HLOOKUP(R$15,$J$29:$N$32,4,1)/12,0) -> 0 | S32: =-ROUND(S30*HLOOKUP(S$15,$J$29:$N$32,4,1)/12,0) -> 0 | T32: =-ROUND(T30*HLOOKUP(T$15,$J$29:$N$32,4,1)/12,0) -> 0 | U32: =-ROUND(U30*HLOOKUP(U$15,$J$29:$N$32,4,1)/12,0) -> 0 | V32: =-ROUND(V30*HLOOKUP(V$15,$J$29:$N$32,4,1)/12,0) -> 0 | ... AX32: =-ROUND(AX30*HLOOKUP(AX$15,$J$29:$N$32,4,1)/12,0) -> -1
B33: End of period | C33: =SUM(C30:C32) -> 99 | D33: =SUM(D30:D32) -> 109 | E33: =SUM(E30:E32) -> 109 | F33: =SUM(F30:F32) -> 109 | O33: =SUM(O30:O32) -> 22 | P33: =SUM(P30:P32) -> 29 | Q33: =SUM(Q30:Q32) -> 36 | R33: =SUM(R30:R32) -> 43 | S33: =SUM(S30:S32) -> 50 | T33: =SUM(T30:T32) -> 57 | U33: =SUM(U30:U32) -> 64 | V33: =SUM(V30:V32) -> 71 | ... AX33: =SUM(AX30:AX32) -> 342
I35: Transacation value | J35: 600000 | K35: 900000 | L35: 900000 | M35: 1000000 | N35: 1000000 | O35: {=INDEX($J35:$N35,O14)/12} -> 50000 | P35: {=INDEX($J35:$N35,P14)/12} -> 50000 | Q35: {=INDEX($J35:$N35,Q14)/12} -> 50000 | R35: {=INDEX($J35:$N35,R14)/12} -> 50000 | S35: {=INDEX($J35:$N35,S14)/12} -> 50000 | T35: {=INDEX($J35:$N35,T14)/12} -> 50000 | U35: {=INDEX($J35:$N35,U14)/12} -> 50000 | V35: {=INDEX($J35:$N35,V14)/12} -> 50000 | ... AX35: {=INDEX($J35:$N35,AX14)/12} -> 75000
I36: =I25 -> Take rate | J36: 0.02 | O36: =O30*O35*$J$36 -> 15000 | P36: =P30*P35*$J$36 -> 22000 | Q36: =Q30*Q35*$J$36 -> 29000 | R36: =R30*R35*$J$36 -> 36000 | S36: =S30*S35*$J$36 -> 43000 | T36: =T30*T35*$J$36 -> 50000 | U36: =U30*U35*$J$36 -> 57000 | V36: =V30*V35*$J$36 -> 64000 | ... AX36: =AX30*AX35*$J$36 -> 496500
O37: =O36 -> 15000 | P37: =P36 -> 22000 | Q37: =Q36 -> 29000 | R37: =R36 -> 36000 | S37: =S36 -> 43000 | T37: =T36 -> 50000 | U37: =U36 -> 57000 | V37: =V36 -> 64000 | ... AX37: =AX36 -> 496500
I40: Tier 3 (INSERT) | J40: =J29 -> 2026 | K40: =K29 -> 2027 | L40: =L29 -> 2028 | M40: =M29 -> 2029 | N40: =N29 -> 2030
B41: Beginning of period | C41: =O41 -> 20 | D41: =C44 -> 48 | E41: =D44 -> 54 | F41: =E44 -> 54 | I41: New Sales Win Frequency | J41: Monthly | K41: Monthly | L41: Monthly | M41: Monthly | N41: Monthly | O41: 20 | P41: =O44 -> 23 | Q41: =P44 -> 26 | R41: =Q44 -> 29 | S41: =R44 -> 32 | T41: =S44 -> 34 | U41: =T44 -> 36 | V41: =U44 -> 38 | W41: =V44 -> 40 | ... AX41: =AW44 -> 197
B42: Added in period | C42: =SUMIF(O15:Z15,C$15,O42:Z42) -> 36 | D42: =SUMIF(P15:AA15,D$15,P42:AA42) -> 7 | E42: =SUMIF(Q15:AB15,E$15,Q42:AB42) -> 0 | F42: =SUMIF(R15:AC15,F$15,R42:AC42) -> 0 | I42: New Clients Added | J42: 3 | K42: 7 | L42: 10 | M42: 20 | N42: 21 | O42: =IF(OR(AND(HLOOKUP(O$15,$J$40:$N$43,2,1)="Quarterly",MOD(Assumptions!$C$11,3)=0),AND(HLOOKUP(O$15,$J$40:$N$43,2,1)="Annually",MOD(Assumptions!$C$11,12)=0),HLOOKUP(O$15,$J$40:$N$43,2,1)="Monthly"),HLOOKUP(O$15,$J$40:$N$43,3,1),0) -> 3 | P42: =IF(OR(AND(HLOOKUP(P$15,$J$40:$N$43,2,1)="Quarterly",MOD(Assumptions!$C$11,3)=0),AND(HLOOKUP(P$15,$J$40:$N$43,2,1)="Annually",MOD(Assumptions!$C$11,12)=0),HLOOKUP(P$15,$J$40:$N$43,2,1)="Monthly"),HLOOKUP(P$15,$J$40:$N$43,3,1),0) -> 3 | Q42: =IF(OR(AND(HLOOKUP(Q$15,$J$40:$N$43,2,1)="Quarterly",MOD(Assumptions!$C$11,3)=0),AND(HLOOKUP(Q$15,$J$40:$N$43,2,1)="Annually",MOD(Assumptions!$C$11,12)=0),HLOOKUP(Q$15,$J$40:$N$43,2,1)="Monthly"),HLOOKUP(Q$15,$J$40:$N$43,3,1),0) -> 3 | R42: =IF(OR(AND(HLOOKUP(R$15,$J$40:$N$43,2,1)="Quarterly",MOD(Assumptions!$C$11,3)=0),AND(HLOOKUP(R$15,$J$40:$N$43,2,1)="Annually",MOD(Assumptions!$C$11,12)=0),HLOOKUP(R$15,$J$40:$N$43,2,1)="Monthly"),HLOOKUP(R$15,$J$40:$N$43,3,1),0) -> 3 | S42: =IF(OR(AND(HLOOKUP(S$15,$J$40:$N$43,2,1)="Quarterly",MOD(Assumptions!$C$11,3)=0),AND(HLOOKUP(S$15,$J$40:$N$43,2,1)="Annually",MOD(Assumptions!$C$11,12)=0),HLOOKUP(S$15,$J$40:$N$43,2,1)="Monthly"),HLOOKUP(S$15,$J$40:$N$43,3,1),0) -> 3 | T42: =IF(OR(AND(HLOOKUP(T$15,$J$40:$N$43,2,1)="Quarterly",MOD(Assumptions!$C$11,3)=0),AND(HLOOKUP(T$15,$J$40:$N$43,2,1)="Annually",MOD(Assumptions!$C$11,12)=0),HLOOKUP(T$15,$J$40:$N$43,2,1)="Monthly"),HLOOKUP(T$15,$J$40:$N$43,3,1),0) -> 3 | U42: =IF(OR(AND(HLOOKUP(U$15,$J$40:$N$43,2,1)="Quarterly",MOD(Assumptions!$C$11,3)=0),AND(HLOOKUP(U$15,$J$40:$N$43,2,1)="Annually",MOD(Assumptions!$C$11,12)=0),HLOOKUP(U$15,$J$40:$N$43,2,1)="Monthly"),HLOOKUP(U$15,$J$40:$N$43,3,1),0) -> 3 | V42: =IF(OR(AND(HLOOKUP(V$15,$J$40:$N$43,2,1)="Quarterly",MOD(Assumptions!$C$11,3)=0),AND(HLOOKUP(V$15,$J$40:$N$43,2,1)="Annually",MOD(Assumptions!$C$11,12)=0),HLOOKUP(V$15,$J$40:$N$43,2,1)="Monthly"),HLOOKUP(V$15,$J$40:$N$43,3,1),0) -> 3 | ... AX42: =IF(OR(AND(HLOOKUP(AX$15,$J$40:$N$43,2,1)="Quarterly",MOD(Assumptions!$C$11,3)=0),AND(HLOOKUP(AX$15,$J$40:$N$43,2,1)="Annually",MOD(Assumptions!$C$11,12)=0),HLOOKUP(AX$15,$J$40:$N$43,2,1)="Monthly"),HLOOKUP(AX$15,$J$40:$N$43,3,1),0) -> 10
B43: Churn | C43: =SUMIF(O15:Z15,C$15,O43:Z43) -> -8 | D43: =SUMIF(P15:AA15,D$15,P43:AA43) -> -1 | E43: =SUMIF(Q15:AB15,E$15,Q43:AB43) -> 0 | F43: =SUMIF(R15:AC15,F$15,R43:AC43) -> 0 | I43: Annual Churn % | J43: 0.2 | K43: 0.2 | L43: 0.2 | M43: 0.2 | N43: 0.2 | O43: =-ROUND(O41*HLOOKUP(O$15,$J$40:$N$43,4,1)/12,0) -> 0 | P43: =-ROUND(P41*HLOOKUP(P$15,$J$40:$N$43,4,1)/12,0) -> 0 | Q43: =-ROUND(Q41*HLOOKUP(Q$15,$J$40:$N$43,4,1)/12,0) -> 0 | R43: =-ROUND(R41*HLOOKUP(R$15,$J$40:$N$43,4,1)/12,0) -> 0 | S43: =-ROUND(S41*HLOOKUP(S$15,$J$40:$N$43,4,1)/12,0) -> -1 | T43: =-ROUND(T41*HLOOKUP(T$15,$J$40:$N$43,4,1)/12,0) -> -1 | U43: =-ROUND(U41*HLOOKUP(U$15,$J$40:$N$43,4,1)/12,0) -> -1 | V43: =-ROUND(V41*HLOOKUP(V$15,$J$40:$N$43,4,1)/12,0) -> -1 | ... AX43: =-ROUND(AX41*HLOOKUP(AX$15,$J$40:$N$43,4,1)/12,0) -> -3
B44: End of period | C44: =SUM(C41:C43) -> 48 | D44: =SUM(D41:D43) -> 54 | E44: =SUM(E41:E43) -> 54 | F44: =SUM(F41:F43) -> 54 | O44: =SUM(O41:O43) -> 23 | P44: =SUM(P41:P43) -> 26 | Q44: =SUM(Q41:Q43) -> 29 | R44: =SUM(R41:R43) -> 32 | S44: =SUM(S41:S43) -> 34 | T44: =SUM(T41:T43) -> 36 | U44: =SUM(U41:U43) -> 38 | V44: =SUM(V41:V43) -> 40 | ... AX44: =SUM(AX41:AX43) -> 204
I46: Transaction value | J46: 5000 | K46: 5000 | L46: 5000 | M46: 5000 | N46: 5000 | O46: {=INDEX($J46:$N46,O14)/12} -> 416.66667 | P46: {=INDEX($J46:$N46,P14)/12} -> 416.66667 | Q46: {=INDEX($J46:$N46,Q14)/12} -> 416.66667 | R46: {=INDEX($J46:$N46,R14)/12} -> 416.66667 | S46: {=INDEX($J46:$N46,S14)/12} -> 416.66667 | T46: {=INDEX($J46:$N46,T14)/12} -> 416.66667 | U46: {=INDEX($J46:$N46,U14)/12} -> 416.66667 | V46: {=INDEX($J46:$N46,V14)/12} -> 416.66667 | ... AX46: {=INDEX($J46:$N46,AX14)/12} -> 416.66667
I47: =I25 -> Take rate | J47: =J36 -> 0.02 | O47: =O41*O46*$J$47 -> 166.66667 | P47: =P41*P46*$J$47 -> 191.66667 | Q47: =Q41*Q46*$J$47 -> 216.66667 | R47: =R41*R46*$J$47 -> 241.66667 | S47: =S41*S46*$J$47 -> 266.66667 | T47: =T41*T46*$J$47 -> 283.33333 | U47: =U41*U46*$J$47 -> 300 | V47: =V41*V46*$J$47 -> 316.66667 | ... AX47: =AX41*AX46*$J$47 -> 1641.6667
O48: =O47 -> 166.66667 | P48: =P47 -> 191.66667 | Q48: =Q47 -> 216.66667 | R48: =R47 -> 241.66667 | S48: =S47 -> 266.66667 | T48: =T47 -> 283.33333 | U48: =U47 -> 300 | V48: =V47 -> 316.66667 | ... AX48: =AX47 -> 1641.6667
N51: Total new clients | O51: =O20+O31+O42 -> 15 | P51: =P20+P31+P42 -> 15 | Q51: =Q20+Q31+Q42 -> 15 | R51: =R20+R31+R42 -> 15 | S51: =S20+S31+S42 -> 15 | T51: =T20+T31+T42 -> 15 | U51: =U20+U31+U42 -> 15 | V51: =V20+V31+V42 -> 15 | ... AX51: =AX20+AX31+AX42 -> 27
N52: TPV | O52: =O24*O19+O35*O30+O46*O41 -> 1058333.3 | P52: =P24*P19+P35*P30+P46*P41 -> 1449583.3 | Q52: =Q24*Q19+Q35*Q30+Q46*Q41 -> 1840833.3 | R52: =R24*R19+R35*R30+R46*R41 -> 2232083.3 | S52: =S24*S19+S35*S30+S46*S41 -> 2623333.3 | T52: =T24*T19+T35*T30+T46*T41 -> 3014166.7 | U52: =U24*U19+U35*U30+U46*U41 -> 3405000 | V52: =V24*V19+V35*V30+V46*V41 -> 3795833.3 | ... AX52: =AX24*AX19+AX35*AX30+AX46*AX41 -> 29077083
N53: Net revenue | O53: =O26+O37+O48 -> 24166.667 | P53: =P26+P37+P48 -> 32391.667 | Q53: =Q26+Q37+Q48 -> 40616.667 | R53: =R26+R37+R48 -> 48841.667 | S53: =S26+S37+S48 -> 57066.667 | T53: =T26+T37+T48 -> 65283.333 | U53: =U26+U37+U48 -> 73500 | V53: =V26+V37+V48 -> 81716.667 | ... AX53: =AX26+AX37+AX48 -> 623241.67
B55: Core Revenue | O55: =O53 -> 24166.667 | P55: =P53 -> 32391.667 | Q55: =Q53 -> 40616.667 | R55: =R53 -> 48841.667 | S55: =S53 -> 57066.667 | T55: =T53 -> 65283.333 | U55: =U53 -> 73500 | V55: =V53 -> 81716.667 | ... AX55: =AX53 -> 623241.67
B56: Share in total | O56: =+O55/O67 -> 1 | P56: =+P55/P67 -> 1 | Q56: =+Q55/Q67 -> 1 | R56: =+R55/R67 -> 1 | S56: =+S55/S67 -> 1 | T56: =+T55/T67 -> 1 | U56: =+U55/U67 -> 1 | V56: =+V55/V67 -> 1 | ... AX56: =+AX55/AX67 -> 1
B58: Other Revenue - Value Added Services
I59: Estimate monthly growth rate | O59: =O12 -> 46053 | P59: =P12 -> 46054 | Q59: =Q12 -> 46082 | R59: =R12 -> 46113 | S59: =S12 -> 46143 | T59: =T12 -> 46174 | U59: =U12 -> 46204 | V59: =V12 -> 46235 | ... AX59: =AX12 -> 47088
B61: [INSERT] | I61: =20% -> 0.2 | O61: 0 | P61: =+O61+O61*$I$61 -> 0 | Q61: =+P61+P61*$I$61 -> 0 | R61: =+Q61+Q61*$I$61 -> 0 | S61: =+R61+R61*$I$61 -> 0 | T61: =+S61+S61*$I$61 -> 0 | U61: =+T61+T61*$I$61 -> 0 | V61: =+U61+U61*$I$61 -> 0 | W61: =+V61+V61*$I$61 -> 0 | ... AX61: =+AW61+AW61*$I$61 -> 0
B62: [INSERT] | I62: =20% -> 0.2 | O62: 0 | P62: =+O62+O62*$I$62 -> 0 | Q62: =+P62+P62*$I$62 -> 0 | R62: =+Q62+Q62*$I$62 -> 0 | S62: =+R62+R62*$I$62 -> 0 | T62: =+S62+S62*$I$62 -> 0 | U62: =+T62+T62*$I$62 -> 0 | V62: =+U62+U62*$I$62 -> 0 | W62: =+V62+V62*$I$62 -> 0 | ... AX62: =+AW62+AW62*$I$62 -> 0
B63: [INSERT] | O63: =SUM(O61:O62) -> 0 | P63: =SUM(P61:P62) -> 0 | Q63: =SUM(Q61:Q62) -> 0 | R63: =SUM(R61:R62) -> 0 | S63: =SUM(S61:S62) -> 0 | T63: =SUM(T61:T62) -> 0 | U63: =SUM(U61:U62) -> 0 | V63: =SUM(V61:V62) -> 0 | ... AX63: =SUM(AX61:AX62) -> 0
B65: Share in total | O65: =+O63/O67 -> 0 | P65: =+P63/P67 -> 0 | Q65: =+Q63/Q67 -> 0 | R65: =+R63/R67 -> 0 | S65: =+S63/S67 -> 0 | T65: =+T63/T67 -> 0 | U65: =+U63/U67 -> 0 | V65: =+V63/V67 -> 0 | ... AX65: =+AX63/AX67 -> 0
B67: Total Revenue | O67: =+O55+O63 -> 24166.667 | P67: =+P55+P63 -> 32391.667 | Q67: =+Q55+Q63 -> 40616.667 | R67: =+R55+R63 -> 48841.667 | S67: =+S55+S63 -> 57066.667 | T67: =+T55+T63 -> 65283.333 | U67: =+U55+U63 -> 73500 | V67: =+V55+V63 -> 81716.667 | ... AX67: =+AX55+AX63 -> 623241.67
B68: CAGR
B70: Starting revenues matches with historical revenue
A72: 2 | B72: COGS AND GROSS PROFIT FORECAST | O72: =O14 -> 1 | P72: =P14 -> 1 | Q72: =Q14 -> 1 | R72: =R14 -> 1 | S72: =S14 -> 1 | T72: =T14 -> 1 | U72: =U14 -> 1 | V72: =V14 -> 1 | ... AX72: =AX14 -> 3
B74: COGS | H74: ='Historicals & Projections'!D6 -> 2025 | O74: =O12 -> 46053 | P74: =P12 -> 46054 | Q74: =Q12 -> 46082 | R74: =R12 -> 46113 | S74: =S12 -> 46143 | T74: =T12 -> 46174 | U74: =U12 -> 46204 | V74: =V12 -> 46235 | ... AX74: =AX12 -> 47088
I76: Hosting - % of TPV
J78: =J18 -> 2026 | K78: =K18 -> 2027 | L78: =L18 -> 2028 | M78: =M18 -> 2029 | N78: =N18 -> 2030
I79: % | J79: 0.005 | K79: 0.005 | L79: 0.005 | M79: 0.005 | N79: 0.01 | O79: {=INDEX($J79:$N79,O72)*O52} -> 5291.6667 | P79: {=INDEX($J79:$N79,P72)*P52} -> 7247.9167 | Q79: {=INDEX($J79:$N79,Q72)*Q52} -> 9204.1667 | R79: {=INDEX($J79:$N79,R72)*R52} -> 11160.417 | S79: {=INDEX($J79:$N79,S72)*S52} -> 13116.667 | T79: {=INDEX($J79:$N79,T72)*T52} -> 15070.833 | U79: {=INDEX($J79:$N79,U72)*U52} -> 17025 | V79: {=INDEX($J79:$N79,V72)*V52} -> 18979.167 | ... AX79: {=INDEX($J79:$N79,AX72)*AX52} -> 145385.42
I82: Total transaction COGS % of TPV
J84: =J18 -> 2026 | K84: =K18 -> 2027 | L84: =L18 -> 2028 | M84: =M18 -> 2029 | N84: =N18 -> 2030
G85: Interchange Fees | H85: 0.00895 | I85: Blended fees | J85: =H85+H86+H87 -> 0.00965 | K85: =J85 -> 0.00965 | L85: =K85 -> 0.00965 | M85: =L85 -> 0.00965 | N85: =M85 -> 0.00965 | O85: {=INDEX($J85:$N85,O72)*O52} -> 10212.917 | P85: {=INDEX($J85:$N85,P72)*P52} -> 13988.479 | Q85: {=INDEX($J85:$N85,Q72)*Q52} -> 17764.042 | R85: {=INDEX($J85:$N85,R72)*R52} -> 21539.604 | S85: {=INDEX($J85:$N85,S72)*S52} -> 25315.167 | T85: {=INDEX($J85:$N85,T72)*T52} -> 29086.708 | U85: {=INDEX($J85:$N85,U72)*U52} -> 32858.25 | V85: {=INDEX($J85:$N85,V72)*V52} -> 36629.792 | ... AX85: {=INDEX($J85:$N85,AX72)*AX52} -> 280593.85
G86: Scheme Fees (VISA/MC) | H86: 0.0005
G87: Gateway/Acquiring (Backend) | H87: 0.0002
B89: Total Variable COGS | O89: =SUM(O75:O88) -> 15504.583 | P89: =SUM(P75:P88) -> 21236.396 | Q89: =SUM(Q75:Q88) -> 26968.208 | R89: =SUM(R75:R88) -> 32700.021 | S89: =SUM(S75:S88) -> 38431.833 | T89: =SUM(T75:T88) -> 44157.542 | U89: =SUM(U75:U88) -> 49883.25 | V89: =SUM(V75:V88) -> 55608.958 | ... AX89: =SUM(AX75:AX88) -> 425979.27
I91: Logistics/Fulfiment of Hardware
I93: Logistics | J93: =J18 -> 2026 | K93: =K18 -> 2027 | L93: =L18 -> 2028 | M93: =M18 -> 2029 | N93: =N18 -> 2030
I94: Per new merchant | J94: 10 | K94: 15 | L94: 20 | M94: 20 | N94: 21 | O94: {=INDEX($J94:$N94,O72)*O51} -> 150 | P94: {=INDEX($J94:$N94,P72)*P51} -> 150 | Q94: {=INDEX($J94:$N94,Q72)*Q51} -> 150 | R94: {=INDEX($J94:$N94,R72)*R51} -> 150 | S94: {=INDEX($J94:$N94,S72)*S51} -> 150 | T94: {=INDEX($J94:$N94,T72)*T51} -> 150 | U94: {=INDEX($J94:$N94,U72)*U51} -> 150 | V94: {=INDEX($J94:$N94,V72)*V51} -> 150 | ... AX94: {=INDEX($J94:$N94,AX72)*AX51} -> 540
I96: Merchant onboarding
I98: Set up costs | J98: =J18 -> 2026 | K98: =K18 -> 2027 | L98: =L18 -> 2028 | M98: =M18 -> 2029 | N98: =N18 -> 2030
I99: Cost | J99: 50 | K99: 50 | L99: 50 | M99: 50 | N99: 51 | O99: {=INDEX($J99:$N99,O72)*O51} -> 750 | P99: {=INDEX($J99:$N99,P72)*P51} -> 750 | Q99: {=INDEX($J99:$N99,Q72)*Q51} -> 750 | R99: {=INDEX($J99:$N99,R72)*R51} -> 750 | S99: {=INDEX($J99:$N99,S72)*S51} -> 750 | T99: {=INDEX($J99:$N99,T72)*T51} -> 750 | U99: {=INDEX($J99:$N99,U72)*U51} -> 750 | V99: {=INDEX($J99:$N99,V72)*V51} -> 750 | ... AX99: {=INDEX($J99:$N99,AX72)*AX51} -> 1350
B101: Total Fixed COGS | O101: =SUM(O90:O100) -> 900 | P101: =SUM(P90:P100) -> 900 | Q101: =SUM(Q90:Q100) -> 900 | R101: =SUM(R90:R100) -> 900 | S101: =SUM(S90:S100) -> 900 | T101: =SUM(T90:T100) -> 900 | U101: =SUM(U90:U100) -> 900 | V101: =SUM(V90:V100) -> 900 | ... AX101: =SUM(AX90:AX100) -> 1890
B103: Total COGS | O103: =O89+O101 -> 16404.583 | P103: =P89+P101 -> 22136.396 | Q103: =Q89+Q101 -> 27868.208 | R103: =R89+R101 -> 33600.021 | S103: =S89+S101 -> 39331.833 | T103: =T89+T101 -> 45057.542 | U103: =U89+U101 -> 50783.25 | V103: =V89+V101 -> 56508.958 | ... AX103: =AX89+AX101 -> 427869.27
B105: Gross Profit | O105: =+O67-O103 -> 7762.0833 | P105: =+P67-P103 -> 10255.271 | Q105: =+Q67-Q103 -> 12748.458 | R105: =+R67-R103 -> 15241.646 | S105: =+S67-S103 -> 17734.833 | T105: =+T67-T103 -> 20225.792 | U105: =+U67-U103 -> 22716.75 | V105: =+V67-V103 -> 25207.708 | ... AX105: =+AX67-AX103 -> 195372.4
O106: =O105/O67 -> 0.32118966 | P106: =P105/P67 -> 0.31660214 | Q106: =Q105/Q67 -> 0.31387259 | R106: =R105/R67 -> 0.31206236 | S106: =S105/S67 -> 0.31077395 | T106: =T105/T67 -> 0.30981555 | U106: =U105/U67 -> 0.30907143 | V106: =V105/V67 -> 0.30847695 | ... AX106: =AX105/AX67 -> 0.31347775
B107: CAGR
B109: Gross profit matches with historical gross profit
B113: Variable COGS: These scale linearly with the Total Processed Volume (TPV).

Sheet Salaries & Headcount
A1: SALARIES AND HEADCOUNT
J3: inflation +3% | M3: Time engaged in % | Q3: Cost projections
P5: ='Revenue & COGS Building'!O12 -> 46053 | Q5: ='Revenue & COGS Building'!P12 -> 46054 | R5: ='Revenue & COGS Building'!Q12 -> 46082 | S5: ='Revenue & COGS Building'!R12 -> 46113 | T5: ='Revenue & COGS Building'!S12 -> 46143 | U5: ='Revenue & COGS Building'!T12 -> 46174 | V5: ='Revenue & COGS Building'!U12 -> 46204 | W5: ='Revenue & COGS Building'!V12 -> 46235 | ... AY5: ='Revenue & COGS Building'!AX12 -> 47088
P6: ='Revenue & COGS Building'!O13 -> 1 | Q6: ='Revenue & COGS Building'!P13 -> 2 | R6: ='Revenue & COGS Building'!Q13 -> 3 | S6: ='Revenue & COGS Building'!R13 -> 4 | T6: ='Revenue & COGS Building'!S13 -> 5 | U6: ='Revenue & COGS Building'!T13 -> 6 | V6: ='Revenue & COGS Building'!U13 -> 7 | W6: ='Revenue & COGS Building'!V13 -> 8 | ... AY6: ='Revenue & COGS Building'!AX13 -> 36
P7: ='Revenue & COGS Building'!O14 -> 1 | Q7: ='Revenue & COGS Building'!P14 -> 1 | R7: ='Revenue & COGS Building'!Q14 -> 1 | S7: ='Revenue & COGS Building'!R14 -> 1 | T7: ='Revenue & COGS Building'!S14 -> 1 | U7: ='Revenue & COGS Building'!T14 -> 1 | V7: ='Revenue & COGS Building'!U14 -> 1 | W7: ='Revenue & COGS Building'!V14 -> 1 | ... AY7: ='Revenue & COGS Building'!AX14 -> 3
B8: Position | C8: Salaries and wages | D8: ='Historicals & Projections'!C6 -> 2024 | E8: ='Historicals & Projections'!D6 -> 2025 | F8: Raise | G8: Bonus % | H8: Bonus amount | I8: Annual costs | J8: Est Annual Growth | K8: ='Revenue & COGS Building'!O15 -> 2026 | L8: =+K8+1 -> 2027 | M8: =+L8+1 -> 2028 | N8: =+M8+1 -> 2029 | O8: =+N8+1 -> 2030 | P8: ='Revenue & COGS Building'!O15 -> 2026 | Q8: ='Revenue & COGS Building'!P15 -> 2026 | R8: ='Revenue & COGS Building'!Q15 -> 2026 | S8: ='Revenue & COGS Building'!R15 -> 2026 | T8: ='Revenue & COGS Building'!S15 -> 2026 | U8: ='Revenue & COGS Building'!T15 -> 2026 | V8: ='Revenue & COGS Building'!U15 -> 2026 | W8: ='Revenue & COGS Building'!V15 -> 2026 | ... AY8: ='Revenue & COGS Building'!AX15 -> 2028
B9: Headcount Direct Work (Variable)
B10: Production workers | C10: Employee 1 | D10: 2500 | E10: 2600 | F10: =+E10/D10-1 -> 0.04 | G10: 0.2 | H10: =+E10*G10 -> 520 | I10: =+E10+H10 -> 3120 | J10: 0.1 | K10: 1 | L10: 1 | M10: 0.45 | N10: 1 | O10: 1 | P10: =($I10 * (1+$J10)^P$7 / 12) * CHOOSE(P$7, $K10, $L10, $M10, $N10,$O10) -> 286 | Q10: =($I10 * (1+$J10)^Q$7 / 12) * CHOOSE(Q$7, $K10, $L10, $M10, $N10,$O10) -> 286 | R10: =($I10 * (1+$J10)^R$7 / 12) * CHOOSE(R$7, $K10, $L10, $M10, $N10,$O10) -> 286 | S10: =($I10 * (1+$J10)^S$7 / 12) * CHOOSE(S$7, $K10, $L10, $M10, $N10,$O10) -> 286 | T10: =($I10 * (1+$J10)^T$7 / 12) * CHOOSE(T$7, $K10, $L10, $M10, $N10,$O10) -> 286 | U10: =($I10 * (1+$J10)^U$7 / 12) * CHOOSE(U$7, $K10, $L10, $M10, $N10,$O10) -> 286 | V10: =($I10 * (1+$J10)^V$7 / 12) * CHOOSE(V$7, $K10, $L10, $M10, $N10,$O10) -> 286 | W10: =($I10 * (1+$J10)^W$7 / 12) * CHOOSE(W$7, $K10, $L10, $M10, $N10,$O10) -> 286 | ... AY10: =($I10 * (1+$J10)^AY$7 / 12) * CHOOSE(AY$7, $K10, $L10, $M10, $N10,$O10) -> 155.727
B11: Service | C11: Employee 2 | D11: 3500 | E11: 3800 | F11: =+E11/D11-1 -> 0.085714286 | G11: 0.2 | H11: =+E11*G11 -> 760 | I11: =+E11+H11 -> 4560 | J11: 0.1 | K11: 1 | L11: 1 | M11: 1 | N11: 1 | O11: 1 | P11: =($I11 * (1+$J11)^P$7 / 12) * CHOOSE(P$7, $K11, $L11, $M11, $N11,$O11) -> 418 | Q11: =($I11 * (1+$J11)^Q$7 / 12) * CHOOSE(Q$7, $K11, $L11, $M11, $N11,$O11) -> 418 | R11: =($I11 * (1+$J11)^R$7 / 12) * CHOOSE(R$7, $K11, $L11, $M11, $N11,$O11) -> 418 | S11: =($I11 * (1+$J11)^S$7 / 12) * CHOOSE(S$7, $K11, $L11, $M11, $N11,$O11) -> 418 | T11: =($I11 * (1+$J11)^T$7 / 12) * CHOOSE(T$7, $K11, $L11, $M11, $N11,$O11) -> 418 | U11: =($I11 * (1+$J11)^U$7 / 12) * CHOOSE(U$7, $K11, $L11, $M11, $N11,$O11) -> 418 | V11: =($I11 * (1+$J11)^V$7 / 12) * CHOOSE(V$7, $K11, $L11, $M11, $N11,$O11) -> 418 | W11: =($I11 * (1+$J11)^W$7 / 12) * CHOOSE(W$7, $K11, $L11, $M11, $N11,$O11) -> 418 | ... AY11: =($I11 * (1+$J11)^AY$7 / 12) * CHOOSE(AY$7, $K11, $L11, $M11, $N11,$O11) -> 505.78
B12: Retail | C12: Employee 3 | D12: 4000 | E12: 4200 | F12: =+E12/D12-1 -> 0.05 | G12: 0.2 | H12: =+E12*G12 -> 840 | I12: =+E12+H12 -> 5040 | J12: 0.1 | K12: 1 | L12: 1 | M12: 1 | N12: 1 | O12: 1 | P12: =($I12 * (1+$J12)^P$7 / 12) * CHOOSE(P$7, $K12, $L12, $M12, $N12,$O12) -> 462 | Q12: =($I12 * (1+$J12)^Q$7 / 12) * CHOOSE(Q$7, $K12, $L12, $M12, $N12,$O12) -> 462 | R12: =($I12 * (1+$J12)^R$7 / 12) * CHOOSE(R$7, $K12, $L12, $M12, $N12,$O12) -> 462 | S12: =($I12 * (1+$J12)^S$7 / 12) * CHOOSE(S$7, $K12, $L12, $M12, $N12,$O12) -> 462 | T12: =($I12 * (1+$J12)^T$7 / 12) * CHOOSE(T$7, $K12, $L12, $M12, $N12,$O12) -> 462 | U12: =($I12 * (1+$J12)^U$7 / 12) * CHOOSE(U$7, $K12, $L12, $M12, $N12,$O12) -> 462 | V12: =($I12 * (1+$J12)^V$7 / 12) * CHOOSE(V$7, $K12, $L12, $M12, $N12,$O12) -> 462 | W12: =($I12 * (1+$J12)^W$7 / 12) * CHOOSE(W$7, $K12, $L12, $M12, $N12,$O12) -> 462 | ... AY12: =($I12 * (1+$J12)^AY$7 / 12) * CHOOSE(AY$7, $K12, $L12, $M12, $N12,$O12) -> 559.02
B13: Sales | C13: Employee 4 | D13: 5000 | E13: 5500 | F13: =+E13/D13-1 -> 0.1 | G13: 0.2 | H13: =+E13*G13 -> 1100 | I13: =+E13+H13 -> 6600 | J13: 0.1 | K13: 1 | L13: 1 | M13: 1 | N13: 1 | O13: 1 | P13: =($I13 * (1+$J13)^P$7 / 12) * CHOOSE(P$7, $K13, $L13, $M13, $N13,$O13) -> 605 | Q13: =($I13 * (1+$J13)^Q$7 / 12) * CHOOSE(Q$7, $K13, $L13, $M13, $N13,$O13) -> 605 | R13: =($I13 * (1+$J13)^R$7 / 12) * CHOOSE(R$7, $K13, $L13, $M13, $N13,$O13) -> 605 | S13: =($I13 * (1+$J13)^S$7 / 12) * CHOOSE(S$7, $K13, $L13, $M13, $N13,$O13) -> 605 | T13: =($I13 * (1+$J13)^T$7 / 12) * CHOOSE(T$7, $K13, $L13, $M13, $N13,$O13) -> 605 | U13: =($I13 * (1+$J13)^U$7 / 12) * CHOOSE(U$7, $K13, $L13, $M13, $N13,$O13) -> 605 | V13: =($I13 * (1+$J13)^V$7 / 12) * CHOOSE(V$7, $K13, $L13, $M13, $N13,$O13) -> 605 | W13: =($I13 * (1+$J13)^W$7 / 12) * CHOOSE(W$7, $K13, $L13, $M13, $N13,$O13) -> 605 | ... AY13: =($I13 * (1+$J13)^AY$7 / 12) * CHOOSE(AY$7, $K13, $L13, $M13, $N13,$O13) -> 732.05
B14: Developers | C14: Employee 5 | D14: 5000 | E14: 5200 | F14: =+E14/D14-1 -> 0.04 | G14: 0.15 | H14: =+E14*G14 -> 780 | I14: =+E14+H14 -> 5980 | J14: 0.1 | K14: 1 | L14: 1 | M14: 1 | N14: 1 | O14: 1 | P14: =($I14 * (1+$J14)^P$7 / 12) * CHOOSE(P$7, $K14, $L14, $M14, $N14,$O14) -> 548.16667 | Q14: =($I14 * (1+$J14)^Q$7 / 12) * CHOOSE(Q$7, $K14, $L14, $M14, $N14,$O14) -> 548.16667 | R14: =($I14 * (1+$J14)^R$7 / 12) * CHOOSE(R$7, $K14, $L14, $M14, $N14,$O14) -> 548.16667 | S14: =($I14 * (1+$J14)^S$7 / 12) * CHOOSE(S$7, $K14, $L14, $M14, $N14,$O14) -> 548.16667 | T14: =($I14 * (1+$J14)^T$7 / 12) * CHOOSE(T$7, $K14, $L14, $M14, $N14,$O14) -> 548.16667 | U14: =($I14 * (1+$J14)^U$7 / 12) * CHOOSE(U$7, $K14, $L14, $M14, $N14,$O14) -> 548.16667 | V14: =($I14 * (1+$J14)^V$7 / 12) * CHOOSE(V$7, $K14, $L14, $M14, $N14,$O14) -> 548.16667 | W14: =($I14 * (1+$J14)^W$7 / 12) * CHOOSE(W$7, $K14, $L14, $M14, $N14,$O14) -> 548.16667 | ... AY14: =($I14 * (1+$J14)^AY$7 / 12) * CHOOSE(AY$7, $K14, $L14, $M14, $N14,$O14) -> 663.28167
B15: Engineers | C15: Employee 6 | D15: 5000 | E15: 5200 | F15: =+E15/D15-1 -> 0.04 | G15: 0.15 | H15: =+E15*G15 -> 780 | I15: =+E15+H15 -> 5980 | J15: 0.05 | K15: 1 | L15: 1 | M15: 1 | N15: 1 | O15: 1 | P15: =($I15 * (1+$J15)^P$7 / 12) * CHOOSE(P$7, $K15, $L15, $M15, $N15,$O15) -> 523.25 | Q15: =($I15 * (1+$J15)^Q$7 / 12) * CHOOSE(Q$7, $K15, $L15, $M15, $N15,$O15) -> 523.25 | R15: =($I15 * (1+$J15)^R$7 / 12) * CHOOSE(R$7, $K15, $L15, $M15, $N15,$O15) -> 523.25 | S15: =($I15 * (1+$J15)^S$7 / 12) * CHOOSE(S$7, $K15, $L15, $M15, $N15,$O15) -> 523.25 | T15: =($I15 * (1+$J15)^T$7 / 12) * CHOOSE(T$7, $K15, $L15, $M15, $N15,$O15) -> 523.25 | U15: =($I15 * (1+$J15)^U$7 / 12) * CHOOSE(U$7, $K15, $L15, $M15, $N15,$O15) -> 523.25 | V15: =($I15 * (1+$J15)^V$7 / 12) * CHOOSE(V$7, $K15, $L15, $M15, $N15,$O15) -> 523.25 | W15: =($I15 * (1+$J15)^W$7 / 12) * CHOOSE(W$7, $K15, $L15, $M15, $N15,$O15) -> 523.25 | ... AY15: =($I15 * (1+$J15)^AY$7 / 12) * CHOOSE(AY$7, $K15, $L15, $M15, $N15,$O15) -> 576.88313
B16: Engineers | C16: Employee 7 | D16: 5000 | E16: 5200 | F16: =+E16/D16-1 -> 0.04 | G16: 0.15 | H16: =+E16*G16 -> 780 | I16: =+E16+H16 -> 5980 | J16: 0.07 | K16: =100% -> 1 | L16: 0.5 | M16: 1 | N16: 1 | O16: 1 | P16: =($I16 * (1+$J16)^P$7 / 12) * CHOOSE(P$7, $K16, $L16, $M16, $N16,$O16) -> 533.21667 | Q16: =($I16 * (1+$J16)^Q$7 / 12) * CHOOSE(Q$7, $K16, $L16, $M16, $N16,$O16) -> 533.21667 | R16: =($I16 * (1+$J16)^R$7 / 12) * CHOOSE(R$7, $K16, $L16, $M16, $N16,$O16) -> 533.21667 | S16: =($I16 * (1+$J16)^S$7 / 12) * CHOOSE(S$7, $K16, $L16, $M16, $N16,$O16) -> 533.21667 | T16: =($I16 * (1+$J16)^T$7 / 12) * CHOOSE(T$7, $K16, $L16, $M16, $N16,$O16) -> 533.21667 | U16: =($I16 * (1+$J16)^U$7 / 12) * CHOOSE(U$7, $K16, $L16, $M16, $N16,$O16) -> 533.21667 | V16: =($I16 * (1+$J16)^V$7 / 12) * CHOOSE(V$7, $K16, $L16, $M16, $N16,$O16) -> 533.21667 | W16: =($I16 * (1+$J16)^W$7 / 12) * CHOOSE(W$7, $K16, $L16, $M16, $N16,$O16) -> 533.21667 | ... AY16: =($I16 * (1+$J16)^AY$7 / 12) * CHOOSE(AY$7, $K16, $L16, $M16, $N16,$O16) -> 610.47976
B17: Engineers | C17: Employee 8 | D17: 5000 | E17: 5200 | F17: =+E17/D17-1 -> 0.04 | G17: 0.15 | H17: =+E17*G17 -> 780 | I17: =+E17+H17 -> 5980 | J17: 0.1 | K17: =100% -> 1 | L17: =100% -> 1 | M17: 0.5 | N17: 1 | O17: 1 | P17: =($I17 * (1+$J17)^P$7 / 12) * CHOOSE(P$7, $K17, $L17, $M17, $N17,$O17) -> 548.16667 | Q17: =($I17 * (1+$J17)^Q$7 / 12) * CHOOSE(Q$7, $K17, $L17, $M17, $N17,$O17) -> 548.16667 | R17: =($I17 * (1+$J17)^R$7 / 12) * CHOOSE(R$7, $K17, $L17, $M17, $N17,$O17) -> 548.16667 | S17: =($I17 * (1+$J17)^S$7 / 12) * CHOOSE(S$7, $K17, $L17, $M17, $N17,$O17) -> 548.16667 | T17: =($I17 * (1+$J17)^T$7 / 12) * CHOOSE(T$7, $K17, $L17, $M17, $N17,$O17) -> 548.16667 | U17: =($I17 * (1+$J17)^U$7 / 12) * CHOOSE(U$7, $K17, $L17, $M17, $N17,$O17) -> 548.16667 | V17: =($I17 * (1+$J17)^V$7 / 12) * CHOOSE(V$7, $K17, $L17, $M17, $N17,$O17) -> 548.16667 | W17: =($I17 * (1+$J17)^W$7 / 12) * CHOOSE(W$7, $K17, $L17, $M17, $N17,$O17) -> 548.16667 | ... AY17: =($I17 * (1+$J17)^AY$7 / 12) * CHOOSE(AY$7, $K17, $L17, $M17, $N17,$O17) -> 331.64083
B18: [Placeholder] | C18: New Employee 1 | D18: 5000 | E18: 5200 | H18: =+E18*G18 -> 0 | I18: =+E18+H18 -> 5200 | K18: 0.5 | L18: =100% -> 1 | M18: 0.5 | N18: 1 | O18: 1 | P18: =($I18 * (1+$J18)^P$7 / 12) * CHOOSE(P$7, $K18, $L18, $M18, $N18,$O18) -> 216.66667 | Q18: =($I18 * (1+$J18)^Q$7 / 12) * CHOOSE(Q$7, $K18, $L18, $M18, $N18,$O18) -> 216.66667 | R18: =($I18 * (1+$J18)^R$7 / 12) * CHOOSE(R$7, $K18, $L18, $M18, $N18,$O18) -> 216.66667 | S18: =($I18 * (1+$J18)^S$7 / 12) * CHOOSE(S$7, $K18, $L18, $M18, $N18,$O18) -> 216.66667 | T18: =($I18 * (1+$J18)^T$7 / 12) * CHOOSE(T$7, $K18, $L18, $M18, $N18,$O18) -> 216.66667 | U18: =($I18 * (1+$J18)^U$7 / 12) * CHOOSE(U$7, $K18, $L18, $M18, $N18,$O18) -> 216.66667 | V18: =($I18 * (1+$J18)^V$7 / 12) * CHOOSE(V$7, $K18, $L18, $M18, $N18,$O18) -> 216.66667 | W18: =($I18 * (1+$J18)^W$7 / 12) * CHOOSE(W$7, $K18, $L18, $M18, $N18,$O18) -> 216.66667 | ... AY18: =($I18 * (1+$J18)^AY$7 / 12) * CHOOSE(AY$7, $K18, $L18, $M18, $N18,$O18) -> 216.66667
B19: [Placeholder] | C19: New Employee 2 | D19: 5000 | E19: 5200 | H19: =+E19*G19 -> 0 | I19: =+E19+H19 -> 5200 | K19: 0 | L19: =100% -> 1 | M19: =100% -> 1 | N19: 0.7 | O19: 1 | P19: =($I19 * (1+$J19)^P$7 / 12) * CHOOSE(P$7, $K19, $L19, $M19, $N19,$O19) -> 0 | Q19: =($I19 * (1+$J19)^Q$7 / 12) * CHOOSE(Q$7, $K19, $L19, $M19, $N19,$O19) -> 0 | R19: =($I19 * (1+$J19)^R$7 / 12) * CHOOSE(R$7, $K19, $L19, $M19, $N19,$O19) -> 0 | S19: =($I19 * (1+$J19)^S$7 / 12) * CHOOSE(S$7, $K19, $L19, $M19, $N19,$O19) -> 0 | T19: =($I19 * (1+$J19)^T$7 / 12) * CHOOSE(T$7, $K19, $L19, $M19, $N19,$O19) -> 0 | U19: =($I19 * (1+$J19)^U$7 / 12) * CHOOSE(U$7, $K19, $L19, $M19, $N19,$O19) -> 0 | V19: =($I19 * (1+$J19)^V$7 / 12) * CHOOSE(V$7, $K19, $L19, $M19, $N19,$O19) -> 0 | W19: =($I19 * (1+$J19)^W$7 / 12) * CHOOSE(W$7, $K19, $L19, $M19, $N19,$O19) -> 0 | ... AY19: =($I19 * (1+$J19)^AY$7 / 12) * CHOOSE(AY$7, $K19, $L19, $M19, $N19,$O19) -> 433.33333
B20: [Placeholder] | C20: New Employee 3 | D20: 5000 | E20: 5200 | H20: =+E20*G20 -> 0 | I20: =+E20+H20 -> 5200 | K20: 0.25 | L20: =100% -> 1 | M20: =100% -> 1 | N20: 0.5 | O20: 1 | P20: =($I20 * (1+$J20)^P$7 / 12) * CHOOSE(P$7, $K20, $L20, $M20, $N20,$O20) -> 108.33333 | Q20: =($I20 * (1+$J20)^Q$7 / 12) * CHOOSE(Q$7, $K20, $L20, $M20, $N20,$O20) -> 108.33333 | R20: =($I20 * (1+$J20)^R$7 / 12) * CHOOSE(R$7, $K20, $L20, $M20, $N20,$O20) -> 108.33333 | S20: =($I20 * (1+$J20)^S$7 / 12) * CHOOSE(S$7, $K20, $L20, $M20, $N20,$O20) -> 108.33333 | T20: =($I20 * (1+$J20)^T$7 / 12) * CHOOSE(T$7, $K20, $L20, $M20, $N20,$O20) -> 108.33333 | U20: =($I20 * (1+$J20)^U$7 / 12) * CHOOSE(U$7, $K20, $L20, $M20, $N20,$O20) -> 108.33333 | V20: =($I20 * (1+$J20)^V$7 / 12) * CHOOSE(V$7, $K20, $L20, $M20, $N20,$O20) -> 108.33333 | W20: =($I20 * (1+$J20)^W$7 / 12) * CHOOSE(W$7, $K20, $L20, $M20, $N20,$O20) -> 108.33333 | ... AY20: =($I20 * (1+$J20)^AY$7 / 12) * CHOOSE(AY$7, $K20, $L20, $M20, $N20,$O20) -> 433.33333
D21: =SUM(D10:D20) -> 50000 | E21: =SUM(E10:E20) -> 52500 | F21: =+E21/D21-1 -> 0.05 | H21: =SUM(H10:H20) -> 6340 | I21: =SUM(I10:I20) -> 58840 | P21: =SUM(P10:P20) -> 4248.8 | Q21: =SUM(Q10:Q20) -> 4248.8 | R21: =SUM(R10:R20) -> 4248.8 | S21: =SUM(S10:S20) -> 4248.8 | T21: =SUM(T10:T20) -> 4248.8 | U21: =SUM(U10:U20) -> 4248.8 | V21: =SUM(V10:V20) -> 4248.8 | W21: =SUM(W10:W20) -> 4248.8 | ... AY21: =SUM(AY10:AY20) -> 5218.1957
B22: Headcount G&A (Fixed)
B23: CEO | C23: Employee 1 | D23: 90000 | E23: 98000 | F23: =+E23/D23-1 -> 0.088888889 | G23: 0.25 | H23: =+E23*G23 -> 24500 | I23: =+E23+H23 -> 122500 | J23: 0.1 | K23: 1 | L23: 1 | M23: 1 | N23: 1 | O23: 1 | P23: =($I23 * (1+$J23)^P$7 / 12) * CHOOSE(P$7, $K23, $L23, $M23, $N23,$O23) -> 11229.167 | Q23: =($I23 * (1+$J23)^Q$7 / 12) * CHOOSE(Q$7, $K23, $L23, $M23, $N23,$O23) -> 11229.167 | R23: =($I23 * (1+$J23)^R$7 / 12) * CHOOSE(R$7, $K23, $L23, $M23, $N23,$O23) -> 11229.167 | S23: =($I23 * (1+$J23)^S$7 / 12) * CHOOSE(S$7, $K23, $L23, $M23, $N23,$O23) -> 11229.167 | T23: =($I23 * (1+$J23)^T$7 / 12) * CHOOSE(T$7, $K23, $L23, $M23, $N23,$O23) -> 11229.167 | U23: =($I23 * (1+$J23)^U$7 / 12) * CHOOSE(U$7, $K23, $L23, $M23, $N23,$O23) -> 11229.167 | V23: =($I23 * (1+$J23)^V$7 / 12) * CHOOSE(V$7, $K23, $L23, $M23, $N23,$O23) -> 11229.167 | W23: =($I23 * (1+$J23)^W$7 / 12) * CHOOSE(W$7, $K23, $L23, $M23, $N23,$O23) -> 11229.167 | ... AY23: =($I23 * (1+$J23)^AY$7 / 12) * CHOOSE(AY$7, $K23, $L23, $M23, $N23,$O23) -> 13587.292
B24: CFO | C24: Employee 2 | D24: 75000 | E24: 78000 | F24: =+E24/D24-1 -> 0.04 | G24: 0.2 | H24: =+E24*G24 -> 15600 | I24: =+E24+H24 -> 93600 | J24: 0.1 | K24: 1 | L24: 1 | M24: 1 | N24: 1 | O24: 1 | P24: =($I24 * (1+$J24)^P$7 / 12) * CHOOSE(P$7, $K24, $L24, $M24, $N24,$O24) -> 8580 | Q24: =($I24 * (1+$J24)^Q$7 / 12) * CHOOSE(Q$7, $K24, $L24, $M24, $N24,$O24) -> 8580 | R24: =($I24 * (1+$J24)^R$7 / 12) * CHOOSE(R$7, $K24, $L24, $M24, $N24,$O24) -> 8580 | S24: =($I24 * (1+$J24)^S$7 / 12) * CHOOSE(S$7, $K24, $L24, $M24, $N24,$O24) -> 8580 | T24: =($I24 * (1+$J24)^T$7 / 12) * CHOOSE(T$7, $K24, $L24, $M24, $N24,$O24) -> 8580 | U24: =($I24 * (1+$J24)^U$7 / 12) * CHOOSE(U$7, $K24, $L24, $M24, $N24,$O24) -> 8580 | V24: =($I24 * (1+$J24)^V$7 / 12) * CHOOSE(V$7, $K24, $L24, $M24, $N24,$O24) -> 8580 | W24: =($I24 * (1+$J24)^W$7 / 12) * CHOOSE(W$7, $K24, $L24, $M24, $N24,$O24) -> 8580 | ... AY24: =($I24 * (1+$J24)^AY$7 / 12) * CHOOSE(AY$7, $K24, $L24, $M24, $N24,$O24) -> 10381.8
B25: HR Manager | C25: Employee 3 | D25: 50000 | E25: 52000 | F25: =+E25/D25-1 -> 0.04 | G25: 0.1 | H25: =+E25*G25 -> 5200 | I25: =+E25+H25 -> 57200 | J25: 0.07 | K25: 1 | L25: 1 | M25: 1 | N25: 1 | O25: 1 | P25: =($I25 * (1+$J25)^P$7 / 12) * CHOOSE(P$7, $K25, $L25, $M25, $N25,$O25) -> 5100.3333 | Q25: =($I25 * (1+$J25)^Q$7 / 12) * CHOOSE(Q$7, $K25, $L25, $M25, $N25,$O25) -> 5100.3333 | R25: =($I25 * (1+$J25)^R$7 / 12) * CHOOSE(R$7, $K25, $L25, $M25, $N25,$O25) -> 5100.3333 | S25: =($I25 * (1+$J25)^S$7 / 12) * CHOOSE(S$7, $K25, $L25, $M25, $N25,$O25) -> 5100.3333 | T25: =($I25 * (1+$J25)^T$7 / 12) * CHOOSE(T$7, $K25, $L25, $M25, $N25,$O25) -> 5100.3333 | U25: =($I25 * (1+$J25)^U$7 / 12) * CHOOSE(U$7, $K25, $L25, $M25, $N25,$O25) -> 5100.3333 | V25: =($I25 * (1+$J25)^V$7 / 12) * CHOOSE(V$7, $K25, $L25, $M25, $N25,$O25) -> 5100.3333 | W25: =($I25 * (1+$J25)^W$7 / 12) * CHOOSE(W$7, $K25, $L25, $M25, $N25,$O25) -> 5100.3333 | ... AY25: =($I25 * (1+$J25)^AY$7 / 12) * CHOOSE(AY$7, $K25, $L25, $M25, $N25,$O25) -> 5839.3716
B26: Finance | C26: Employee 4 | D26: 50000 | E26: 55000 | F26: =+E26/D26-1 -> 0.1 | G26: 0.1 | H26: =+E26*G26 -> 5500 | I26: =+E26+H26 -> 60500 | J26: 0.1 | K26: 1 | L26: 1 | M26: 1 | N26: 1 | O26: 1 | P26: =($I26 * (1+$J26)^P$7 / 12) * CHOOSE(P$7, $K26, $L26, $M26, $N26,$O26) -> 5545.8333 | Q26: =($I26 * (1+$J26)^Q$7 / 12) * CHOOSE(Q$7, $K26, $L26, $M26, $N26,$O26) -> 5545.8333 | R26: =($I26 * (1+$J26)^R$7 / 12) * CHOOSE(R$7, $K26, $L26, $M26, $N26,$O26) -> 5545.8333 | S26: =($I26 * (1+$J26)^S$7 / 12) * CHOOSE(S$7, $K26, $L26, $M26, $N26,$O26) -> 5545.8333 | T26: =($I26 * (1+$J26)^T$7 / 12) * CHOOSE(T$7, $K26, $L26, $M26, $N26,$O26) -> 5545.8333 | U26: =($I26 * (1+$J26)^U$7 / 12) * CHOOSE(U$7, $K26, $L26, $M26, $N26,$O26) -> 5545.8333 | V26: =($I26 * (1+$J26)^V$7 / 12) * CHOOSE(V$7, $K26, $L26, $M26, $N26,$O26) -> 5545.8333 | W26: =($I26 * (1+$J26)^W$7 / 12) * CHOOSE(W$7, $K26, $L26, $M26, $N26,$O26) -> 5545.8333 | ... AY26: =($I26 * (1+$J26)^AY$7 / 12) * CHOOSE(AY$7, $K26, $L26, $M26, $N26,$O26) -> 6710.4583
B27: Legal | C27: Employee 5 | D27: 45000 | E27: 50000 | F27: =+E27/D27-1 -> 0.11111111 | G27: 0.1 | H27: =+E27*G27 -> 5000 | I27: =+E27+H27 -> 55000 | J27: 0.1 | K27: 1 | L27: 1 | M27: 1 | N27: 1 | O27: 1 | P27: =($I27 * (1+$J27)^P$7 / 12) * CHOOSE(P$7, $K27, $L27, $M27, $N27,$O27) -> 5041.6667 | Q27: =($I27 * (1+$J27)^Q$7 / 12) * CHOOSE(Q$7, $K27, $L27, $M27, $N27,$O27) -> 5041.6667 | R27: =($I27 * (1+$J27)^R$7 / 12) * CHOOSE(R$7, $K27, $L27, $M27, $N27,$O27) -> 5041.6667 | S27: =($I27 * (1+$J27)^S$7 / 12) * CHOOSE(S$7, $K27, $L27, $M27, $N27,$O27) -> 5041.6667 | T27: =($I27 * (1+$J27)^T$7 / 12) * CHOOSE(T$7, $K27, $L27, $M27, $N27,$O27) -> 5041.6667 | U27: =($I27 * (1+$J27)^U$7 / 12) * CHOOSE(U$7, $K27, $L27, $M27, $N27,$O27) -> 5041.6667 | V27: =($I27 * (1+$J27)^V$7 / 12) * CHOOSE(V$7, $K27, $L27, $M27, $N27,$O27) -> 5041.6667 | W27: =($I27 * (1+$J27)^W$7 / 12) * CHOOSE(W$7, $K27, $L27, $M27, $N27,$O27) -> 5041.6667 | ... AY27: =($I27 * (1+$J27)^AY$7 / 12) * CHOOSE(AY$7, $K27, $L27, $M27, $N27,$O27) -> 6100.4167
B28: CTO | C28: Employee 6 | D28: 80000 | E28: 85000 | F28: =+E28/D28-1 -> 0.0625 | G28: 0.2 | H28: =+E28*G28 -> 17000 | I28: =+E28+H28 -> 102000 | J28: 0.1 | K28: 1 | L28: 1 | M28: 1 | N28: 1 | O28: 1 | P28: =($I28 * (1+$J28)^P$7 / 12) * CHOOSE(P$7, $K28, $L28, $M28, $N28,$O28) -> 9350 | Q28: =($I28 * (1+$J28)^Q$7 / 12) * CHOOSE(Q$7, $K28, $L28, $M28, $N28,$O28) -> 9350 | R28: =($I28 * (1+$J28)^R$7 / 12) * CHOOSE(R$7, $K28, $L28, $M28, $N28,$O28) -> 9350 | S28: =($I28 * (1+$J28)^S$7 / 12) * CHOOSE(S$7, $K28, $L28, $M28, $N28,$O28) -> 9350 | T28: =($I28 * (1+$J28)^T$7 / 12) * CHOOSE(T$7, $K28, $L28, $M28, $N28,$O28) -> 9350 | U28: =($I28 * (1+$J28)^U$7 / 12) * CHOOSE(U$7, $K28, $L28, $M28, $N28,$O28) -> 9350 | V28: =($I28 * (1+$J28)^V$7 / 12) * CHOOSE(V$7, $K28, $L28, $M28, $N28,$O28) -> 9350 | W28: =($I28 * (1+$J28)^W$7 / 12) * CHOOSE(W$7, $K28, $L28, $M28, $N28,$O28) -> 9350 | ... AY28: =($I28 * (1+$J28)^AY$7 / 12) * CHOOSE(AY$7, $K28, $L28, $M28, $N28,$O28) -> 11313.5
B29: [Placeholder] | C29: Employee 7 | D29: 80000 | E29: 85000 | H29: =+E29*G29 -> 0 | I29: =+E29+H29 -> 85000 | J29: 0.1 | K29: 1 | L29: 0.5 | M29: 1 | N29: 1 | O29: 1 | P29: =($I29 * (1+$J29)^P$7 / 12) * CHOOSE(P$7, $K29, $L29, $M29, $N29,$O29) -> 7791.6667 | Q29: =($I29 * (1+$J29)^Q$7 / 12) * CHOOSE(Q$7, $K29, $L29, $M29, $N29,$O29) -> 7791.6667 | R29: =($I29 * (1+$J29)^R$7 / 12) * CHOOSE(R$7, $K29, $L29, $M29, $N29,$O29) -> 7791.6667 | S29: =($I29 * (1+$J29)^S$7 / 12) * CHOOSE(S$7, $K29, $L29, $M29, $N29,$O29) -> 7791.6667 | T29: =($I29 * (1+$J29)^T$7 / 12) * CHOOSE(T$7, $K29, $L29, $M29, $N29,$O29) -> 7791.6667 | U29: =($I29 * (1+$J29)^U$7 / 12) * CHOOSE(U$7, $K29, $L29, $M29, $N29,$O29) -> 7791.6667 | V29: =($I29 * (1+$J29)^V$7 / 12) * CHOOSE(V$7, $K29, $L29, $M29, $N29,$O29) -> 7791.6667 | W29: =($I29 * (1+$J29)^W$7 / 12) * CHOOSE(W$7, $K29, $L29, $M29, $N29,$O29) -> 7791.6667 | ... AY29: =($I29 * (1+$J29)^AY$7 / 12) * CHOOSE(AY$7, $K29, $L29, $M29, $N29,$O29) -> 9427.9167
B30: [Placeholder] | C30: Employee 8 | D30: 80000 | E30: 85000 | H30: =+E30*G30 -> 0 | I30: =+E30+H30 -> 85000 | J30: 0.1 | K30: 1 | L30: 0.5 | M30: 0.5 | N30: 1 | O30: 1 | P30: =($I30 * (1+$J30)^P$7 / 12) * CHOOSE(P$7, $K30, $L30, $M30, $N30,$O30) -> 7791.6667 | Q30: =($I30 * (1+$J30)^Q$7 / 12) * CHOOSE(Q$7, $K30, $L30, $M30, $N30,$O30) -> 7791.6667 | R30: =($I30 * (1+$J30)^R$7 / 12) * CHOOSE(R$7, $K30, $L30, $M30, $N30,$O30) -> 7791.6667 | S30: =($I30 * (1+$J30)^S$7 / 12) * CHOOSE(S$7, $K30, $L30, $M30, $N30,$O30) -> 7791.6667 | T30: =($I30 * (1+$J30)^T$7 / 12) * CHOOSE(T$7, $K30, $L30, $M30, $N30,$O30) -> 7791.6667 | U30: =($I30 * (1+$J30)^U$7 / 12) * CHOOSE(U$7, $K30, $L30, $M30, $N30,$O30) -> 7791.6667 | V30: =($I30 * (1+$J30)^V$7 / 12) * CHOOSE(V$7, $K30, $L30, $M30, $N30,$O30) -> 7791.6667 | W30: =($I30 * (1+$J30)^W$7 / 12) * CHOOSE(W$7, $K30, $L30, $M30, $N30,$O30) -> 7791.6667 | ... AY30: =($I30 * (1+$J30)^AY$7 / 12) * CHOOSE(AY$7, $K30, $L30, $M30, $N30,$O30) -> 4713.9583
B31: [Placeholder] | C31: Employee 9 | D31: 80000 | E31: 85000 | H31: =+E31*G31 -> 0 | I31: =+E31+H31 -> 85000 | J31: 0.1 | K31: 1 | L31: 0.5 | M31: 0.5 | N31: 1 | O31: 1 | P31: =($I31 * (1+$J31)^P$7 / 12) * CHOOSE(P$7, $K31, $L31, $M31, $N31,$O31) -> 7791.6667 | Q31: =($I31 * (1+$J31)^Q$7 / 12) * CHOOSE(Q$7, $K31, $L31, $M31, $N31,$O31) -> 7791.6667 | R31: =($I31 * (1+$J31)^R$7 / 12) * CHOOSE(R$7, $K31, $L31, $M31, $N31,$O31) -> 7791.6667 | S31: =($I31 * (1+$J31)^S$7 / 12) * CHOOSE(S$7, $K31, $L31, $M31, $N31,$O31) -> 7791.6667 | T31: =($I31 * (1+$J31)^T$7 / 12) * CHOOSE(T$7, $K31, $L31, $M31, $N31,$O31) -> 7791.6667 | U31: =($I31 * (1+$J31)^U$7 / 12) * CHOOSE(U$7, $K31, $L31, $M31, $N31,$O31) -> 7791.6667 | V31: =($I31 * (1+$J31)^V$7 / 12) * CHOOSE(V$7, $K31, $L31, $M31, $N31,$O31) -> 7791.6667 | W31: =($I31 * (1+$J31)^W$7 / 12) * CHOOSE(W$7, $K31, $L31, $M31, $N31,$O31) -> 7791.6667 | ... AY31: =($I31 * (1+$J31)^AY$7 / 12) * CHOOSE(AY$7, $K31, $L31, $M31, $N31,$O31) -> 4713.9583
B32: [Placeholder] | C32: Employee 10 | D32: 80000 | E32: 85000 | H32: =+E32*G32 -> 0 | I32: =+E32+H32 -> 85000 | J32: 0.1 | K32: 1 | L32: 0.5 | M32: 0.5 | N32: 0.7 | O32: 1 | P32: =($I32 * (1+$J32)^P$7 / 12) * CHOOSE(P$7, $K32, $L32, $M32, $N32,$O32) -> 7791.6667 | Q32: =($I32 * (1+$J32)^Q$7 / 12) * CHOOSE(Q$7, $K32, $L32, $M32, $N32,$O32) -> 7791.6667 | R32: =($I32 * (1+$J32)^R$7 / 12) * CHOOSE(R$7, $K32, $L32, $M32, $N32,$O32) -> 7791.6667 | S32: =($I32 * (1+$J32)^S$7 / 12) * CHOOSE(S$7, $K32, $L32, $M32, $N32,$O32) -> 7791.6667 | T32: =($I32 * (1+$J32)^T$7 / 12) * CHOOSE(T$7, $K32, $L32, $M32, $N32,$O32) -> 7791.6667 | U32: =($I32 * (1+$J32)^U$7 / 12) * CHOOSE(U$7, $K32, $L32, $M32, $N32,$O32) -> 7791.6667 | V32: =($I32 * (1+$J32)^V$7 / 12) * CHOOSE(V$7, $K32, $L32, $M32, $N32,$O32) -> 7791.6667 | W32: =($I32 * (1+$J32)^W$7 / 12) * CHOOSE(W$7, $K32, $L32, $M32, $N32,$O32) -> 7791.6667 | ... AY32: =($I32 * (1+$J32)^AY$7 / 12) * CHOOSE(AY$7, $K32, $L32, $M32, $N32,$O32) -> 4713.9583
B33: [Placeholder] | C33: Employee 11 | D33: 80000 | E33: 85000 | H33: =+E33*G33 -> 0 | I33: =+E33+H33 -> 85000 | J33: 0.1 | K33: 1 | L33: 0.5 | M33: 0.5 | N33: 0.7 | O33: 1 | P33: =($I33 * (1+$J33)^P$7 / 12) * CHOOSE(P$7, $K33, $L33, $M33, $N33,$O33) -> 7791.6667 | Q33: =($I33 * (1+$J33)^Q$7 / 12) * CHOOSE(Q$7, $K33, $L33, $M33, $N33,$O33) -> 7791.6667 | R33: =($I33 * (1+$J33)^R$7 / 12) * CHOOSE(R$7, $K33, $L33, $M33, $N33,$O33) -> 7791.6667 | S33: =($I33 * (1+$J33)^S$7 / 12) * CHOOSE(S$7, $K33, $L33, $M33, $N33,$O33) -> 7791.6667 | T33: =($I33 * (1+$J33)^T$7 / 12) * CHOOSE(T$7, $K33, $L33, $M33, $N33,$O33) -> 7791.6667 | U33: =($I33 * (1+$J33)^U$7 / 12) * CHOOSE(U$7, $K33, $L33, $M33, $N33,$O33) -> 7791.6667 | V33: =($I33 * (1+$J33)^V$7 / 12) * CHOOSE(V$7, $K33, $L33, $M33, $N33,$O33) -> 7791.6667 | W33: =($I33 * (1+$J33)^W$7 / 12) * CHOOSE(W$7, $K33, $L33, $M33, $N33,$O33) -> 7791.6667 | ... AY33: =($I33 * (1+$J33)^AY$7 / 12) * CHOOSE(AY$7, $K33, $L33, $M33, $N33,$O33) -> 4713.9583
D34: =SUM(D23:D33) -> 790000 | E34: =SUM(E23:E33) -> 843000 | F34: =+E34/D34-1 -> 0.067088608 | H34: =SUM(H23:H33) -> 72800 | I34: =SUM(I23:I33) -> 915800 | P34: =SUM(P23:P33) -> 83805.333 | Q34: =SUM(Q23:Q33) -> 83805.333 | R34: =SUM(R23:R33) -> 83805.333 | S34: =SUM(S23:S33) -> 83805.333 | T34: =SUM(T23:T33) -> 83805.333 | U34: =SUM(U23:U33) -> 83805.333 | V34: =SUM(V23:V33) -> 83805.333 | W34: =SUM(W23:W33) -> 83805.333 | ... AY34: =SUM(AY23:AY33) -> 82216.588
B36: Salaries and wages | D36: =+D21+D34 -> 840000 | E36: =+E21+E34 -> 895500 | F36: =+E36/D36-1 -> 0.066071429 | H36: =+H34+H21 -> 79140 | I36: =+I34+I21 -> 974640 | P36: =+P21+P34 -> 88054.133 | Q36: =+Q21+Q34 -> 88054.133 | R36: =+R21+R34 -> 88054.133 | S36: =+S21+S34 -> 88054.133 | T36: =+T21+T34 -> 88054.133 | U36: =+U21+U34 -> 88054.133 | V36: =+V21+V34 -> 88054.133 | W36: =+W21+W34 -> 88054.133 | ... AY36: =+AY21+AY34 -> 87434.784
B39: Headcount Direct | P39: =COUNTIF(P10:P20,">0") -> 10 | Q39: =COUNTIF(Q10:Q20,">0") -> 10 | R39: =COUNTIF(R10:R20,">0") -> 10 | S39: =COUNTIF(S10:S20,">0") -> 10 | T39: =COUNTIF(T10:T20,">0") -> 10 | U39: =COUNTIF(U10:U20,">0") -> 10 | V39: =COUNTIF(V10:V20,">0") -> 10 | W39: =COUNTIF(W10:W20,">0") -> 10 | ... AY39: =COUNTIF(AY10:AY20,">0") -> 11
B40: Headcount Fixed | P40: =COUNTIF(P23:P33,">0") -> 11 | Q40: =COUNTIF(Q23:Q33,">0") -> 11 | R40: =COUNTIF(R23:R33,">0") -> 11 | S40: =COUNTIF(S23:S33,">0") -> 11 | T40: =COUNTIF(T23:T33,">0") -> 11 | U40: =COUNTIF(U23:U33,">0") -> 11 | V40: =COUNTIF(V23:V33,">0") -> 11 | W40: =COUNTIF(W23:W33,">0") -> 11 | ... AY40: =COUNTIF(AY23:AY33,">0") -> 11
B41: Headcount total | P41: =SUM(P39:P40) -> 21 | Q41: =SUM(Q39:Q40) -> 21 | R41: =SUM(R39:R40) -> 21 | S41: =SUM(S39:S40) -> 21 | T41: =SUM(T39:T40) -> 21 | U41: =SUM(U39:U40) -> 21 | V41: =SUM(V39:V40) -> 21 | W41: =SUM(W39:W40) -> 21 | ... AY41: =SUM(AY39:AY40) -> 22
B44: Total costs in general leger accounts
B45: Check

Sheet Overheads
A1: OVERHEAD EXPENSES
B3: ='Revenue & COGS Building'!B12 -> Financial year start month | J3: ='Revenue & COGS Building'!O12 -> 46053 | K3: ='Revenue & COGS Building'!P12 -> 46054 | L3: ='Revenue & COGS Building'!Q12 -> 46082 | M3: ='Revenue & COGS Building'!R12 -> 46113 | N3: ='Revenue & COGS Building'!S12 -> 46143 | O3: ='Revenue & COGS Building'!T12 -> 46174 | P3: ='Revenue & COGS Building'!U12 -> 46204 | Q3: ='Revenue & COGS Building'!V12 -> 46235 | ... AS3: ='Revenue & COGS Building'!AX12 -> 47088
B4: ='Revenue & COGS Building'!B13 -> Month | J4: ='Revenue & COGS Building'!O13 -> 1 | K4: ='Revenue & COGS Building'!P13 -> 2 | L4: ='Revenue & COGS Building'!Q13 -> 3 | M4: ='Revenue & COGS Building'!R13 -> 4 | N4: ='Revenue & COGS Building'!S13 -> 5 | O4: ='Revenue & COGS Building'!T13 -> 6 | P4: ='Revenue & COGS Building'!U13 -> 7 | Q4: ='Revenue & COGS Building'!V13 -> 8 | ... AS4: ='Revenue & COGS Building'!AX13 -> 36
B5: ='Revenue & COGS Building'!B14 -> Year | J5: ='Revenue & COGS Building'!O14 -> 1 | K5: ='Revenue & COGS Building'!P14 -> 1 | L5: ='Revenue & COGS Building'!Q14 -> 1 | M5: ='Revenue & COGS Building'!R14 -> 1 | N5: ='Revenue & COGS Building'!S14 -> 1 | O5: ='Revenue & COGS Building'!T14 -> 1 | P5: ='Revenue & COGS Building'!U14 -> 1 | Q5: ='Revenue & COGS Building'!V14 -> 1 | ... AS5: ='Revenue & COGS Building'!AX14 -> 3
B6: Overhead variable | C6: ='Historicals & Projections'!D6 -> 2025 | D6: Assumption | E6: ='Revenue & COGS Building'!O15 -> 2026 | F6: =E6+1 -> 2027 | G6: =F6+1 -> 2028 | H6: =G6+1 -> 2029 | I6: =H6+1 -> 2030 | J6: ='Revenue & COGS Building'!O15 -> 2026 | K6: ='Revenue & COGS Building'!P15 -> 2026 | L6: ='Revenue & COGS Building'!Q15 -> 2026 | M6: ='Revenue & COGS Building'!R15 -> 2026 | N6: ='Revenue & COGS Building'!S15 -> 2026 | O6: ='Revenue & COGS Building'!T15 -> 2026 | P6: ='Revenue & COGS Building'!U15 -> 2026 | Q6: ='Revenue & COGS Building'!V15 -> 2026 | ... AS6: ='Revenue & COGS Building'!AX15 -> 2028
C8: Last month in period expenses
B9: Salaries and wages | C9: ='Salaries & Headcount'!E21 -> 52500 | D9: Developed in separate sheet | J9: =+'Salaries & Headcount'!P21 -> 4248.8 | K9: =+'Salaries & Headcount'!Q21 -> 4248.8 | L9: =+'Salaries & Headcount'!R21 -> 4248.8 | M9: =+'Salaries & Headcount'!S21 -> 4248.8 | N9: =+'Salaries & Headcount'!T21 -> 4248.8 | O9: =+'Salaries & Headcount'!U21 -> 4248.8 | P9: =+'Salaries & Headcount'!V21 -> 4248.8 | Q9: =+'Salaries & Headcount'!W21 -> 4248.8 | ... AS9: =+'Salaries & Headcount'!AY21 -> 5218.1957
B10: Recruitment | C10: =(1100-561)/14 -> 38.5 | D10: % of revenues | E10: =+C10/'Historicals & Projections'!$D$40 -> 0.0035 | F10: 0.0035 | G10: 0.0035 | H10: 0.0035 | I10: 0.0035 | J10: =CHOOSE(J$5, $E10, $F10, $G10, $H10, $I10) * 'Revenue & COGS Building'!O$67 -> 84.583333 | K10: =CHOOSE(K$5, $E10, $F10, $G10, $H10, $I10) * 'Revenue & COGS Building'!P$67 -> 113.37083 | L10: =CHOOSE(L$5, $E10, $F10, $G10, $H10, $I10) * 'Revenue & COGS Building'!Q$67 -> 142.15833 | M10: =CHOOSE(M$5, $E10, $F10, $G10, $H10, $I10) * 'Revenue & COGS Building'!R$67 -> 170.94583 | N10: =CHOOSE(N$5, $E10, $F10, $G10, $H10, $I10) * 'Revenue & COGS Building'!S$67 -> 199.73333 | O10: =CHOOSE(O$5, $E10, $F10, $G10, $H10, $I10) * 'Revenue & COGS Building'!T$67 -> 228.49167 | P10: =CHOOSE(P$5, $E10, $F10, $G10, $H10, $I10) * 'Revenue & COGS Building'!U$67 -> 257.25 | Q10: =CHOOSE(Q$5, $E10, $F10, $G10, $H10, $I10) * 'Revenue & COGS Building'!V$67 -> 286.00833 | ... AS10: =CHOOSE(AS$5, $E10, $F10, $G10, $H10, $I10) * 'Revenue & COGS Building'!AX$67 -> 2181.3458
B11: Education | C11: 85 | D11: % of revenues | E11: =+C11/'Historicals & Projections'!$D$40 -> 0.0077272727 | F11: 0.0077272727 | G11: 0.0077272727 | H11: 0.0077272727 | I11: 0.0077272727 | J11: =CHOOSE(J$5, $E11, $F11, $G11, $H11, $I11) * 'Revenue & COGS Building'!O$67 -> 186.74242 | K11: =CHOOSE(K$5, $E11, $F11, $G11, $H11, $I11) * 'Revenue & COGS Building'!P$67 -> 250.29924 | L11: =CHOOSE(L$5, $E11, $F11, $G11, $H11, $I11) * 'Revenue & COGS Building'!Q$67 -> 313.85606 | M11: =CHOOSE(M$5, $E11, $F11, $G11, $H11, $I11) * 'Revenue & COGS Building'!R$67 -> 377.41288 | N11: =CHOOSE(N$5, $E11, $F11, $G11, $H11, $I11) * 'Revenue & COGS Building'!S$67 -> 440.9697 | O11: =CHOOSE(O$5, $E11, $F11, $G11, $H11, $I11) * 'Revenue & COGS Building'!T$67 -> 504.46212 | P11: =CHOOSE(P$5, $E11, $F11, $G11, $H11, $I11) * 'Revenue & COGS Building'!U$67 -> 567.95455 | Q11: =CHOOSE(Q$5, $E11, $F11, $G11, $H11, $I11) * 'Revenue & COGS Building'!V$67 -> 631.44697 | ... AS11: =CHOOSE(AS$5, $E11, $F11, $G11, $H11, $I11) * 'Revenue & COGS Building'!AX$67 -> 4815.9583
B12: Severance pay | C12: =(1100-561)/14 -> 38.5 | D12: % of revenues | E12: =+C12/'Historicals & Projections'!$D$40 -> 0.0035 | F12: 0.0035 | G12: 0.0035 | H12: 0.0035 | I12: 0.0035 | J12: =CHOOSE(J$5, $E12, $F12, $G12, $H12, $I12) * 'Revenue & COGS Building'!O$67 -> 84.583333 | K12: =CHOOSE(K$5, $E12, $F12, $G12, $H12, $I12) * 'Revenue & COGS Building'!P$67 -> 113.37083 | L12: =CHOOSE(L$5, $E12, $F12, $G12, $H12, $I12) * 'Revenue & COGS Building'!Q$67 -> 142.15833 | M12: =CHOOSE(M$5, $E12, $F12, $G12, $H12, $I12) * 'Revenue & COGS Building'!R$67 -> 170.94583 | N12: =CHOOSE(N$5, $E12, $F12, $G12, $H12, $I12) * 'Revenue & COGS Building'!S$67 -> 199.73333 | O12: =CHOOSE(O$5, $E12, $F12, $G12, $H12, $I12) * 'Revenue & COGS Building'!T$67 -> 228.49167 | P12: =CHOOSE(P$5, $E12, $F12, $G12, $H12, $I12) * 'Revenue & COGS Building'!U$67 -> 257.25 | Q12: =CHOOSE(Q$5, $E12, $F12, $G12, $H12, $I12) * 'Revenue & COGS Building'!V$67 -> 286.00833 | ... AS12: =CHOOSE(AS$5, $E12, $F12, $G12, $H12, $I12) * 'Revenue & COGS Building'!AX$67 -> 2181.3458
B13: Travel | C13: 48 | D13: % of revenues | E13: =+C13/'Historicals & Projections'!$D$40 -> 0.0043636364 | F13: 0.0043636364 | G13: 0.0043636364 | H13: 0.0043636364 | I13: 0.0043636364 | J13: =CHOOSE(J$5, $E13, $F13, $G13, $H13, $I13) * 'Revenue & COGS Building'!O$67 -> 105.45455 | K13: =CHOOSE(K$5, $E13, $F13, $G13, $H13, $I13) * 'Revenue & COGS Building'!P$67 -> 141.34545 | L13: =CHOOSE(L$5, $E13, $F13, $G13, $H13, $I13) * 'Revenue & COGS Building'!Q$67 -> 177.23636 | M13: =CHOOSE(M$5, $E13, $F13, $G13, $H13, $I13) * 'Revenue & COGS Building'!R$67 -> 213.12727 | N13: =CHOOSE(N$5, $E13, $F13, $G13, $H13, $I13) * 'Revenue & COGS Building'!S$67 -> 249.01818 | O13: =CHOOSE(O$5, $E13, $F13, $G13, $H13, $I13) * 'Revenue & COGS Building'!T$67 -> 284.87273 | P13: =CHOOSE(P$5, $E13, $F13, $G13, $H13, $I13) * 'Revenue & COGS Building'!U$67 -> 320.72727 | Q13: =CHOOSE(Q$5, $E13, $F13, $G13, $H13, $I13) * 'Revenue & COGS Building'!V$67 -> 356.58182 | ... AS13: =CHOOSE(AS$5, $E13, $F13, $G13, $H13, $I13) * 'Revenue & COGS Building'!AX$67 -> 2719.6
B14: Other personal expenses | C14: =(1100-561)/14 -> 38.5 | D14: % of revenues | E14: =+C14/'Historicals & Projections'!$D$40 -> 0.0035 | F14: 0.0035 | G14: 0.0035 | H14: 0.0035 | I14: 0.0035 | J14: =CHOOSE(J$5, $E14, $F14, $G14, $H14, $I14) * 'Revenue & COGS Building'!O$67 -> 84.583333 | K14: =CHOOSE(K$5, $E14, $F14, $G14, $H14, $I14) * 'Revenue & COGS Building'!P$67 -> 113.37083 | L14: =CHOOSE(L$5, $E14, $F14, $G14, $H14, $I14) * 'Revenue & COGS Building'!Q$67 -> 142.15833 | M14: =CHOOSE(M$5, $E14, $F14, $G14, $H14, $I14) * 'Revenue & COGS Building'!R$67 -> 170.94583 | N14: =CHOOSE(N$5, $E14, $F14, $G14, $H14, $I14) * 'Revenue & COGS Building'!S$67 -> 199.73333 | O14: =CHOOSE(O$5, $E14, $F14, $G14, $H14, $I14) * 'Revenue & COGS Building'!T$67 -> 228.49167 | P14: =CHOOSE(P$5, $E14, $F14, $G14, $H14, $I14) * 'Revenue & COGS Building'!U$67 -> 257.25 | Q14: =CHOOSE(Q$5, $E14, $F14, $G14, $H14, $I14) * 'Revenue & COGS Building'!V$67 -> 286.00833 | ... AS14: =CHOOSE(AS$5, $E14, $F14, $G14, $H14, $I14) * 'Revenue & COGS Building'!AX$67 -> 2181.3458
B15: Rent | C15: 76 | D15: % of revenues | E15: =+C15/'Historicals & Projections'!$D$40 -> 0.0069090909 | F15: 0.0069090909 | G15: 0.0069090909 | H15: 0.0069090909 | I15: 0.0069090909 | J15: =CHOOSE(J$5, $E15, $F15, $G15, $H15, $I15) * 'Revenue & COGS Building'!O$67 -> 166.9697 | K15: =CHOOSE(K$5, $E15, $F15, $G15, $H15, $I15) * 'Revenue & COGS Building'!P$67 -> 223.79697 | L15: =CHOOSE(L$5, $E15, $F15, $G15, $H15, $I15) * 'Revenue & COGS Building'!Q$67 -> 280.62424 | M15: =CHOOSE(M$5, $E15, $F15, $G15, $H15, $I15) * 'Revenue & COGS Building'!R$67 -> 337.45152 | N15: =CHOOSE(N$5, $E15, $F15, $G15, $H15, $I15) * 'Revenue & COGS Building'!S$67 -> 394.27879 | O15: =CHOOSE(O$5, $E15, $F15, $G15, $H15, $I15) * 'Revenue & COGS Building'!T$67 -> 451.04848 | P15: =CHOOSE(P$5, $E15, $F15, $G15, $H15, $I15) * 'Revenue & COGS Building'!U$67 -> 507.81818 | Q15: =CHOOSE(Q$5, $E15, $F15, $G15, $H15, $I15) * 'Revenue & COGS Building'!V$67 -> 564.58788 | ... AS15: =CHOOSE(AS$5, $E15, $F15, $G15, $H15, $I15) * 'Revenue & COGS Building'!AX$67 -> 4306.0333
B16: Utilities | C16: 37 | D16: % of revenues | E16: =+C16/'Historicals & Projections'!$D$40 -> 0.0033636364 | F16: 0.0033636364 | G16: 0.0033636364 | H16: 0.0033636364 | I16: 0.0033636364 | J16: =CHOOSE(J$5, $E16, $F16, $G16, $H16, $I16) * 'Revenue & COGS Building'!O$67 -> 81.287879 | K16: =CHOOSE(K$5, $E16, $F16, $G16, $H16, $I16) * 'Revenue & COGS Building'!P$67 -> 108.95379 | L16: =CHOOSE(L$5, $E16, $F16, $G16, $H16, $I16) * 'Revenue & COGS Building'!Q$67 -> 136.6197 | M16: =CHOOSE(M$5, $E16, $F16, $G16, $H16, $I16) * 'Revenue & COGS Building'!R$67 -> 164.28561 | N16: =CHOOSE(N$5, $E16, $F16, $G16, $H16, $I16) * 'Revenue & COGS Building'!S$67 -> 191.95152 | O16: =CHOOSE(O$5, $E16, $F16, $G16, $H16, $I16) * 'Revenue & COGS Building'!T$67 -> 219.58939 | P16: =CHOOSE(P$5, $E16, $F16, $G16, $H16, $I16) * 'Revenue & COGS Building'!U$67 -> 247.22727 | Q16: =CHOOSE(Q$5, $E16, $F16, $G16, $H16, $I16) * 'Revenue & COGS Building'!V$67 -> 274.86515 | ... AS16: =CHOOSE(AS$5, $E16, $F16, $G16, $H16, $I16) * 'Revenue & COGS Building'!AX$67 -> 2096.3583
B17: Phone internet | C17: =(1100-561)/14 -> 38.5 | D17: % of revenues | E17: =+C17/'Historicals & Projections'!$D$40 -> 0.0035 | F17: 0.0035 | G17: 0.0035 | H17: 0.0035 | I17: 0.0035 | J17: =CHOOSE(J$5, $E17, $F17, $G17, $H17, $I17) * 'Revenue & COGS Building'!O$67 -> 84.583333 | K17: =CHOOSE(K$5, $E17, $F17, $G17, $H17, $I17) * 'Revenue & COGS Building'!P$67 -> 113.37083 | L17: =CHOOSE(L$5, $E17, $F17, $G17, $H17, $I17) * 'Revenue & COGS Building'!Q$67 -> 142.15833 | M17: =CHOOSE(M$5, $E17, $F17, $G17, $H17, $I17) * 'Revenue & COGS Building'!R$67 -> 170.94583 | N17: =CHOOSE(N$5, $E17, $F17, $G17, $H17, $I17) * 'Revenue & COGS Building'!S$67 -> 199.73333 | O17: =CHOOSE(O$5, $E17, $F17, $G17, $H17, $I17) * 'Revenue & COGS Building'!T$67 -> 228.49167 | P17: =CHOOSE(P$5, $E17, $F17, $G17, $H17, $I17) * 'Revenue & COGS Building'!U$67 -> 257.25 | Q17: =CHOOSE(Q$5, $E17, $F17, $G17, $H17, $I17) * 'Revenue & COGS Building'!V$67 -> 286.00833 | ... AS17: =CHOOSE(AS$5, $E17, $F17, $G17, $H17, $I17) * 'Revenue & COGS Building'!AX$67 -> 2181.3458
B18: Equipment rental | C18: 90 | D18: % of revenues | E18: =+C18/'Historicals & Projections'!$D$40 -> 0.0081818182 | F18: 0.0081818182 | G18: 0.0081818182 | H18: 0.0081818182 | I18: 0.0081818182 | J18: =CHOOSE(J$5, $E18, $F18, $G18, $H18, $I18) * 'Revenue & COGS Building'!O$67 -> 197.72727 | K18: =CHOOSE(K$5, $E18, $F18, $G18, $H18, $I18) * 'Revenue & COGS Building'!P$67 -> 265.02273 | L18: =CHOOSE(L$5, $E18, $F18, $G18, $H18, $I18) * 'Revenue & COGS Building'!Q$67 -> 332.31818 | M18: =CHOOSE(M$5, $E18, $F18, $G18, $H18, $I18) * 'Revenue & COGS Building'!R$67 -> 399.61364 | N18: =CHOOSE(N$5, $E18, $F18, $G18, $H18, $I18) * 'Revenue & COGS Building'!S$67 -> 466.90909 | O18: =CHOOSE(O$5, $E18, $F18, $G18, $H18, $I18) * 'Revenue & COGS Building'!T$67 -> 534.13636 | P18: =CHOOSE(P$5, $E18, $F18, $G18, $H18, $I18) * 'Revenue & COGS Building'!U$67 -> 601.36364 | Q18: =CHOOSE(Q$5, $E18, $F18, $G18, $H18, $I18) * 'Revenue & COGS Building'!V$67 -> 668.59091 | ... AS18: =CHOOSE(AS$5, $E18, $F18, $G18, $H18, $I18) * 'Revenue & COGS Building'!AX$67 -> 5099.25
B19: Postal and delivery | C19: 45 | D19: % of revenues | E19: =+C19/'Historicals & Projections'!$D$40 -> 0.0040909091 | F19: 0.0040909091 | G19: 0.0040909091 | H19: 0.0040909091 | I19: 0.0040909091 | J19: =CHOOSE(J$5, $E19, $F19, $G19, $H19, $I19) * 'Revenue & COGS Building'!O$67 -> 98.863636 | K19: =CHOOSE(K$5, $E19, $F19, $G19, $H19, $I19) * 'Revenue & COGS Building'!P$67 -> 132.51136 | L19: =CHOOSE(L$5, $E19, $F19, $G19, $H19, $I19) * 'Revenue & COGS Building'!Q$67 -> 166.15909 | M19: =CHOOSE(M$5, $E19, $F19, $G19, $H19, $I19) * 'Revenue & COGS Building'!R$67 -> 199.80682 | N19: =CHOOSE(N$5, $E19, $F19, $G19, $H19, $I19) * 'Revenue & COGS Building'!S$67 -> 233.45455 | O19: =CHOOSE(O$5, $E19, $F19, $G19, $H19, $I19) * 'Revenue & COGS Building'!T$67 -> 267.06818 | P19: =CHOOSE(P$5, $E19, $F19, $G19, $H19, $I19) * 'Revenue & COGS Building'!U$67 -> 300.68182 | Q19: =CHOOSE(Q$5, $E19, $F19, $G19, $H19, $I19) * 'Revenue & COGS Building'!V$67 -> 334.29545 | ... AS19: =CHOOSE(AS$5, $E19, $F19, $G19, $H19, $I19) * 'Revenue & COGS Building'!AX$67 -> 2549.625
B20: Maintenance | C20: =(1100-561)/14 -> 38.5 | D20: % of revenues | E20: =+C20/'Historicals & Projections'!$D$40 -> 0.0035 | F20: 0.0035 | G20: 0.0035 | H20: 0.0035 | I20: 0.0035 | J20: =CHOOSE(J$5, $E20, $F20, $G20, $H20, $I20) * 'Revenue & COGS Building'!O$67 -> 84.583333 | K20: =CHOOSE(K$5, $E20, $F20, $G20, $H20, $I20) * 'Revenue & COGS Building'!P$67 -> 113.37083 | L20: =CHOOSE(L$5, $E20, $F20, $G20, $H20, $I20) * 'Revenue & COGS Building'!Q$67 -> 142.15833 | M20: =CHOOSE(M$5, $E20, $F20, $G20, $H20, $I20) * 'Revenue & COGS Building'!R$67 -> 170.94583 | N20: =CHOOSE(N$5, $E20, $F20, $G20, $H20, $I20) * 'Revenue & COGS Building'!S$67 -> 199.73333 | O20: =CHOOSE(O$5, $E20, $F20, $G20, $H20, $I20) * 'Revenue & COGS Building'!T$67 -> 228.49167 | P20: =CHOOSE(P$5, $E20, $F20, $G20, $H20, $I20) * 'Revenue & COGS Building'!U$67 -> 257.25 | Q20: =CHOOSE(Q$5, $E20, $F20, $G20, $H20, $I20) * 'Revenue & COGS Building'!V$67 -> 286.00833 | ... AS20: =CHOOSE(AS$5, $E20, $F20, $G20, $H20, $I20) * 'Revenue & COGS Building'!AX$67 -> 2181.3458
B21: Miscellaneous | C21: 33 | D21: % of revenues | E21: =+C21/'Historicals & Projections'!$D$40 -> 0.003 | F21: 0.003 | G21: 0.003 | H21: 0.003 | I21: 0.003 | J21: =CHOOSE(J$5, $E21, $F21, $G21, $H21, $I21) * 'Revenue & COGS Building'!O$67 -> 72.5 | K21: =CHOOSE(K$5, $E21, $F21, $G21, $H21, $I21) * 'Revenue & COGS Building'!P$67 -> 97.175 | L21: =CHOOSE(L$5, $E21, $F21, $G21, $H21, $I21) * 'Revenue & COGS Building'!Q$67 -> 121.85 | M21: =CHOOSE(M$5, $E21, $F21, $G21, $H21, $I21) * 'Revenue & COGS Building'!R$67 -> 146.525 | N21: =CHOOSE(N$5, $E21, $F21, $G21, $H21, $I21) * 'Revenue & COGS Building'!S$67 -> 171.2 | O21: =CHOOSE(O$5, $E21, $F21, $G21, $H21, $I21) * 'Revenue & COGS Building'!T$67 -> 195.85 | P21: =CHOOSE(P$5, $E21, $F21, $G21, $H21, $I21) * 'Revenue & COGS Building'!U$67 -> 220.5 | Q21: =CHOOSE(Q$5, $E21, $F21, $G21, $H21, $I21) * 'Revenue & COGS Building'!V$67 -> 245.15 | ... AS21: =CHOOSE(AS$5, $E21, $F21, $G21, $H21, $I21) * 'Revenue & COGS Building'!AX$67 -> 1869.725
B22: Other overhead variable | C22: =(1100-561)/14 -> 38.5 | D22: % of revenues | E22: =+C22/'Historicals & Projections'!$D$40 -> 0.0035 | F22: 0.0035 | G22: 0.0035 | H22: 0.0035 | I22: 0.0035 | J22: =CHOOSE(J$5, $E22, $F22, $G22, $H22, $I22) * 'Revenue & COGS Building'!O$67 -> 84.583333 | K22: =CHOOSE(K$5, $E22, $F22, $G22, $H22, $I22) * 'Revenue & COGS Building'!P$67 -> 113.37083 | L22: =CHOOSE(L$5, $E22, $F22, $G22, $H22, $I22) * 'Revenue & COGS Building'!Q$67 -> 142.15833 | M22: =CHOOSE(M$5, $E22, $F22, $G22, $H22, $I22) * 'Revenue & COGS Building'!R$67 -> 170.94583 | N22: =CHOOSE(N$5, $E22, $F22, $G22, $H22, $I22) * 'Revenue & COGS Building'!S$67 -> 199.73333 | O22: =CHOOSE(O$5, $E22, $F22, $G22, $H22, $I22) * 'Revenue & COGS Building'!T$67 -> 228.49167 | P22: =CHOOSE(P$5, $E22, $F22, $G22, $H22, $I22) * 'Revenue & COGS Building'!U$67 -> 257.25 | Q22: =CHOOSE(Q$5, $E22, $F22, $G22, $H22, $I22) * 'Revenue & COGS Building'!V$67 -> 286.00833 | ... AS22: =CHOOSE(AS$5, $E22, $F22, $G22, $H22, $I22) * 'Revenue & COGS Building'!AX$67 -> 2181.3458
B23: Total overhead variable | C23: =SUM(C9:C22) -> 53145 | J23: =SUM(J9:J22) -> 5665.8455 | K23: =SUM(K9:K22) -> 6148.1295 | L23: =SUM(L9:L22) -> 6630.4136 | M23: =SUM(M9:M22) -> 7112.6977 | N23: =SUM(N9:N22) -> 7594.9818 | O23: =SUM(O9:O22) -> 8076.7773 | P23: =SUM(P9:P22) -> 8558.5727 | Q23: =SUM(Q9:Q22) -> 9040.3682 | ... AS23: =SUM(AS9:AS22) -> 41762.821
B26: Historical figures vs input figures check
B28: Overhead fixed | C28: =+C6 -> 2025 | D28: Assumption | E28: =E6 -> 2026 | F28: =F6 -> 2027 | G28: =G6 -> 2028 | H28: =H6 -> 2029 | I28: =I6 -> 2030 | J28: =J3 -> 46053 | K28: =K3 -> 46054 | L28: =L3 -> 46082 | M28: =M3 -> 46113 | N28: =N3 -> 46143 | O28: =O3 -> 46174 | P28: =P3 -> 46204 | Q28: =Q3 -> 46235 | ... AS28: =AS3 -> 47088
C30: =C8 -> Last month in period expenses
B31: Salaries and wages | C31: ='Salaries & Headcount'!E34 -> 843000 | D31: Developed in separate sheet | J31: =+'Salaries & Headcount'!P34 -> 83805.333 | K31: =+'Salaries & Headcount'!Q34 -> 83805.333 | L31: =+'Salaries & Headcount'!R34 -> 83805.333 | M31: =+'Salaries & Headcount'!S34 -> 83805.333 | N31: =+'Salaries & Headcount'!T34 -> 83805.333 | O31: =+'Salaries & Headcount'!U34 -> 83805.333 | P31: =+'Salaries & Headcount'!V34 -> 83805.333 | Q31: =+'Salaries & Headcount'!W34 -> 83805.333 | ... AS31: =+'Salaries & Headcount'!AY34 -> 82216.588
B32: Recruitment | C32: 12000 | D32: Historical costs x growth rate | E32: =10% -> 0.1 | F32: =10% -> 0.1 | G32: =10% -> 0.1 | H32: =10% -> 0.1 | I32: =10% -> 0.1 | J32: =($C32 / 12) * (1 + CHOOSE(J$5, $E32, $F32, $G32, $H32, $I32)) -> 1100 | K32: =($C32 / 12) * (1 + CHOOSE(K$5, $E32, $F32, $G32, $H32, $I32)) -> 1100 | L32: =($C32 / 12) * (1 + CHOOSE(L$5, $E32, $F32, $G32, $H32, $I32)) -> 1100 | M32: =($C32 / 12) * (1 + CHOOSE(M$5, $E32, $F32, $G32, $H32, $I32)) -> 1100 | N32: =($C32 / 12) * (1 + CHOOSE(N$5, $E32, $F32, $G32, $H32, $I32)) -> 1100 | O32: =($C32 / 12) * (1 + CHOOSE(O$5, $E32, $F32, $G32, $H32, $I32)) -> 1100 | P32: =($C32 / 12) * (1 + CHOOSE(P$5, $E32, $F32, $G32, $H32, $I32)) -> 1100 | Q32: =($C32 / 12) * (1 + CHOOSE(Q$5, $E32, $F32, $G32, $H32, $I32)) -> 1100 | ... AS32: =($C32 / 12) * (1 + CHOOSE(AS$5, $E32, $F32, $G32, $H32, $I32)) -> 1100
B33: Education | C33: 12000 | D33: Historical costs x growth rate | E33: 0.12 | F33: 0.11 | G33: 0.12 | H33: 0.12 | I33: 0.12 | J33: =($C33 / 12) * (1 + CHOOSE(J$5, $E33, $F33, $G33, $H33, $I33)) -> 1120 | K33: =($C33 / 12) * (1 + CHOOSE(K$5, $E33, $F33, $G33, $H33, $I33)) -> 1120 | L33: =($C33 / 12) * (1 + CHOOSE(L$5, $E33, $F33, $G33, $H33, $I33)) -> 1120 | M33: =($C33 / 12) * (1 + CHOOSE(M$5, $E33, $F33, $G33, $H33, $I33)) -> 1120 | N33: =($C33 / 12) * (1 + CHOOSE(N$5, $E33, $F33, $G33, $H33, $I33)) -> 1120 | O33: =($C33 / 12) * (1 + CHOOSE(O$5, $E33, $F33, $G33, $H33, $I33)) -> 1120 | P33: =($C33 / 12) * (1 + CHOOSE(P$5, $E33, $F33, $G33, $H33, $I33)) -> 1120 | Q33: =($C33 / 12) * (1 + CHOOSE(Q$5, $E33, $F33, $G33, $H33, $I33)) -> 1120 | ... AS33: =($C33 / 12) * (1 + CHOOSE(AS$5, $E33, $F33, $G33, $H33, $I33)) -> 1120
B34: Severance pay | C34: 12000 | D34: Historical costs x growth rate | E34: =10% -> 0.1 | F34: =10% -> 0.1 | G34: =10% -> 0.1 | H34: =10% -> 0.1 | I34: =10% -> 0.1 | J34: =($C34 / 12) * (1 + CHOOSE(J$5, $E34, $F34, $G34, $H34, $I34)) -> 1100 | K34: =($C34 / 12) * (1 + CHOOSE(K$5, $E34, $F34, $G34, $H34, $I34)) -> 1100 | L34: =($C34 / 12) * (1 + CHOOSE(L$5, $E34, $F34, $G34, $H34, $I34)) -> 1100 | M34: =($C34 / 12) * (1 + CHOOSE(M$5, $E34, $F34, $G34, $H34, $I34)) -> 1100 | N34: =($C34 / 12) * (1 + CHOOSE(N$5, $E34, $F34, $G34, $H34, $I34)) -> 1100 | O34: =($C34 / 12) * (1 + CHOOSE(O$5, $E34, $F34, $G34, $H34, $I34)) -> 1100 | P34: =($C34 / 12) * (1 + CHOOSE(P$5, $E34, $F34, $G34, $H34, $I34)) -> 1100 | Q34: =($C34 / 12) * (1 + CHOOSE(Q$5, $E34, $F34, $G34, $H34, $I34)) -> 1100 | ... AS34: =($C34 / 12) * (1 + CHOOSE(AS$5, $E34, $F34, $G34, $H34, $I34)) -> 1100
B35: Travel | C35: 12000 | D35: Historical costs x growth rate | E35: =10% -> 0.1 | F35: =10% -> 0.1 | G35: =10% -> 0.1 | H35: =10% -> 0.1 | I35: =10% -> 0.1 | J35: =($C35 / 12) * (1 + CHOOSE(J$5, $E35, $F35, $G35, $H35, $I35)) -> 1100 | K35: =($C35 / 12) * (1 + CHOOSE(K$5, $E35, $F35, $G35, $H35, $I35)) -> 1100 | L35: =($C35 / 12) * (1 + CHOOSE(L$5, $E35, $F35, $G35, $H35, $I35)) -> 1100 | M35: =($C35 / 12) * (1 + CHOOSE(M$5, $E35, $F35, $G35, $H35, $I35)) -> 1100 | N35: =($C35 / 12) * (1 + CHOOSE(N$5, $E35, $F35, $G35, $H35, $I35)) -> 1100 | O35: =($C35 / 12) * (1 + CHOOSE(O$5, $E35, $F35, $G35, $H35, $I35)) -> 1100 | P35: =($C35 / 12) * (1 + CHOOSE(P$5, $E35, $F35, $G35, $H35, $I35)) -> 1100 | Q35: =($C35 / 12) * (1 + CHOOSE(Q$5, $E35, $F35, $G35, $H35, $I35)) -> 1100 | ... AS35: =($C35 / 12) * (1 + CHOOSE(AS$5, $E35, $F35, $G35, $H35, $I35)) -> 1100
B36: Other personal expenses | C36: 12000 | D36: Historical costs x growth rate | E36: 0.15 | F36: 0.15 | G36: 0.15 | H36: 0.15 | I36: 0.15 | J36: =($C36 / 12) * (1 + CHOOSE(J$5, $E36, $F36, $G36, $H36, $I36)) -> 1150 | K36: =($C36 / 12) * (1 + CHOOSE(K$5, $E36, $F36, $G36, $H36, $I36)) -> 1150 | L36: =($C36 / 12) * (1 + CHOOSE(L$5, $E36, $F36, $G36, $H36, $I36)) -> 1150 | M36: =($C36 / 12) * (1 + CHOOSE(M$5, $E36, $F36, $G36, $H36, $I36)) -> 1150 | N36: =($C36 / 12) * (1 + CHOOSE(N$5, $E36, $F36, $G36, $H36, $I36)) -> 1150 | O36: =($C36 / 12) * (1 + CHOOSE(O$5, $E36, $F36, $G36, $H36, $I36)) -> 1150 | P36: =($C36 / 12) * (1 + CHOOSE(P$5, $E36, $F36, $G36, $H36, $I36)) -> 1150 | Q36: =($C36 / 12) * (1 + CHOOSE(Q$5, $E36, $F36, $G36, $H36, $I36)) -> 1150 | ... AS36: =($C36 / 12) * (1 + CHOOSE(AS$5, $E36, $F36, $G36, $H36, $I36)) -> 1150
B37: Rent | C37: 12000 | D37: Historical costs x growth rate | E37: 0.05 | F37: 0.05 | G37: 0.05 | H37: 0.05 | I37: 0.05 | J37: =($C37 / 12) * (1 + CHOOSE(J$5, $E37, $F37, $G37, $H37, $I37)) -> 1050 | K37: =($C37 / 12) * (1 + CHOOSE(K$5, $E37, $F37, $G37, $H37, $I37)) -> 1050 | L37: =($C37 / 12) * (1 + CHOOSE(L$5, $E37, $F37, $G37, $H37, $I37)) -> 1050 | M37: =($C37 / 12) * (1 + CHOOSE(M$5, $E37, $F37, $G37, $H37, $I37)) -> 1050 | N37: =($C37 / 12) * (1 + CHOOSE(N$5, $E37, $F37, $G37, $H37, $I37)) -> 1050 | O37: =($C37 / 12) * (1 + CHOOSE(O$5, $E37, $F37, $G37, $H37, $I37)) -> 1050 | P37: =($C37 / 12) * (1 + CHOOSE(P$5, $E37, $F37, $G37, $H37, $I37)) -> 1050 | Q37: =($C37 / 12) * (1 + CHOOSE(Q$5, $E37, $F37, $G37, $H37, $I37)) -> 1050 | ... AS37: =($C37 / 12) * (1 + CHOOSE(AS$5, $E37, $F37, $G37, $H37, $I37)) -> 1050
B38: Utilities | C38: 12000 | D38: Historical costs x growth rate | E38: 0.08 | F38: 0.08 | G38: 0.08 | H38: 0.08 | I38: 0.08 | J38: =($C38 / 12) * (1 + CHOOSE(J$5, $E38, $F38, $G38, $H38, $I38)) -> 1080 | K38: =($C38 / 12) * (1 + CHOOSE(K$5, $E38, $F38, $G38, $H38, $I38)) -> 1080 | L38: =($C38 / 12) * (1 + CHOOSE(L$5, $E38, $F38, $G38, $H38, $I38)) -> 1080 | M38: =($C38 / 12) * (1 + CHOOSE(M$5, $E38, $F38, $G38, $H38, $I38)) -> 1080 | N38: =($C38 / 12) * (1 + CHOOSE(N$5, $E38, $F38, $G38, $H38, $I38)) -> 1080 | O38: =($C38 / 12) * (1 + CHOOSE(O$5, $E38, $F38, $G38, $H38, $I38)) -> 1080 | P38: =($C38 / 12) * (1 + CHOOSE(P$5, $E38, $F38, $G38, $H38, $I38)) -> 1080 | Q38: =($C38 / 12) * (1 + CHOOSE(Q$5, $E38, $F38, $G38, $H38, $I38)) -> 1080 | ... AS38: =($C38 / 12) * (1 + CHOOSE(AS$5, $E38, $F38, $G38, $H38, $I38)) -> 1080
B39: Phone internet | C39: 12000 | D39: Historical costs x growth rate | E39: =10% -> 0.1 | F39: =10% -> 0.1 | G39: =10% -> 0.1 | H39: =10% -> 0.1 | I39: =10% -> 0.1 | J39: =($C39 / 12) * (1 + CHOOSE(J$5, $E39, $F39, $G39, $H39, $I39)) -> 1100 | K39: =($C39 / 12) * (1 + CHOOSE(K$5, $E39, $F39, $G39, $H39, $I39)) -> 1100 | L39: =($C39 / 12) * (1 + CHOOSE(L$5, $E39, $F39, $G39, $H39, $I39)) -> 1100 | M39: =($C39 / 12) * (1 + CHOOSE(M$5, $E39, $F39, $G39, $H39, $I39)) -> 1100 | N39: =($C39 / 12) * (1 + CHOOSE(N$5, $E39, $F39, $G39, $H39, $I39)) -> 1100 | O39: =($C39 / 12) * (1 + CHOOSE(O$5, $E39, $F39, $G39, $H39, $I39)) -> 1100 | P39: =($C39 / 12) * (1 + CHOOSE(P$5, $E39, $F39, $G39, $H39, $I39)) -> 1100 | Q39: =($C39 / 12) * (1 + CHOOSE(Q$5, $E39, $F39, $G39, $H39, $I39)) -> 1100 | ... AS39: =($C39 / 12) * (1 + CHOOSE(AS$5, $E39, $F39, $G39, $H39, $I39)) -> 1100
B40: Equipment rental | C40: 12000 | D40: Historical costs x growth rate | E40: 0.07 | F40: 0.07 | G40: 0.07 | H40: 0.07 | I40: 0.07 | J40: =($C40 / 12) * (1 + CHOOSE(J$5, $E40, $F40, $G40, $H40, $I40)) -> 1070 | K40: =($C40 / 12) * (1 + CHOOSE(K$5, $E40, $F40, $G40, $H40, $I40)) -> 1070 | L40: =($C40 / 12) * (1 + CHOOSE(L$5, $E40, $F40, $G40, $H40, $I40)) -> 1070 | M40: =($C40 / 12) * (1 + CHOOSE(M$5, $E40, $F40, $G40, $H40, $I40)) -> 1070 | N40: =($C40 / 12) * (1 + CHOOSE(N$5, $E40, $F40, $G40, $H40, $I40)) -> 1070 | O40: =($C40 / 12) * (1 + CHOOSE(O$5, $E40, $F40, $G40, $H40, $I40)) -> 1070 | P40: =($C40 / 12) * (1 + CHOOSE(P$5, $E40, $F40, $G40, $H40, $I40)) -> 1070 | Q40: =($C40 / 12) * (1 + CHOOSE(Q$5, $E40, $F40, $G40, $H40, $I40)) -> 1070 | ... AS40: =($C40 / 12) * (1 + CHOOSE(AS$5, $E40, $F40, $G40, $H40, $I40)) -> 1070
B41: Postal and delivery | C41: 12000 | D41: Historical costs x growth rate | E41: 0.05 | F41: 0.05 | G41: 0.05 | H41: 0.05 | I41: 0.05 | J41: =($C41 / 12) * (1 + CHOOSE(J$5, $E41, $F41, $G41, $H41, $I41)) -> 1050 | K41: =($C41 / 12) * (1 + CHOOSE(K$5, $E41, $F41, $G41, $H41, $I41)) -> 1050 | L41: =($C41 / 12) * (1 + CHOOSE(L$5, $E41, $F41, $G41, $H41, $I41)) -> 1050 | M41: =($C41 / 12) * (1 + CHOOSE(M$5, $E41, $F41, $G41, $H41, $I41)) -> 1050 | N41: =($C41 / 12) * (1 + CHOOSE(N$5, $E41, $F41, $G41, $H41, $I41)) -> 1050 | O41: =($C41 / 12) * (1 + CHOOSE(O$5, $E41, $F41, $G41, $H41, $I41)) -> 1050 | P41: =($C41 / 12) * (1 + CHOOSE(P$5, $E41, $F41, $G41, $H41, $I41)) -> 1050 | Q41: =($C41 / 12) * (1 + CHOOSE(Q$5, $E41, $F41, $G41, $H41, $I41)) -> 1050 | ... AS41: =($C41 / 12) * (1 + CHOOSE(AS$5, $E41, $F41, $G41, $H41, $I41)) -> 1050
B42: Maintenance | C42: 12000 | D42: Historical costs x growth rate | E42: 0.08 | F42: 0.08 | G42: 0.08 | H42: 0.08 | I42: 0.08 | J42: =($C42 / 12) * (1 + CHOOSE(J$5, $E42, $F42, $G42, $H42, $I42)) -> 1080 | K42: =($C42 / 12) * (1 + CHOOSE(K$5, $E42, $F42, $G42, $H42, $I42)) -> 1080 | L42: =($C42 / 12) * (1 + CHOOSE(L$5, $E42, $F42, $G42, $H42, $I42)) -> 1080 | M42: =($C42 / 12) * (1 + CHOOSE(M$5, $E42, $F42, $G42, $H42, $I42)) -> 1080 | N42: =($C42 / 12) * (1 + CHOOSE(N$5, $E42, $F42, $G42, $H42, $I42)) -> 1080 | O42: =($C42 / 12) * (1 + CHOOSE(O$5, $E42, $F42, $G42, $H42, $I42)) -> 1080 | P42: =($C42 / 12) * (1 + CHOOSE(P$5, $E42, $F42, $G42, $H42, $I42)) -> 1080 | Q42: =($C42 / 12) * (1 + CHOOSE(Q$5, $E42, $F42, $G42, $H42, $I42)) -> 1080 | ... AS42: =($C42 / 12) * (1 + CHOOSE(AS$5, $E42, $F42, $G42, $H42, $I42)) -> 1080
B43: Miscellaneous | C43: 12000 | D43: Historical costs x growth rate | E43: =10% -> 0.1 | F43: =10% -> 0.1 | G43: =10% -> 0.1 | H43: =10% -> 0.1 | I43: =10% -> 0.1 | J43: =($C43 / 12) * (1 + CHOOSE(J$5, $E43, $F43, $G43, $H43, $I43)) -> 1100 | K43: =($C43 / 12) * (1 + CHOOSE(K$5, $E43, $F43, $G43, $H43, $I43)) -> 1100 | L43: =($C43 / 12) * (1 + CHOOSE(L$5, $E43, $F43, $G43, $H43, $I43)) -> 1100 | M43: =($C43 / 12) * (1 + CHOOSE(M$5, $E43, $F43, $G43, $H43, $I43)) -> 1100 | N43: =($C43 / 12) * (1 + CHOOSE(N$5, $E43, $F43, $G43, $H43, $I43)) -> 1100 | O43: =($C43 / 12) * (1 + CHOOSE(O$5, $E43, $F43, $G43, $H43, $I43)) -> 1100 | P43: =($C43 / 12) * (1 + CHOOSE(P$5, $E43, $F43, $G43, $H43, $I43)) -> 1100 | Q43: =($C43 / 12) * (1 + CHOOSE(Q$5, $E43, $F43, $G43, $H43, $I43)) -> 1100 | ... AS43: =($C43 / 12) * (1 + CHOOSE(AS$5, $E43, $F43, $G43, $H43, $I43)) -> 1100
B44: Other overhead variable | C44: 12000 | D44: Historical costs x growth rate | E44: =10% -> 0.1 | F44: =10% -> 0.1 | G44: =10% -> 0.1 | H44: =10% -> 0.1 | I44: =10% -> 0.1 | J44: =($C44 / 12) * (1 + CHOOSE(J$5, $E44, $F44, $G44, $H44, $I44)) -> 1100 | K44: =($C44 / 12) * (1 + CHOOSE(K$5, $E44, $F44, $G44, $H44, $I44)) -> 1100 | L44: =($C44 / 12) * (1 + CHOOSE(L$5, $E44, $F44, $G44, $H44, $I44)) -> 1100 | M44: =($C44 / 12) * (1 + CHOOSE(M$5, $E44, $F44, $G44, $H44, $I44)) -> 1100 | N44: =($C44 / 12) * (1 + CHOOSE(N$5, $E44, $F44, $G44, $H44, $I44)) -> 1100 | O44: =($C44 / 12) * (1 + CHOOSE(O$5, $E44, $F44, $G44, $H44, $I44)) -> 1100 | P44: =($C44 / 12) * (1 + CHOOSE(P$5, $E44, $F44, $G44, $H44, $I44)) -> 1100 | Q44: =($C44 / 12) * (1 + CHOOSE(Q$5, $E44, $F44, $G44, $H44, $I44)) -> 1100 | ... AS44: =($C44 / 12) * (1 + CHOOSE(AS$5, $E44, $F44, $G44, $H44, $I44)) -> 1100
B45: Total overhead fixed | C45: =SUM(C31:C44) -> 999000 | J45: =SUM(J31:J44) -> 98005.333 | K45: =SUM(K31:K44) -> 98005.333 | L45: =SUM(L31:L44) -> 98005.333 | M45: =SUM(M31:M44) -> 98005.333 | N45: =SUM(N31:N44) -> 98005.333 | O45: =SUM(O31:O44) -> 98005.333 | P45: =SUM(P31:P44) -> 98005.333 | Q45: =SUM(Q31:Q44) -> 98005.333 | ... AS45: =SUM(AS31:AS44) -> 96416.588
B48: Historical figures vs input figures check

Sheet NWC
A1: NET WORKING CAPITAL
A3: 1 | B3: NET WORKING CAPITAL PROJECTIONS
B5: Financial year start month | E5: ='Revenue & COGS Building'!O12 -> 46053 | F5: ='Revenue & COGS Building'!P12 -> 46054 | G5: ='Revenue & COGS Building'!Q12 -> 46082 | H5: ='Revenue & COGS Building'!R12 -> 46113 | I5: ='Revenue & COGS Building'!S12 -> 46143 | J5: ='Revenue & COGS Building'!T12 -> 46174 | K5: ='Revenue & COGS Building'!U12 -> 46204 | L5: ='Revenue & COGS Building'!V12 -> 46235 | ... AN5: ='Revenue & COGS Building'!AX12 -> 47088
B6: Month | E6: ='Revenue & COGS Building'!O13 -> 1 | F6: ='Revenue & COGS Building'!P13 -> 2 | G6: ='Revenue & COGS Building'!Q13 -> 3 | H6: ='Revenue & COGS Building'!R13 -> 4 | I6: ='Revenue & COGS Building'!S13 -> 5 | J6: ='Revenue & COGS Building'!T13 -> 6 | K6: ='Revenue & COGS Building'!U13 -> 7 | L6: ='Revenue & COGS Building'!V13 -> 8 | ... AN6: ='Revenue & COGS Building'!AX13 -> 36
B7: Year | D7: Historicals | E7: ='Revenue & COGS Building'!O14 -> 1 | F7: ='Revenue & COGS Building'!P14 -> 1 | G7: ='Revenue & COGS Building'!Q14 -> 1 | H7: ='Revenue & COGS Building'!R14 -> 1 | I7: ='Revenue & COGS Building'!S14 -> 1 | J7: ='Revenue & COGS Building'!T14 -> 1 | K7: ='Revenue & COGS Building'!U14 -> 1 | L7: ='Revenue & COGS Building'!V14 -> 1 | ... AN7: ='Revenue & COGS Building'!AX14 -> 3
B8: Working capital projections | C8: ='Historicals & Projections'!C6 -> 2024 | D8: ='Historicals & Projections'!D6 -> 2025 | E8: ='Revenue & COGS Building'!O15 -> 2026 | F8: ='Revenue & COGS Building'!P15 -> 2026 | G8: ='Revenue & COGS Building'!Q15 -> 2026 | H8: ='Revenue & COGS Building'!R15 -> 2026 | I8: ='Revenue & COGS Building'!S15 -> 2026 | J8: ='Revenue & COGS Building'!T15 -> 2026 | K8: ='Revenue & COGS Building'!U15 -> 2026 | L8: ='Revenue & COGS Building'!V15 -> 2026 | ... AN8: ='Revenue & COGS Building'!AX15 -> 2028
B10: Days sales outstanding | C10: =+'Ratio Analysis'!C31 -> 16.425 | D10: =+'Ratio Analysis'!D31 -> 15.761364 | E10: =$D10/Assumptions!$C$6 -> 1.313447 | F10: =$D10/Assumptions!$C$6 -> 1.313447 | G10: =$D10/Assumptions!$C$6 -> 1.313447 | H10: =$D10/Assumptions!$C$6 -> 1.313447 | I10: =$D10/Assumptions!$C$6 -> 1.313447 | J10: =$D10/Assumptions!$C$6 -> 1.313447 | K10: =$D10/Assumptions!$C$6 -> 1.313447 | L10: =$D10/Assumptions!$C$6 -> 1.313447 | ... AN10: =$D10/Assumptions!$C$6 -> 1.313447
B11: Days inventory outstanding | C11: =+'Ratio Analysis'!C32 -> 11.774194 | D11: =+'Ratio Analysis'!D32 -> 13.419118 | E11: =$D11/Assumptions!$C$6 -> 1.1182598 | F11: =$D11/Assumptions!$C$6 -> 1.1182598 | G11: =$D11/Assumptions!$C$6 -> 1.1182598 | H11: =$D11/Assumptions!$C$6 -> 1.1182598 | I11: =$D11/Assumptions!$C$6 -> 1.1182598 | J11: =$D11/Assumptions!$C$6 -> 1.1182598 | K11: =$D11/Assumptions!$C$6 -> 1.1182598 | L11: =$D11/Assumptions!$C$6 -> 1.1182598 | ... AN11: =$D11/Assumptions!$C$6 -> 1.1182598
B12: Days payable outstanding | C12: =+'Ratio Analysis'!C33 -> 5.8870968 | D12: =+'Ratio Analysis'!D33 -> 12.077206 | E12: =$D12/Assumptions!$C$6 -> 1.0064338 | F12: =$D12/Assumptions!$C$6 -> 1.0064338 | G12: =$D12/Assumptions!$C$6 -> 1.0064338 | H12: =$D12/Assumptions!$C$6 -> 1.0064338 | I12: =$D12/Assumptions!$C$6 -> 1.0064338 | J12: =$D12/Assumptions!$C$6 -> 1.0064338 | K12: =$D12/Assumptions!$C$6 -> 1.0064338 | L12: =$D12/Assumptions!$C$6 -> 1.0064338 | ... AN12: =$D12/Assumptions!$C$6 -> 1.0064338
B13: Other current assets % in revenues | C13: =+'Historicals & Projections'!C11/'Historicals & Projections'!C40 -> 0.01 | D13: =+'Historicals & Projections'!D11/'Historicals & Projections'!D40 -> 0.013636364 | E13: =+$D13/Assumptions!$C$6 -> 0.0011363636 | F13: =+$D13/Assumptions!$C$6 -> 0.0011363636 | G13: =+$D13/Assumptions!$C$6 -> 0.0011363636 | H13: =+$D13/Assumptions!$C$6 -> 0.0011363636 | I13: =+$D13/Assumptions!$C$6 -> 0.0011363636 | J13: =+$D13/Assumptions!$C$6 -> 0.0011363636 | K13: =+$D13/Assumptions!$C$6 -> 0.0011363636 | L13: =+$D13/Assumptions!$C$6 -> 0.0011363636 | ... AN13: =+$D13/Assumptions!$C$6 -> 0.0011363636
B14: Other current liabilities % in revenues | C14: =+'Historicals & Projections'!C23/'Historicals & Projections'!C40 -> 0.0125 | D14: =+'Historicals & Projections'!D23/'Historicals & Projections'!D40 -> 0.013636364 | E14: =+$D14/Assumptions!$C$6 -> 0.0011363636 | F14: =+$D14/Assumptions!$C$6 -> 0.0011363636 | G14: =+$D14/Assumptions!$C$6 -> 0.0011363636 | H14: =+$D14/Assumptions!$C$6 -> 0.0011363636 | I14: =+$D14/Assumptions!$C$6 -> 0.0011363636 | J14: =+$D14/Assumptions!$C$6 -> 0.0011363636 | K14: =+$D14/Assumptions!$C$6 -> 0.0011363636 | L14: =+$D14/Assumptions!$C$6 -> 0.0011363636 | ... AN14: =+$D14/Assumptions!$C$6 -> 0.0011363636
B17: Revenues from sales | C17: =+'Historicals & Projections'!C40 -> 10000 | D17: =+'Historicals & Projections'!D40 -> 11000 | E17: =+'Revenue & COGS Building'!O67 -> 24166.667 | F17: =+'Revenue & COGS Building'!P67 -> 32391.667 | G17: =+'Revenue & COGS Building'!Q67 -> 40616.667 | H17: =+'Revenue & COGS Building'!R67 -> 48841.667 | I17: =+'Revenue & COGS Building'!S67 -> 57066.667 | J17: =+'Revenue & COGS Building'!T67 -> 65283.333 | K17: =+'Revenue & COGS Building'!U67 -> 73500 | L17: =+'Revenue & COGS Building'!V67 -> 81716.667 | ... AN17: =+'Revenue & COGS Building'!AX67 -> 623241.67
B18: Inventory turnover | C18: =+'Historicals & Projections'!C43 -> 6200 | D18: =+'Historicals & Projections'!D41 -> 6600 | E18: =+'Revenue & COGS Building'!O103 -> 16404.583 | F18: =+'Revenue & COGS Building'!P103 -> 22136.396 | G18: =+'Revenue & COGS Building'!Q103 -> 27868.208 | H18: =+'Revenue & COGS Building'!R103 -> 33600.021 | I18: =+'Revenue & COGS Building'!S103 -> 39331.833 | J18: =+'Revenue & COGS Building'!T103 -> 45057.542 | K18: =+'Revenue & COGS Building'!U103 -> 50783.25 | L18: =+'Revenue & COGS Building'!V103 -> 56508.958 | ... AN18: =+'Revenue & COGS Building'!AX103 -> 427869.27
B19: Suppliers turnover | C19: =+'Historicals & Projections'!C43 -> 6200 | D19: =+'Historicals & Projections'!D42 -> 200 | E19: =+'Revenue & COGS Building'!O103 -> 16404.583 | F19: =+'Revenue & COGS Building'!P103 -> 22136.396 | G19: =+'Revenue & COGS Building'!Q103 -> 27868.208 | H19: =+'Revenue & COGS Building'!R103 -> 33600.021 | I19: =+'Revenue & COGS Building'!S103 -> 39331.833 | J19: =+'Revenue & COGS Building'!T103 -> 45057.542 | K19: =+'Revenue & COGS Building'!U103 -> 50783.25 | L19: =+'Revenue & COGS Building'!V103 -> 56508.958 | ... AN19: =+'Revenue & COGS Building'!AX103 -> 427869.27
B22: Account receivable | C22: =+'Historicals & Projections'!C9 -> 450 | D22: =+'Historicals & Projections'!D9 -> 500 | E22: =+E17/(365/E10) -> 86.963384 | F22: =+F17/(365/F10) -> 116.56092 | G22: =+G17/(365/G10) -> 146.15846 | H22: =+H17/(365/H10) -> 175.756 | I22: =+I17/(365/I10) -> 205.35354 | J22: =+J17/(365/J10) -> 234.92109 | K22: =+K17/(365/K10) -> 264.48864 | L22: =+L17/(365/L10) -> 294.05619 | ... AN22: =+AN17/(365/AN10) -> 2242.7257
B23: Inventory | C23: =+'Historicals & Projections'!C10 -> 200 | D23: =+'Historicals & Projections'!D10 -> 300 | E23: =+E18/(365/E11) -> 50.25914 | F23: =+F18/(365/F11) -> 67.81984 | G23: =+G18/(365/G11) -> 85.38054 | H23: =+H18/(365/H11) -> 102.94124 | I23: =+I18/(365/I11) -> 120.50194 | J23: =+J18/(365/J11) -> 138.04394 | K23: =+K18/(365/K11) -> 155.58594 | L23: =+L18/(365/L11) -> 173.12794 | ... AN23: =+AN18/(365/AN11) -> 1310.874
B24: Account payable | C24: =+'Historicals & Projections'!C21 -> 100 | D24: =+'Historicals & Projections'!D21 -> 350 | E24: =+E19/(365/E12) -> 45.233226 | F24: =+F19/(365/F12) -> 61.037856 | G24: =+G19/(365/G12) -> 76.842486 | H24: =+H19/(365/H12) -> 92.647116 | I24: =+I19/(365/I12) -> 108.45175 | J24: =+J19/(365/J12) -> 124.23955 | K24: =+K19/(365/K12) -> 140.02734 | L24: =+L19/(365/L12) -> 155.81514 | ... AN24: =+AN19/(365/AN12) -> 1179.7866
B25: Other current assets | C25: =+'Historicals & Projections'!C11 -> 100 | D25: =+'Historicals & Projections'!D11 -> 150 | E25: =+E13*E17 -> 27.462121 | F25: =+F13*F17 -> 36.808712 | G25: =+G13*G17 -> 46.155303 | H25: =+H13*H17 -> 55.501894 | I25: =+I13*I17 -> 64.848485 | J25: =+J13*J17 -> 74.185606 | K25: =+K13*K17 -> 83.522727 | L25: =+L13*L17 -> 92.859848 | ... AN25: =+AN13*AN17 -> 708.22917
B26: Other liabilities | C26: =+'Historicals & Projections'!C23 -> 125 | D26: =+'Historicals & Projections'!D23 -> 150 | E26: =+E14*E17 -> 27.462121 | F26: =+F14*F17 -> 36.808712 | G26: =+G14*G17 -> 46.155303 | H26: =+H14*H17 -> 55.501894 | I26: =+I14*I17 -> 64.848485 | J26: =+J14*J17 -> 74.185606 | K26: =+K14*K17 -> 83.522727 | L26: =+L14*L17 -> 92.859848 | ... AN26: =+AN14*AN17 -> 708.22917
B28: Working capital, net | C28: =+C22+C23-C24-C26+C25 -> 525 | D28: =+D22+D23-D24-D26+D25 -> 450 | E28: =+E22+E23-E24-E26 -> 64.527177 | F28: =+F22+F23-F24-F26 -> 86.534194 | G28: =+G22+G23-G24-G26 -> 108.54121 | H28: =+H22+H23-H24-H26 -> 130.54823 | I28: =+I22+I23-I24-I26 -> 152.55524 | J28: =+J22+J23-J24-J26 -> 174.53987 | K28: =+K22+K23-K24-K26 -> 196.5245 | L28: =+L22+L23-L24-L26 -> 218.50913 | ... AN28: =+AN22+AN23-AN24-AN26 -> 1665.5839
B30: Check | C30: =+C28-'Ratio Analysis'!C21 -> 0 | D30: =+D28-'Ratio Analysis'!D21 -> 0
A32: 2 | B32: CASH CONVERSION CYCLE SCENARIO ANALYSIS
B34: Cash conversion cycle analysis | E34: Actual
B36: Scenario analysis
B37: Days other current assets outstanding | E37: 30
B38: Days sales outstanding | E38: 60
B39: Days inventory outstanding | E39: 40
B40: Days payable outstanding | E40: 60
B41: Days other liabilities outstanding | E41: 30
B42: Cash conversion cycle | E42: =+E37+E38+E39-E40-E41 -> 40
B45: Sales turnover | E45: 12000
B46: Inventory turnover | E46: 8000
B47: Suppliers turnover | E47: 9000
B48: Other liabilities turnover | E48: 1500
B50: Other current assets | E50: =E45/(365/E37) -> 986.30137
B51: Account receivable | E51: =+E45/(365/E38) -> 1972.6027
B52: Inventory | E52: =+E46/(365/E39) -> 876.71233
B53: Account payable | E53: =+E47/(365/E40) -> 1479.4521
B54: Other liabilities | E54: =+E48/(365/E41) -> 123.28767
B56: Working capital, net | E56: =+E51+E52-E53-E54 -> 1246.5753
B58: Impact on cash

Sheet TA 
A1: TANGIBLE ASSETS SCHEDULE + OTHER NON CURRENT ASSETS
B3: Financial year start month | F3: ='Revenue & COGS Building'!O12 -> 46053 | G3: ='Revenue & COGS Building'!P12 -> 46054 | H3: ='Revenue & COGS Building'!Q12 -> 46082 | I3: ='Revenue & COGS Building'!R12 -> 46113 | J3: ='Revenue & COGS Building'!S12 -> 46143 | K3: ='Revenue & COGS Building'!T12 -> 46174 | L3: ='Revenue & COGS Building'!U12 -> 46204 | M3: ='Revenue & COGS Building'!V12 -> 46235 | ... AO3: ='Revenue & COGS Building'!AX12 -> 47088
B4: Month | F4: ='Revenue & COGS Building'!O13 -> 1 | G4: ='Revenue & COGS Building'!P13 -> 2 | H4: ='Revenue & COGS Building'!Q13 -> 3 | I4: ='Revenue & COGS Building'!R13 -> 4 | J4: ='Revenue & COGS Building'!S13 -> 5 | K4: ='Revenue & COGS Building'!T13 -> 6 | L4: ='Revenue & COGS Building'!U13 -> 7 | M4: ='Revenue & COGS Building'!V13 -> 8 | ... AO4: ='Revenue & COGS Building'!AX13 -> 36
B5: Year | F5: ='Revenue & COGS Building'!O14 -> 1 | G5: ='Revenue & COGS Building'!P14 -> 1 | H5: ='Revenue & COGS Building'!Q14 -> 1 | I5: ='Revenue & COGS Building'!R14 -> 1 | J5: ='Revenue & COGS Building'!S14 -> 1 | K5: ='Revenue & COGS Building'!T14 -> 1 | L5: ='Revenue & COGS Building'!U14 -> 1 | M5: ='Revenue & COGS Building'!V14 -> 1 | ... AO5: ='Revenue & COGS Building'!AX14 -> 3
B6: Fixed assets | C6: Useful life in years | D6: Dep' rate per month/12 | E6: ='Historicals & Projections'!D6 -> 2025 | F6: ='Revenue & COGS Building'!O15 -> 2026 | G6: ='Revenue & COGS Building'!P15 -> 2026 | H6: ='Revenue & COGS Building'!Q15 -> 2026 | I6: ='Revenue & COGS Building'!R15 -> 2026 | J6: ='Revenue & COGS Building'!S15 -> 2026 | K6: ='Revenue & COGS Building'!T15 -> 2026 | L6: ='Revenue & COGS Building'!U15 -> 2026 | M6: ='Revenue & COGS Building'!V15 -> 2026 | ... AO6: ='Revenue & COGS Building'!AX15 -> 2028
B8: Tangible assets | C8: 5 | D8: =(1/C8%/100)/Assumptions!$C$6 -> 0.016666667 | F8: =E9 -> 400
B9: Existing assets | E9: 400 | F9: =SUM(F8:F8) -> 400 | G9: =SUM(G8:G8) -> 0 | H9: =SUM(H8:H8) -> 0 | I9: =SUM(I8:I8) -> 0 | J9: =SUM(J8:J8) -> 0 | K9: =SUM(K8:K8) -> 0 | L9: =SUM(L8:L8) -> 0 | M9: =SUM(M8:M8) -> 0 | ... AO9: =SUM(AO8:AO8) -> 0
B11: Tangible investment 1 | C11: 5 | D11: =(1/C11%/100)/Assumptions!$C$6 -> 0.016666667 | F11: 350 | G11: 0 | S11: 10000 | AD11: 5000
B12: Tangible investment 2 | C12: 5 | D12: =(1/C12%/100)/Assumptions!$C$6 -> 0.016666667 | F12: 100 | S12: 5000 | AD12: 50000
B13: Tangible investment 3 | C13: 5 | D13: =(1/C13%/100)/Assumptions!$C$6 -> 0.016666667 | F13: 120 | S13: 2500 | AD13: 25000
B14: New investment | F14: =SUM(F11:F13) -> 570 | G14: =SUM(G11:G13) -> 0 | H14: =SUM(H11:H13) -> 0 | I14: =SUM(I11:I13) -> 0 | J14: =SUM(J11:J13) -> 0 | K14: =SUM(K11:K13) -> 0 | L14: =SUM(L11:L13) -> 0 | M14: =SUM(M11:M13) -> 0 | ... AO14: =SUM(AO11:AO13) -> 0
B16: Total | F16: =+F14+F9 -> 970 | G16: =+G14+G9 -> 0 | H16: =+H14+H9 -> 0 | I16: =+I14+I9 -> 0 | J16: =+J14+J9 -> 0 | K16: =+K14+K9 -> 0 | L16: =+L14+L9 -> 0 | M16: =+M14+M9 -> 0 | ... AO16: =+AO14+AO9 -> 0
B18: Gains from sale of non-current assets | N18: 50
B19: Losses from sale of non-current assets
B20: Net losses
B22: Increase / decrease of other investments
B25: Aggregate purchase (nominal) value | F25: =F3 -> 46053 | G25: =G3 -> 46054 | H25: =H3 -> 46082 | I25: =I3 -> 46113 | J25: =J3 -> 46143 | K25: =K3 -> 46174 | L25: =L3 -> 46204 | M25: =M3 -> 46235 | ... AO25: =AO3 -> 47088
B27: Tangible assets | F27: =E9 -> 400 | G27: =+F27+G8 -> 400 | H27: =+G27+H8 -> 400 | I27: =+H27+I8 -> 400 | J27: =+I27+J8 -> 400 | K27: =+J27+K8 -> 400 | L27: =+K27+L8 -> 400 | M27: =+L27+M8 -> 400 | N27: =+M27+N8 -> 400 | ... AO27: =+AN27+AO8 -> 400
B28: Existing assets | F28: =E9 -> 400 | G28: =F28 -> 400 | H28: =G28 -> 400 | I28: =H28 -> 400 | J28: =I28 -> 400 | K28: =J28 -> 400 | L28: =K28 -> 400 | M28: =L28 -> 400 | N28: =M28 -> 400 | ... AO28: =AN28 -> 400
B30: Tangible investment 1 | F30: =E30 + F11 -> 350 | G30: =F30 + G11 -> 350 | H30: =G30 + H11 -> 350 | I30: =H30 + I11 -> 350 | J30: =I30 + J11 -> 350 | K30: =J30 + K11 -> 350 | L30: =K30 + L11 -> 350 | M30: =L30 + M11 -> 350 | ... AO30: =AN30 + AO11 -> 15350
B31: Tangible investment 2 | F31: =E31 + F12 -> 100 | G31: =F31 + G12 -> 100 | H31: =G31 + H12 -> 100 | I31: =H31 + I12 -> 100 | J31: =I31 + J12 -> 100 | K31: =J31 + K12 -> 100 | L31: =K31 + L12 -> 100 | M31: =L31 + M12 -> 100 | ... AO31: =AN31 + AO12 -> 55100
B32: Tangible investment 3 | F32: =E32 + F13 -> 120 | G32: =F32 + G13 -> 120 | H32: =G32 + H13 -> 120 | I32: =H32 + I13 -> 120 | J32: =I32 + J13 -> 120 | K32: =J32 + K13 -> 120 | L32: =K32 + L13 -> 120 | M32: =L32 + M13 -> 120 | ... AO32: =AN32 + AO13 -> 27620
B33: New investment | F33: =SUM(F30:F32) -> 570 | G33: =SUM(G30:G32) -> 570 | H33: =SUM(H30:H32) -> 570 | I33: =SUM(I30:I32) -> 570 | J33: =SUM(J30:J32) -> 570 | K33: =SUM(K30:K32) -> 570 | L33: =SUM(L30:L32) -> 570 | M33: =SUM(M30:M32) -> 570 | ... AO33: =SUM(AO30:AO32) -> 98070
B35: Total | F35: =+F33+F28 -> 970 | G35: =+G33+G28 -> 970 | H35: =+H33+H28 -> 970 | I35: =+I33+I28 -> 970 | J35: =+J33+J28 -> 970 | K35: =+K33+K28 -> 970 | L35: =+L33+L28 -> 970 | M35: =+M33+M28 -> 970 | ... AO35: =+AO33+AO28 -> 98470
B38: Depreciation per year | F38: =F25 -> 46053 | G38: =G25 -> 46054 | H38: =H25 -> 46082 | I38: =I25 -> 46113 | J38: =J25 -> 46143 | K38: =K25 -> 46174 | L38: =L25 -> 46204 | M38: =M25 -> 46235 | ... AO38: =AO25 -> 47088
B40: Tangible assets | F40: =+F27/$C$8 -> 80 | G40: =+G27/$C$8 -> 80 | H40: =+H27/$C$8 -> 80 | I40: =+I27/$C$8 -> 80 | J40: =+J27/$C$8 -> 80 | K40: =+K27/$C$8 -> 80 | L40: =+L27/$C$8 -> 80 | M40: =+M27/$C$8 -> 80 | ... AO40: =+AO27/$C$8 -> 80
B41: Existing assets | F41: =IF($E$9>0, $E$9/($C$8*12), 0) -> 6.6666667 | G41: =IF($E$9>0, $E$9/($C$8*12), 0) -> 6.6666667 | H41: =IF($E$9>0, $E$9/($C$8*12), 0) -> 6.6666667 | I41: =IF($E$9>0, $E$9/($C$8*12), 0) -> 6.6666667 | J41: =IF($E$9>0, $E$9/($C$8*12), 0) -> 6.6666667 | K41: =IF($E$9>0, $E$9/($C$8*12), 0) -> 6.6666667 | L41: =IF($E$9>0, $E$9/($C$8*12), 0) -> 6.6666667 | M41: =IF($E$9>0, $E$9/($C$8*12), 0) -> 6.6666667 | ... AO41: =IF($E$9>0, $E$9/($C$8*12), 0) -> 6.6666667
B43: Tangible investment 1 | F43: =MIN((F30/$C11)/12,(F30-E56)) -> 5.8333333 | G43: =MIN((G30/$C11)/12,(G30-F56)) -> 5.8333333 | H43: =MIN((H30/$C11)/12,(H30-G56)) -> 5.8333333 | I43: =MIN((I30/$C11)/12,(I30-H56)) -> 5.8333333 | J43: =MIN((J30/$C11)/12,(J30-I56)) -> 5.8333333 | K43: =MIN((K30/$C11)/12,(K30-J56)) -> 5.8333333 | L43: =MIN((L30/$C11)/12,(L30-K56)) -> 5.8333333 | M43: =MIN((M30/$C11)/12,(M30-L56)) -> 5.8333333 | ... AO43: =MIN((AO30/$C11)/12,(AO30-AN56)) -> 255.83333
B44: Tangible investment 2 | F44: =MIN((F31/$C12)/12,(F31-E57)) -> 1.6666667 | G44: =MIN((G31/$C12)/12,(G31-F57)) -> 1.6666667 | H44: =MIN((H31/$C12)/12,(H31-G57)) -> 1.6666667 | I44: =MIN((I31/$C12)/12,(I31-H57)) -> 1.6666667 | J44: =MIN((J31/$C12)/12,(J31-I57)) -> 1.6666667 | K44: =MIN((K31/$C12)/12,(K31-J57)) -> 1.6666667 | L44: =MIN((L31/$C12)/12,(L31-K57)) -> 1.6666667 | M44: =MIN((M31/$C12)/12,(M31-L57)) -> 1.6666667 | ... AO44: =MIN((AO31/$C12)/12,(AO31-AN57)) -> 918.33333
B45: Tangible investment 3 | F45: =MIN((F32/$C13)/12,(F32-E58)) -> 2 | G45: =MIN((G32/$C13)/12,(G32-F58)) -> 2 | H45: =MIN((H32/$C13)/12,(H32-G58)) -> 2 | I45: =MIN((I32/$C13)/12,(I32-H58)) -> 2 | J45: =MIN((J32/$C13)/12,(J32-I58)) -> 2 | K45: =MIN((K32/$C13)/12,(K32-J58)) -> 2 | L45: =MIN((L32/$C13)/12,(L32-K58)) -> 2 | M45: =MIN((M32/$C13)/12,(M32-L58)) -> 2 | ... AO45: =MIN((AO32/$C13)/12,(AO32-AN58)) -> 460.33333
B46: New investment | F46: =SUM(F43:F45) -> 9.5 | G46: =SUM(G43:G45) -> 9.5 | H46: =SUM(H43:H45) -> 9.5 | I46: =SUM(I43:I45) -> 9.5 | J46: =SUM(J43:J45) -> 9.5 | K46: =SUM(K43:K45) -> 9.5 | L46: =SUM(L43:L45) -> 9.5 | M46: =SUM(M43:M45) -> 9.5 | ... AO46: =SUM(AO43:AO45) -> 1634.5
B49: Total | F49: =+F46+F41 -> 16.166667 | G49: =+G46+G41 -> 16.166667 | H49: =+H46+H41 -> 16.166667 | I49: =+I46+I41 -> 16.166667 | J49: =+J46+J41 -> 16.166667 | K49: =+K46+K41 -> 16.166667 | L49: =+L46+L41 -> 16.166667 | M49: =+M46+M41 -> 16.166667 | ... AO49: =+AO46+AO41 -> 1641.1667
B51: Accumulated depreciation | F51: =+F38 -> 46053 | G51: =+G38 -> 46054 | H51: =+H38 -> 46082 | I51: =+I38 -> 46113 | J51: =+J38 -> 46143 | K51: =+K38 -> 46174 | L51: =+L38 -> 46204 | M51: =+M38 -> 46235 | ... AO51: =+AO38 -> 47088
B53: Tangible assets | F53: =+F40 -> 80 | G53: =+F40+G40 -> 160 | H53: =+F40+G40+H40 -> 240 | I53: =SUM(F40:I40) -> 320 | J53: =SUM(F40:J40) -> 400 | K53: =SUM(F40:K40) -> 480 | L53: =SUM(F40:L40) -> 560 | M53: =SUM(F40:M40) -> 640 | N53: =SUM(F40:N40) -> 720 | O53: =SUM(F40:O40) -> 800 | P53: =SUM(F40:P40) -> 880 | Q53: =SUM(F40:Q40) -> 960 | R53: =SUM(G40:R40) -> 960 | S53: =SUM(H40:S40) -> 960 | T53: =SUM(I40:T40) -> 960 | U53: =SUM(J40:U40) -> 960 | V53: =SUM(K40:V40) -> 960 | W53: =SUM(L40:W40) -> 960 | X53: =SUM(M40:X40) -> 960 | ... AO53: =SUM(AD40:AO40) -> 960
B54: Existing assets | F54: =IF(E9>0, E9/($C$8*12), 0) -> 6.6666667 | G54: =F54 + G41 -> 13.333333 | H54: =G54 + H41 -> 20 | I54: =H54 + I41 -> 26.666667 | J54: =I54 + J41 -> 33.333333 | K54: =J54 + K41 -> 40 | L54: =K54 + L41 -> 46.666667 | M54: =L54 + M41 -> 53.333333 | N54: =M54 + N41 -> 60 | ... AO54: =AN54 + AO41 -> 240
B56: Tangible investment 1 | F56: =E56 + F43 -> 5.8333333 | G56: =F56 + G43 -> 11.666667 | H56: =G56 + H43 -> 17.5 | I56: =H56 + I43 -> 23.333333 | J56: =I56 + J43 -> 29.166667 | K56: =J56 + K43 -> 35 | L56: =K56 + L43 -> 40.833333 | M56: =L56 + M43 -> 46.666667 | ... AO56: =AN56 + AO43 -> 5043.3333
B57: Tangible investment 2 | F57: =E57 + F44 -> 1.6666667 | G57: =F57 + G44 -> 3.3333333 | H57: =G57 + H44 -> 5 | I57: =H57 + I44 -> 6.6666667 | J57: =I57 + J44 -> 8.3333333 | K57: =J57 + K44 -> 10 | L57: =K57 + L44 -> 11.666667 | M57: =L57 + M44 -> 13.333333 | ... AO57: =AN57 + AO44 -> 11976.667
B58: Tangible investment 3 | F58: =E58 + F45 -> 2 | G58: =F58 + G45 -> 4 | H58: =G58 + H45 -> 6 | I58: =H58 + I45 -> 8 | J58: =I58 + J45 -> 10 | K58: =J58 + K45 -> 12 | L58: =K58 + L45 -> 14 | M58: =L58 + M45 -> 16 | ... AO58: =AN58 + AO45 -> 6030.3333
B59: New investment | F59: =SUM(F56:F58) -> 9.5 | G59: =SUM(G56:G58) -> 19 | H59: =SUM(H56:H58) -> 28.5 | I59: =SUM(I56:I58) -> 38 | J59: =SUM(J56:J58) -> 47.5 | K59: =SUM(K56:K58) -> 57 | L59: =SUM(L56:L58) -> 66.5 | M59: =SUM(M56:M58) -> 76 | ... AO59: =SUM(AO56:AO58) -> 23050.333
B61: Total | F61: =+F59+F54 -> 16.166667 | G61: =+G59+G54 -> 32.333333 | H61: =+H59+H54 -> 48.5 | I61: =+I59+I54 -> 64.666667 | J61: =+J59+J54 -> 80.833333 | K61: =+K59+K54 -> 97 | L61: =+L59+L54 -> 113.16667 | M61: =+M59+M54 -> 129.33333 | ... AO61: =+AO59+AO54 -> 23290.333
B64: Carrying value | F64: =+F51 -> 46053 | G64: =+G51 -> 46054 | H64: =+H51 -> 46082 | I64: =+I51 -> 46113 | J64: =+J51 -> 46143 | K64: =+K51 -> 46174 | L64: =+L51 -> 46204 | M64: =+M51 -> 46235 | ... AO64: =+AO51 -> 47088
B66: Tangible assets | F66: =F27-F53 -> 320 | G66: =G27-G53 -> 240 | H66: =H27-H53 -> 160 | I66: =I27-I53 -> 80 | J66: =J27-J53 -> 0 | K66: =K27-K53 -> -80 | L66: =L27-L53 -> -160 | M66: =M27-M53 -> -240 | ... AO66: =AO27-AO53 -> -560
B67: Existing assets | F67: =F28 - F54 -> 393.33333 | G67: =G28 - G54 -> 386.66667 | H67: =H28 - H54 -> 380 | I67: =I28 - I54 -> 373.33333 | J67: =J28 - J54 -> 366.66667 | K67: =K28 - K54 -> 360 | L67: =L28 - L54 -> 353.33333 | M67: =M28 - M54 -> 346.66667 | ... AO67: =AO28 - AO54 -> 160
B69: Tangible investment 1 | F69: =F30 - F56 -> 344.16667 | G69: =G30 - G56 -> 338.33333 | H69: =H30 - H56 -> 332.5 | I69: =I30 - I56 -> 326.66667 | J69: =J30 - J56 -> 320.83333 | K69: =K30 - K56 -> 315 | L69: =L30 - L56 -> 309.16667 | M69: =M30 - M56 -> 303.33333 | ... AO69: =AO30 - AO56 -> 10306.667
B70: Tangible investment 2 | F70: =F31 - F57 -> 98.333333 | G70: =G31 - G57 -> 96.666667 | H70: =H31 - H57 -> 95 | I70: =I31 - I57 -> 93.333333 | J70: =J31 - J57 -> 91.666667 | K70: =K31 - K57 -> 90 | L70: =L31 - L57 -> 88.333333 | M70: =M31 - M57 -> 86.666667 | ... AO70: =AO31 - AO57 -> 43123.333
B71: Tangible investment 3 | F71: =F32 - F58 -> 118 | G71: =G32 - G58 -> 116 | H71: =H32 - H58 -> 114 | I71: =I32 - I58 -> 112 | J71: =J32 - J58 -> 110 | K71: =K32 - K58 -> 108 | L71: =L32 - L58 -> 106 | M71: =M32 - M58 -> 104 | ... AO71: =AO32 - AO58 -> 21589.667
B72: New investment | F72: =SUM(F69:F71) -> 560.5 | G72: =SUM(G69:G71) -> 551 | H72: =SUM(H69:H71) -> 541.5 | I72: =SUM(I69:I71) -> 532 | J72: =SUM(J69:J71) -> 522.5 | K72: =SUM(K69:K71) -> 513 | L72: =SUM(L69:L71) -> 503.5 | M72: =SUM(M69:M71) -> 494 | ... AO72: =SUM(AO69:AO71) -> 75019.667
B74: Total | F74: =+F72+F67 -> 953.83333 | G74: =+G72+G67 -> 937.66667 | H74: =+H72+H67 -> 921.5 | I74: =+I72+I67 -> 905.33333 | J74: =+J72+J67 -> 889.16667 | K74: =+K72+K67 -> 873 | L74: =+L72+L67 -> 856.83333 | M74: =+M72+M67 -> 840.66667 | ... AO74: =+AO72+AO67 -> 75179.667
A117: 2 | B117: RATIO ANALYSIS
B120: Profit and Loss Account
B122: Profitability ratios
B124: Gross profit margin
B125: EBITDA Margin
B126: Net profit rate
B127: ROE
B128: ROCE
B129: ROA
B134: Liquidity
B136: Net working capital
B137: Current ratio
B138: Cash ratio
... B156: Asset turnover

Sheet IA
A1: TANGIBLE ASSETS SCHEDULE + OTHER NON CURRENT ASSETS
B3: Financial year start month | F3: ='Revenue & COGS Building'!O12 -> 46053 | G3: ='Revenue & COGS Building'!P12 -> 46054 | H3: ='Revenue & COGS Building'!Q12 -> 46082 | I3: ='Revenue & COGS Building'!R12 -> 46113 | J3: ='Revenue & COGS Building'!S12 -> 46143 | K3: ='Revenue & COGS Building'!T12 -> 46174 | L3: ='Revenue & COGS Building'!U12 -> 46204 | M3: ='Revenue & COGS Building'!V12 -> 46235 | ... AO3: ='Revenue & COGS Building'!AX12 -> 47088
B4: Month | F4: ='Revenue & COGS Building'!O13 -> 1 | G4: ='Revenue & COGS Building'!P13 -> 2 | H4: ='Revenue & COGS Building'!Q13 -> 3 | I4: ='Revenue & COGS Building'!R13 -> 4 | J4: ='Revenue & COGS Building'!S13 -> 5 | K4: ='Revenue & COGS Building'!T13 -> 6 | L4: ='Revenue & COGS Building'!U13 -> 7 | M4: ='Revenue & COGS Building'!V13 -> 8 | ... AO4: ='Revenue & COGS Building'!AX13 -> 36
B5: Year | F5: ='Revenue & COGS Building'!O14 -> 1 | G5: ='Revenue & COGS Building'!P14 -> 1 | H5: ='Revenue & COGS Building'!Q14 -> 1 | I5: ='Revenue & COGS Building'!R14 -> 1 | J5: ='Revenue & COGS Building'!S14 -> 1 | K5: ='Revenue & COGS Building'!T14 -> 1 | L5: ='Revenue & COGS Building'!U14 -> 1 | M5: ='Revenue & COGS Building'!V14 -> 1 | ... AO5: ='Revenue & COGS Building'!AX14 -> 3
B6: Intangible assets investment plan | C6: Useful life in years | D6: Dep' rate per month/12 | E6: ='Historicals & Projections'!D6 -> 2025 | F6: ='Revenue & COGS Building'!O15 -> 2026 | G6: ='Revenue & COGS Building'!P15 -> 2026 | H6: ='Revenue & COGS Building'!Q15 -> 2026 | I6: ='Revenue & COGS Building'!R15 -> 2026 | J6: ='Revenue & COGS Building'!S15 -> 2026 | K6: ='Revenue & COGS Building'!T15 -> 2026 | L6: ='Revenue & COGS Building'!U15 -> 2026 | M6: ='Revenue & COGS Building'!V15 -> 2026 | ... AO6: ='Revenue & COGS Building'!AX15 -> 2028
B8: Intangible assets | C8: 5 | D8: =(1/C8%/100)/Assumptions!$C$6 -> 0.016666667 | F8: =E9 -> 200
B9: Existing assets | E9: ='Historicals & Projections'!D14 -> 200 | F9: =SUM(F8:F8) -> 200 | G9: =SUM(G8:G8) -> 0 | H9: =SUM(H8:H8) -> 0 | I9: =SUM(I8:I8) -> 0 | J9: =SUM(J8:J8) -> 0 | K9: =SUM(K8:K8) -> 0 | L9: =SUM(L8:L8) -> 0 | M9: =SUM(M8:M8) -> 0 | ... AO9: =SUM(AO8:AO8) -> 0
B11: Intangible investment 1 | C11: 5 | D11: =(1/C11%/100)/Assumptions!$C$6 -> 0.016666667 | F11: 350 | G11: 0
B12: Intangible investment 2 | C12: 5 | D12: =(1/C12%/100)/Assumptions!$C$6 -> 0.016666667 | F12: 100
B13: Intangible investment 3 | C13: 5 | D13: =(1/C13%/100)/Assumptions!$C$6 -> 0.016666667 | F13: 120
B14: New investment | F14: =SUM(F11:F13) -> 570 | G14: =SUM(G11:G13) -> 0 | H14: =SUM(H11:H13) -> 0 | I14: =SUM(I11:I13) -> 0 | J14: =SUM(J11:J13) -> 0 | K14: =SUM(K11:K13) -> 0 | L14: =SUM(L11:L13) -> 0 | M14: =SUM(M11:M13) -> 0 | ... AO14: =SUM(AO11:AO13) -> 0
B16: Total | F16: =+F14+F9 -> 770 | G16: =+G14+G9 -> 0 | H16: =+H14+H9 -> 0 | I16: =+I14+I9 -> 0 | J16: =+J14+J9 -> 0 | K16: =+K14+K9 -> 0 | L16: =+L14+L9 -> 0 | M16: =+M14+M9 -> 0 | ... AO16: =+AO14+AO9 -> 0
B18: Gains from sale of non-current assets
B19: Losses from sale of non-current assets
B20: Net losses
B22: Increase / decrease of other investments
B25: Aggregate purchase (nominal) value | F25: =F3 -> 46053 | G25: =G3 -> 46054 | H25: =H3 -> 46082 | I25: =I3 -> 46113 | J25: =J3 -> 46143 | K25: =K3 -> 46174 | L25: =L3 -> 46204 | M25: =M3 -> 46235 | ... AO25: =AO3 -> 47088
B27: Intangible assets | F27: =E9 -> 200 | G27: =+F27+G8 -> 200 | H27: =+G27+H8 -> 200 | I27: =+H27+I8 -> 200 | J27: =+I27+J8 -> 200 | K27: =+J27+K8 -> 200 | L27: =+K27+L8 -> 200 | M27: =+L27+M8 -> 200 | N27: =+M27+N8 -> 200 | ... AO27: =+AN27+AO8 -> 200
B28: Existing assets | F28: =E9 -> 200 | G28: =F28 -> 200 | H28: =G28 -> 200 | I28: =H28 -> 200 | J28: =I28 -> 200 | K28: =J28 -> 200 | L28: =K28 -> 200 | M28: =L28 -> 200 | N28: =M28 -> 200 | ... AO28: =AN28 -> 200
B30: Intangible investment 1 | F30: =E30 + F11 -> 350 | G30: =F30 + G11 -> 350 | H30: =G30 + H11 -> 350 | I30: =H30 + I11 -> 350 | J30: =I30 + J11 -> 350 | K30: =J30 + K11 -> 350 | L30: =K30 + L11 -> 350 | M30: =L30 + M11 -> 350 | ... AO30: =AN30 + AO11 -> 350
B31: Intangible investment 2 | F31: =E31 + F12 -> 100 | G31: =F31 + G12 -> 100 | H31: =G31 + H12 -> 100 | I31: =H31 + I12 -> 100 | J31: =I31 + J12 -> 100 | K31: =J31 + K12 -> 100 | L31: =K31 + L12 -> 100 | M31: =L31 + M12 -> 100 | ... AO31: =AN31 + AO12 -> 100
B32: Intangible investment 3 | F32: =E32 + F13 -> 120 | G32: =F32 + G13 -> 120 | H32: =G32 + H13 -> 120 | I32: =H32 + I13 -> 120 | J32: =I32 + J13 -> 120 | K32: =J32 + K13 -> 120 | L32: =K32 + L13 -> 120 | M32: =L32 + M13 -> 120 | ... AO32: =AN32 + AO13 -> 120
B33: New investment | F33: =SUM(F30:F32) -> 570 | G33: =SUM(G30:G32) -> 570 | H33: =SUM(H30:H32) -> 570 | I33: =SUM(I30:I32) -> 570 | J33: =SUM(J30:J32) -> 570 | K33: =SUM(K30:K32) -> 570 | L33: =SUM(L30:L32) -> 570 | M33: =SUM(M30:M32) -> 570 | ... AO33: =SUM(AO30:AO32) -> 570
B35: Total | F35: =+F33+F28 -> 770 | G35: =+G33+G28 -> 770 | H35: =+H33+H28 -> 770 | I35: =+I33+I28 -> 770 | J35: =+J33+J28 -> 770 | K35: =+K33+K28 -> 770 | L35: =+L33+L28 -> 770 | M35: =+M33+M28 -> 770 | ... AO35: =+AO33+AO28 -> 770
B38: Ammortization per year | F38: =F25 -> 46053 | G38: =G25 -> 46054 | H38: =H25 -> 46082 | I38: =I25 -> 46113 | J38: =J25 -> 46143 | K38: =K25 -> 46174 | L38: =L25 -> 46204 | M38: =M25 -> 46235 | ... AO38: =AO25 -> 47088
B40: Intangible assets | F40: =+F27/$C$8 -> 40 | G40: =+G27/$C$8 -> 40 | H40: =+H27/$C$8 -> 40 | I40: =+I27/$C$8 -> 40 | J40: =+J27/$C$8 -> 40 | K40: =+K27/$C$8 -> 40 | L40: =+L27/$C$8 -> 40 | M40: =+M27/$C$8 -> 40 | ... AO40: =+AO27/$C$8 -> 40
B41: Existing assets | F41: =IF($E$9>0, $E$9/($C$8*12), 0) -> 3.3333333 | G41: =IF($E$9>0, $E$9/($C$8*12), 0) -> 3.3333333 | H41: =IF($E$9>0, $E$9/($C$8*12), 0) -> 3.3333333 | I41: =IF($E$9>0, $E$9/($C$8*12), 0) -> 3.3333333 | J41: =IF($E$9>0, $E$9/($C$8*12), 0) -> 3.3333333 | K41: =IF($E$9>0, $E$9/($C$8*12), 0) -> 3.3333333 | L41: =IF($E$9>0, $E$9/($C$8*12), 0) -> 3.3333333 | M41: =IF($E$9>0, $E$9/($C$8*12), 0) -> 3.3333333 | ... AO41: =IF($E$9>0, $E$9/($C$8*12), 0) -> 3.3333333
B43: Intangible investment 1 | F43: =MIN((F30/$C11)/12,(F30-E56)) -> 5.8333333 | G43: =MIN((G30/$C11)/12,(G30-F56)) -> 5.8333333 | H43: =MIN((H30/$C11)/12,(H30-G56)) -> 5.8333333 | I43: =MIN((I30/$C11)/12,(I30-H56)) -> 5.8333333 | J43: =MIN((J30/$C11)/12,(J30-I56)) -> 5.8333333 | K43: =MIN((K30/$C11)/12,(K30-J56)) -> 5.8333333 | L43: =MIN((L30/$C11)/12,(L30-K56)) -> 5.8333333 | M43: =MIN((M30/$C11)/12,(M30-L56)) -> 5.8333333 | ... AO43: =MIN((AO30/$C11)/12,(AO30-AN56)) -> 5.8333333
B44: Intangible investment 2 | F44: =MIN((F31/$C12)/12,(F31-E57)) -> 1.6666667 | G44: =MIN((G31/$C12)/12,(G31-F57)) -> 1.6666667 | H44: =MIN((H31/$C12)/12,(H31-G57)) -> 1.6666667 | I44: =MIN((I31/$C12)/12,(I31-H57)) -> 1.6666667 | J44: =MIN((J31/$C12)/12,(J31-I57)) -> 1.6666667 | K44: =MIN((K31/$C12)/12,(K31-J57)) -> 1.6666667 | L44: =MIN((L31/$C12)/12,(L31-K57)) -> 1.6666667 | M44: =MIN((M31/$C12)/12,(M31-L57)) -> 1.6666667 | ... AO44: =MIN((AO31/$C12)/12,(AO31-AN57)) -> 1.6666667
B45: Intangible investment 3 | F45: =MIN((F32/$C13)/12,(F32-E58)) -> 2 | G45: =MIN((G32/$C13)/12,(G32-F58)) -> 2 | H45: =MIN((H32/$C13)/12,(H32-G58)) -> 2 | I45: =MIN((I32/$C13)/12,(I32-H58)) -> 2 | J45: =MIN((J32/$C13)/12,(J32-I58)) -> 2 | K45: =MIN((K32/$C13)/12,(K32-J58)) -> 2 | L45: =MIN((L32/$C13)/12,(L32-K58)) -> 2 | M45: =MIN((M32/$C13)/12,(M32-L58)) -> 2 | ... AO45: =MIN((AO32/$C13)/12,(AO32-AN58)) -> 2
B46: New investment | F46: =SUM(F43:F45) -> 9.5 | G46: =SUM(G43:G45) -> 9.5 | H46: =SUM(H43:H45) -> 9.5 | I46: =SUM(I43:I45) -> 9.5 | J46: =SUM(J43:J45) -> 9.5 | K46: =SUM(K43:K45) -> 9.5 | L46: =SUM(L43:L45) -> 9.5 | M46: =SUM(M43:M45) -> 9.5 | ... AO46: =SUM(AO43:AO45) -> 9.5
B49: Total | F49: =+F46+F41 -> 12.833333 | G49: =+G46+G41 -> 12.833333 | H49: =+H46+H41 -> 12.833333 | I49: =+I46+I41 -> 12.833333 | J49: =+J46+J41 -> 12.833333 | K49: =+K46+K41 -> 12.833333 | L49: =+L46+L41 -> 12.833333 | M49: =+M46+M41 -> 12.833333 | ... AO49: =+AO46+AO41 -> 12.833333
B51: Accumulated ammortization | F51: =+F38 -> 46053 | G51: =+G38 -> 46054 | H51: =+H38 -> 46082 | I51: =+I38 -> 46113 | J51: =+J38 -> 46143 | K51: =+K38 -> 46174 | L51: =+L38 -> 46204 | M51: =+M38 -> 46235 | ... AO51: =+AO38 -> 47088
B53: Intangible assets | F53: =+F40 -> 40 | G53: =+F40+G40 -> 80 | H53: =+F40+G40+H40 -> 120 | I53: =SUM(F40:I40) -> 160 | J53: =SUM(F40:J40) -> 200 | K53: =SUM(F40:K40) -> 240 | L53: =SUM(F40:L40) -> 280 | M53: =SUM(F40:M40) -> 320 | N53: =SUM(F40:N40) -> 360 | O53: =SUM(F40:O40) -> 400 | P53: =SUM(F40:P40) -> 440 | Q53: =SUM(F40:Q40) -> 480 | R53: =SUM(G40:R40) -> 480 | S53: =SUM(H40:S40) -> 480 | T53: =SUM(I40:T40) -> 480 | U53: =SUM(J40:U40) -> 480 | V53: =SUM(K40:V40) -> 480 | W53: =SUM(L40:W40) -> 480 | X53: =SUM(M40:X40) -> 480 | ... AO53: =SUM(AD40:AO40) -> 480
B54: Existing assets | F54: =IF(E9>0, E9/($C$8*12), 0) -> 3.3333333 | G54: =F54 + G41 -> 6.6666667 | H54: =G54 + H41 -> 10 | I54: =H54 + I41 -> 13.333333 | J54: =I54 + J41 -> 16.666667 | K54: =J54 + K41 -> 20 | L54: =K54 + L41 -> 23.333333 | M54: =L54 + M41 -> 26.666667 | N54: =M54 + N41 -> 30 | ... AO54: =AN54 + AO41 -> 120
B56: Intangible investment 1 | F56: =E56 + F43 -> 5.8333333 | G56: =F56 + G43 -> 11.666667 | H56: =G56 + H43 -> 17.5 | I56: =H56 + I43 -> 23.333333 | J56: =I56 + J43 -> 29.166667 | K56: =J56 + K43 -> 35 | L56: =K56 + L43 -> 40.833333 | M56: =L56 + M43 -> 46.666667 | ... AO56: =AN56 + AO43 -> 210
B57: Intangible investment 2 | F57: =E57 + F44 -> 1.6666667 | G57: =F57 + G44 -> 3.3333333 | H57: =G57 + H44 -> 5 | I57: =H57 + I44 -> 6.6666667 | J57: =I57 + J44 -> 8.3333333 | K57: =J57 + K44 -> 10 | L57: =K57 + L44 -> 11.666667 | M57: =L57 + M44 -> 13.333333 | ... AO57: =AN57 + AO44 -> 60
B58: Intangible investment 3 | F58: =E58 + F45 -> 2 | G58: =F58 + G45 -> 4 | H58: =G58 + H45 -> 6 | I58: =H58 + I45 -> 8 | J58: =I58 + J45 -> 10 | K58: =J58 + K45 -> 12 | L58: =K58 + L45 -> 14 | M58: =L58 + M45 -> 16 | ... AO58: =AN58 + AO45 -> 72
B59: New investment | F59: =SUM(F56:F58) -> 9.5 | G59: =SUM(G56:G58) -> 19 | H59: =SUM(H56:H58) -> 28.5 | I59: =SUM(I56:I58) -> 38 | J59: =SUM(J56:J58) -> 47.5 | K59: =SUM(K56:K58) -> 57 | L59: =SUM(L56:L58) -> 66.5 | M59: =SUM(M56:M58) -> 76 | ... AO59: =SUM(AO56:AO58) -> 342
B61: Total | F61: =+F59+F54 -> 12.833333 | G61: =+G59+G54 -> 25.666667 | H61: =+H59+H54 -> 38.5 | I61: =+I59+I54 -> 51.333333 | J61: =+J59+J54 -> 64.166667 | K61: =+K59+K54 -> 77 | L61: =+L59+L54 -> 89.833333 | M61: =+M59+M54 -> 102.66667 | ... AO61: =+AO59+AO54 -> 462
B64: Carrying value | F64: =+F51 -> 46053 | G64: =+G51 -> 46054 | H64: =+H51 -> 46082 | I64: =+I51 -> 46113 | J64: =+J51 -> 46143 | K64: =+K51 -> 46174 | L64: =+L51 -> 46204 | M64: =+M51 -> 46235 | ... AO64: =+AO51 -> 47088
B66: Intangible assets | F66: =F27-F53 -> 160 | G66: =G27-G53 -> 120 | H66: =H27-H53 -> 80 | I66: =I27-I53 -> 40 | J66: =J27-J53 -> 0 | K66: =K27-K53 -> -40 | L66: =L27-L53 -> -80 | M66: =M27-M53 -> -120 | ... AO66: =AO27-AO53 -> -280
B67: Existing assets | F67: =F28 - F54 -> 196.66667 | G67: =G28 - G54 -> 193.33333 | H67: =H28 - H54 -> 190 | I67: =I28 - I54 -> 186.66667 | J67: =J28 - J54 -> 183.33333 | K67: =K28 - K54 -> 180 | L67: =L28 - L54 -> 176.66667 | M67: =M28 - M54 -> 173.33333 | ... AO67: =AO28 - AO54 -> 80
B69: Intangible investment 1 | F69: =F30 - F56 -> 344.16667 | G69: =G30 - G56 -> 338.33333 | H69: =H30 - H56 -> 332.5 | I69: =I30 - I56 -> 326.66667 | J69: =J30 - J56 -> 320.83333 | K69: =K30 - K56 -> 315 | L69: =L30 - L56 -> 309.16667 | M69: =M30 - M56 -> 303.33333 | ... AO69: =AO30 - AO56 -> 140
B70: Intangible investment 2 | F70: =F31 - F57 -> 98.333333 | G70: =G31 - G57 -> 96.666667 | H70: =H31 - H57 -> 95 | I70: =I31 - I57 -> 93.333333 | J70: =J31 - J57 -> 91.666667 | K70: =K31 - K57 -> 90 | L70: =L31 - L57 -> 88.333333 | M70: =M31 - M57 -> 86.666667 | ... AO70: =AO31 - AO57 -> 40
B71: Intangible investment 3 | F71: =F32 - F58 -> 118 | G71: =G32 - G58 -> 116 | H71: =H32 - H58 -> 114 | I71: =I32 - I58 -> 112 | J71: =J32 - J58 -> 110 | K71: =K32 - K58 -> 108 | L71: =L32 - L58 -> 106 | M71: =M32 - M58 -> 104 | ... AO71: =AO32 - AO58 -> 48
B72: New investment | F72: =SUM(F69:F71) -> 560.5 | G72: =SUM(G69:G71) -> 551 | H72: =SUM(H69:H71) -> 541.5 | I72: =SUM(I69:I71) -> 532 | J72: =SUM(J69:J71) -> 522.5 | K72: =SUM(K69:K71) -> 513 | L72: =SUM(L69:L71) -> 503.5 | M72: =SUM(M69:M71) -> 494 | ... AO72: =SUM(AO69:AO71) -> 228
B74: Total | F74: =+F72+F67 -> 757.16667 | G74: =+G72+G67 -> 744.33333 | H74: =+H72+H67 -> 731.5 | I74: =+I72+I67 -> 718.66667 | J74: =+J72+J67 -> 705.83333 | K74: =+K72+K67 -> 693 | L74: =+L72+L67 -> 680.16667 | M74: =+M72+M67 -> 667.33333 | ... AO74: =+AO72+AO67 -> 308
A117: 2 | B117: RATIO ANALYSIS
B120: Profit and Loss Account
B122: Profitability ratios
B124: Gross profit margin
B125: EBITDA Margin
B126: Net profit rate
B127: ROE
B128: ROCE
B129: ROA
B134: Liquidity
B136: Net working capital
B137: Current ratio
B138: Cash ratio
... B156: Asset turnover

Sheet OTH
A1: OTHER EXPENSES
B3: Financial year start month | F3: ='Revenue & COGS Building'!O12 -> 46053 | G3: ='Revenue & COGS Building'!P12 -> 46054 | H3: ='Revenue & COGS Building'!Q12 -> 46082 | I3: ='Revenue & COGS Building'!R12 -> 46113 | J3: ='Revenue & COGS Building'!S12 -> 46143 | K3: ='Revenue & COGS Building'!T12 -> 46174 | L3: ='Revenue & COGS Building'!U12 -> 46204 | M3: ='Revenue & COGS Building'!V12 -> 46235 | ... AO3: ='Revenue & COGS Building'!AX12 -> 47088
B4: Month | F4: ='Revenue & COGS Building'!O13 -> 1 | G4: ='Revenue & COGS Building'!P13 -> 2 | H4: ='Revenue & COGS Building'!Q13 -> 3 | I4: ='Revenue & COGS Building'!R13 -> 4 | J4: ='Revenue & COGS Building'!S13 -> 5 | K4: ='Revenue & COGS Building'!T13 -> 6 | L4: ='Revenue & COGS Building'!U13 -> 7 | M4: ='Revenue & COGS Building'!V13 -> 8 | ... AO4: ='Revenue & COGS Building'!AX13 -> 36
B5: Year | F5: ='Revenue & COGS Building'!O14 -> 1 | G5: ='Revenue & COGS Building'!P14 -> 1 | H5: ='Revenue & COGS Building'!Q14 -> 1 | I5: ='Revenue & COGS Building'!R14 -> 1 | J5: ='Revenue & COGS Building'!S14 -> 1 | K5: ='Revenue & COGS Building'!T14 -> 1 | L5: ='Revenue & COGS Building'!U14 -> 1 | M5: ='Revenue & COGS Building'!V14 -> 1 | ... AO5: ='Revenue & COGS Building'!AX14 -> 3
B6: Other costs and income | C6: =+'Ratio Analysis'!D4 -> 2025 | D6: Assumption | E6: Value | F6: ='Revenue & COGS Building'!O15 -> 2026 | G6: ='Revenue & COGS Building'!P15 -> 2026 | H6: ='Revenue & COGS Building'!Q15 -> 2026 | I6: ='Revenue & COGS Building'!R15 -> 2026 | J6: ='Revenue & COGS Building'!S15 -> 2026 | K6: ='Revenue & COGS Building'!T15 -> 2026 | L6: ='Revenue & COGS Building'!U15 -> 2026 | M6: ='Revenue & COGS Building'!V15 -> 2026 | ... AO6: ='Revenue & COGS Building'!AX15 -> 2028
B8: Gains from sale of non-current assets | C8: =+'Historicals & Projections'!D51 -> 50 | D8: from TA and IA sheets | F8: =+'TA '!F18+IA!F18 -> 0 | G8: =+'TA '!G18+IA!G18 -> 0 | H8: =+'TA '!H18+IA!H18 -> 0 | I8: =+'TA '!I18+IA!I18 -> 0 | J8: =+'TA '!J18+IA!J18 -> 0 | K8: =+'TA '!K18+IA!K18 -> 0 | L8: =+'TA '!L18+IA!L18 -> 0 | M8: =+'TA '!M18+IA!M18 -> 0 | ... AO8: =+'TA '!AO18+IA!AO18 -> 0
B9: Losses from sale of non-current assets | C9: =+'Historicals & Projections'!D52 -> 90 | D9: from TA and IA sheets | F9: =+'TA '!F19+IA!F19 -> 0 | G9: =+'TA '!G19+IA!G19 -> 0 | H9: =+'TA '!H19+IA!H19 -> 0 | I9: =+'TA '!I19+IA!I19 -> 0 | J9: =+'TA '!J19+IA!J19 -> 0 | K9: =+'TA '!K19+IA!K19 -> 0 | L9: =+'TA '!L19+IA!L19 -> 0 | M9: =+'TA '!M19+IA!M19 -> 0 | ... AO9: =+'TA '!AO19+IA!AO19 -> 0
B10: Impairment of receivables | C10: =+'Historicals & Projections'!D53 -> 10 | D10: % of sales | E10: =+C10/'Historicals & Projections'!D40 -> 0.00090909091 | F10: =+$E$10*'Revenue & COGS Building'!O67 -> 21.969697 | G10: =+$E$10*'Revenue & COGS Building'!P67 -> 29.44697 | H10: =+$E$10*'Revenue & COGS Building'!Q67 -> 36.924242 | I10: =+$E$10*'Revenue & COGS Building'!R67 -> 44.401515 | J10: =+$E$10*'Revenue & COGS Building'!S67 -> 51.878788 | K10: =+$E$10*'Revenue & COGS Building'!T67 -> 59.348485 | L10: =+$E$10*'Revenue & COGS Building'!U67 -> 66.818182 | M10: =+$E$10*'Revenue & COGS Building'!V67 -> 74.287879 | ... AO10: =+$E$10*'Revenue & COGS Building'!AX67 -> 566.58333
B11: Impairment of inventories | C11: =+'Historicals & Projections'!D54 -> 10 | D11: % of COGS | E11: =+C11/'Historicals & Projections'!D43 -> 0.0014705882 | F11: =+$E$11*'Revenue & COGS Building'!O103 -> 24.124387 | G11: =+$E$11*'Revenue & COGS Building'!P103 -> 32.553523 | H11: =+$E$11*'Revenue & COGS Building'!Q103 -> 40.982659 | I11: =+$E$11*'Revenue & COGS Building'!R103 -> 49.411795 | J11: =+$E$11*'Revenue & COGS Building'!S103 -> 57.840931 | K11: =+$E$11*'Revenue & COGS Building'!T103 -> 66.261091 | L11: =+$E$11*'Revenue & COGS Building'!U103 -> 74.68125 | M11: =+$E$11*'Revenue & COGS Building'!V103 -> 83.101409 | ... AO11: =+$E$11*'Revenue & COGS Building'!AX103 -> 629.21952
B12: Other costs and income | C12: =SUM(C8:C11) -> 160 | F12: =SUM(F8:F11) -> 46.094084 | G12: =SUM(G8:G11) -> 62.000493 | H12: =SUM(H8:H11) -> 77.906902 | I12: =SUM(I8:I11) -> 93.81331 | J12: =SUM(J8:J11) -> 109.71972 | K12: =SUM(K8:K11) -> 125.60958 | L12: =SUM(L8:L11) -> 141.49943 | M12: =SUM(M8:M11) -> 157.38929 | ... AO12: =SUM(AO8:AO11) -> 1195.8028
B14: CAGR | Q14: =+((Q12/C12)^(1/12))-1 -> 0.027261372

Sheet FIN
A1: FINANCIAL LIABILITIES, INTEREST, DIVIDEND AND CAPITAL
B3: Financial year start month | D3: ='Revenue & COGS Building'!O12 -> 46053 | E3: ='Revenue & COGS Building'!P12 -> 46054 | F3: ='Revenue & COGS Building'!Q12 -> 46082 | G3: ='Revenue & COGS Building'!R12 -> 46113 | H3: ='Revenue & COGS Building'!S12 -> 46143 | I3: ='Revenue & COGS Building'!T12 -> 46174 | J3: ='Revenue & COGS Building'!U12 -> 46204 | K3: ='Revenue & COGS Building'!V12 -> 46235 | ... AM3: ='Revenue & COGS Building'!AX12 -> 47088
B4: Month | D4: ='Revenue & COGS Building'!O13 -> 1 | E4: ='Revenue & COGS Building'!P13 -> 2 | F4: ='Revenue & COGS Building'!Q13 -> 3 | G4: ='Revenue & COGS Building'!R13 -> 4 | H4: ='Revenue & COGS Building'!S13 -> 5 | I4: ='Revenue & COGS Building'!T13 -> 6 | J4: ='Revenue & COGS Building'!U13 -> 7 | K4: ='Revenue & COGS Building'!V13 -> 8 | ... AM4: ='Revenue & COGS Building'!AX13 -> 36
B5: Year | D5: ='Revenue & COGS Building'!O14 -> 1 | E5: ='Revenue & COGS Building'!P14 -> 1 | F5: ='Revenue & COGS Building'!Q14 -> 1 | G5: ='Revenue & COGS Building'!R14 -> 1 | H5: ='Revenue & COGS Building'!S14 -> 1 | I5: ='Revenue & COGS Building'!T14 -> 1 | J5: ='Revenue & COGS Building'!U14 -> 1 | K5: ='Revenue & COGS Building'!V14 -> 1 | ... AM5: ='Revenue & COGS Building'!AX14 -> 3
B6: Financial year | C6: ='Historicals & Projections'!D6 -> 2025 | D6: ='Revenue & COGS Building'!O15 -> 2026 | E6: ='Revenue & COGS Building'!P15 -> 2026 | F6: ='Revenue & COGS Building'!Q15 -> 2026 | G6: ='Revenue & COGS Building'!R15 -> 2026 | H6: ='Revenue & COGS Building'!S15 -> 2026 | I6: ='Revenue & COGS Building'!T15 -> 2026 | J6: ='Revenue & COGS Building'!U15 -> 2026 | K6: ='Revenue & COGS Building'!V15 -> 2026 | ... AM6: ='Revenue & COGS Building'!AX15 -> 2028
B8: Long term financial liabilities | D8: =+C32 -> 250 | E8: =+D32 -> 1000250 | F8: =+E32 -> 1000250 | G8: =+F32 -> 1000250 | H8: =+G32 -> 500250 | I8: =+H32 -> 500250 | J8: =+I32 -> 500250 | K8: =+J32 -> 500250 | ... AM8: =+AL32 -> 1050250
B9: Current financial liabilities | D9: =+C33 -> 200 | E9: =+D33 -> 200 | F9: =+E33 -> 200 | G9: =+F33 -> 200 | H9: =+G33 -> 200 | I9: =+H33 -> 200 | J9: =+I33 -> 200 | K9: =+J33 -> 200 | ... AM9: =+AL33 -> 200
B10: Opening balance | D10: =+D8+D9 -> 450 | E10: =+E8+E9 -> 1000450 | F10: =+F8+F9 -> 1000450 | G10: =+G8+G9 -> 1000450 | H10: =+H8+H9 -> 500450 | I10: =+I8+I9 -> 500450 | J10: =+J8+J9 -> 500450 | K10: =+K8+K9 -> 500450 | ... AM10: =+AM8+AM9 -> 1050450
B12: Existing debt schedule
B14: Long term debt
B15: Transfer to short term
B16: Repayment
B17: Current debt
B18: Transfer from long term | D18: =+D15 -> 0 | E18: =+E15 -> 0 | F18: =+F15 -> 0 | G18: =+G15 -> 0 | H18: =+H15 -> 0 | I18: =+I15 -> 0 | J18: =+J15 -> 0 | K18: =+K15 -> 0 | ... AM18: =+AM15 -> 0
B19: Repayment
B21: New debt schedule
B23: Long term debt
B24: New withdrawals | D24: 1000000 | P24: 550000
B25: Transfer to short term
B26: Repayment | G26: 500000
B27: Current debt
B28: New withdrawals
B29: Transfer from long term | D29: =+D25 -> 0 | E29: =+E25 -> 0 | F29: =+F25 -> 0 | G29: =+G25 -> 0 | H29: =+H25 -> 0 | I29: =+I25 -> 0 | J29: =+J25 -> 0 | K29: =+K25 -> 0 | ... AM29: =+AM25 -> 0
B30: Repayment
B32: Long term financial liabilities | C32: 250 | D32: =+D8-D25-D26+D24-D16-D15 -> 1000250 | E32: =+E8-E25-E26+E24-E16-E15 -> 1000250 | F32: =+F8-F25-F26+F24-F16-F15 -> 1000250 | G32: =+G8-G25-G26+G24-G16-G15 -> 500250 | H32: =+H8-H25-H26+H24-H16-H15 -> 500250 | I32: =+I8-I25-I26+I24-I16-I15 -> 500250 | J32: =+J8-J25-J26+J24-J16-J15 -> 500250 | K32: =+K8-K25-K26+K24-K16-K15 -> 500250 | ... AM32: =+AM8-AM25-AM26+AM24-AM16-AM15 -> 1050250
B33: Current financial liabilities | C33: 200 | D33: =+D9-D30+D29+D28+D18-D19 -> 200 | E33: =+E9-E30+E29+E28+E18-E19 -> 200 | F33: =+F9-F30+F29+F28+F18-F19 -> 200 | G33: =+G9-G30+G29+G28+G18-G19 -> 200 | H33: =+H9-H30+H29+H28+H18-H19 -> 200 | I33: =+I9-I30+I29+I28+I18-I19 -> 200 | J33: =+J9-J30+J29+J28+J18-J19 -> 200 | K33: =+K9-K30+K29+K28+K18-K19 -> 200 | ... AM33: =+AM9-AM30+AM29+AM28+AM18-AM19 -> 200
B34: Closing balance | C34: =+C32+C33 -> 450 | D34: =+D32+D33 -> 1000450 | E34: =+E32+E33 -> 1000450 | F34: =+F32+F33 -> 1000450 | G34: =+G32+G33 -> 500450 | H34: =+H32+H33 -> 500450 | I34: =+I32+I33 -> 500450 | J34: =+J32+J33 -> 500450 | ... AM34: =+AM32+AM33 -> 1050450
B36: Change | D36: =+D34-D10 -> 1000000 | E36: =+E34-E10 -> 0 | F36: =+F34-F10 -> 0 | G36: =+G34-G10 -> -500000 | H36: =+H34-H10 -> 0 | I36: =+I34-I10 -> 0 | J36: =+J34-J10 -> 0 | K36: =+K34-K10 -> 0 | ... AM36: =+AM34-AM10 -> 0
B37: Check | C37: =+C34-'Historicals & Projections'!D22-'Historicals & Projections'!D26 -> 0
B39: Other long term liabilities | D39: =D6 -> 2026 | E39: =E6 -> 2026 | F39: =F6 -> 2026 | G39: =G6 -> 2026 | H39: =H6 -> 2026 | I39: =I6 -> 2026 | J39: =J6 -> 2026 | K39: =K6 -> 2026 | ... AM39: =AM6 -> 2028
B41: Opening balance | D41: =+'Historicals & Projections'!D27 -> 270 | E41: =+D46 -> 270 | F41: =+E46 -> 270 | G41: =+F46 -> 270 | H41: =+G46 -> 270 | I41: =+H46 -> 270 | J41: =+I46 -> 270 | K41: =+J46 -> 270 | L41: =+K46 -> 270 | ... AM41: =+AL46 -> 270
B43: Increase
B44: Decrease
B46: Closing balance | D46: =+D41+D43-D44 -> 270 | E46: =+E41+E43-E44 -> 270 | F46: =+F41+F43-F44 -> 270 | G46: =+G41+G43-G44 -> 270 | H46: =+H41+H43-H44 -> 270 | I46: =+I41+I43-I44 -> 270 | J46: =+J41+J43-J44 -> 270 | K46: =+K41+K43-K44 -> 270 | ... AM46: =+AM41+AM43-AM44 -> 270
B48: Change | D48: =+D46-D41 -> 0 | E48: =+E46-E41 -> 0 | F48: =+F46-F41 -> 0 | G48: =+G46-G41 -> 0 | H48: =+H46-H41 -> 0 | I48: =+I46-I41 -> 0 | J48: =+J46-J41 -> 0 | K48: =+K46-K41 -> 0 | ... AM48: =+AM46-AM41 -> 0
B51: Financial expenses and income | D51: =D39 -> 2026 | E51: =E39 -> 2026 | F51: =F39 -> 2026 | G51: =G39 -> 2026 | H51: =H39 -> 2026 | I51: =I39 -> 2026 | J51: =J39 -> 2026 | K51: =K39 -> 2026 | ... AM51: =AM39 -> 2028
B52: Interest expenses share is Loan balance | D52: =+'Ratio Analysis'!D49 -> 0.069444444 | E52: =+D52 -> 0.069444444 | F52: =+E52 -> 0.069444444 | G52: =+F52 -> 0.069444444 | H52: =+G52 -> 0.069444444 | I52: =+H52 -> 0.069444444 | J52: =+I52 -> 0.069444444 | K52: =+J52 -> 0.069444444 | L52: =+K52 -> 0.069444444 | ... O52: =+N52 -> 0.069444444 | P52: =+O52+10% -> 0.16944444 | Q52: =+P52 -> 0.16944444 | R52: =+Q52 -> 0.16944444 | S52: =+R52 -> 0.16944444 | T52: =+S52 -> 0.16944444 | U52: =+T52 -> 0.16944444 | V52: =+U52 -> 0.16944444 | W52: =+V52 -> 0.16944444 | X52: =+W52 -> 0.16944444 | ... AM52: =+AL52 -> 0.16944444
B54: Interest expenses | D54: =+D34*D52 -> 69475.694 | E54: =+E34*E52 -> 69475.694 | F54: =+F34*F52 -> 69475.694 | G54: =+G34*G52 -> 34753.472 | H54: =+H34*H52 -> 34753.472 | I54: =+I34*I52 -> 34753.472 | J54: =+J34*J52 -> 34753.472 | K54: =+K34*K52 -> 34753.472 | ... AM54: =+AM34*AM52 -> 177992.92
B56: Other financial expenses
B57: Financial income
B59: Financial expenses and income, net | D59: =+D54+D56-D57 -> 69475.694 | E59: =+E54+E56-E57 -> 69475.694 | F59: =+F54+F56-F57 -> 69475.694 | G59: =+G54+G56-G57 -> 34753.472 | H59: =+H54+H56-H57 -> 34753.472 | I59: =+I54+I56-I57 -> 34753.472 | J59: =+J54+J56-J57 -> 34753.472 | K59: =+K54+K56-K57 -> 34753.472 | ... AM59: =+AM54+AM56-AM57 -> 177992.92
B62: Other finance transactions | D62: =D51 -> 2026 | E62: =E51 -> 2026 | F62: =F51 -> 2026 | G62: =G51 -> 2026 | H62: =H51 -> 2026 | I62: =I51 -> 2026 | J62: =J51 -> 2026 | K62: =K51 -> 2026 | ... AM62: =AM51 -> 2028
B64: Dividends paid
B65: Increase of subscribed equity | AB65: 1000000

Sheet Income Tax
A1: INCOME TAX SCHEDULE
B3: Financial year start month | E3: ='Revenue & COGS Building'!O12 -> 46053 | F3: ='Revenue & COGS Building'!P12 -> 46054 | G3: ='Revenue & COGS Building'!Q12 -> 46082 | H3: ='Revenue & COGS Building'!R12 -> 46113 | I3: ='Revenue & COGS Building'!S12 -> 46143 | J3: ='Revenue & COGS Building'!T12 -> 46174 | K3: ='Revenue & COGS Building'!U12 -> 46204 | L3: ='Revenue & COGS Building'!V12 -> 46235 | ... AN3: ='Revenue & COGS Building'!AX12 -> 47088
B4: Month | E4: ='Revenue & COGS Building'!O13 -> 1 | F4: ='Revenue & COGS Building'!P13 -> 2 | G4: ='Revenue & COGS Building'!Q13 -> 3 | H4: ='Revenue & COGS Building'!R13 -> 4 | I4: ='Revenue & COGS Building'!S13 -> 5 | J4: ='Revenue & COGS Building'!T13 -> 6 | K4: ='Revenue & COGS Building'!U13 -> 7 | L4: ='Revenue & COGS Building'!V13 -> 8 | ... AN4: ='Revenue & COGS Building'!AX13 -> 36
B5: Year | E5: ='Revenue & COGS Building'!O14 -> 1 | F5: ='Revenue & COGS Building'!P14 -> 1 | G5: ='Revenue & COGS Building'!Q14 -> 1 | H5: ='Revenue & COGS Building'!R14 -> 1 | I5: ='Revenue & COGS Building'!S14 -> 1 | J5: ='Revenue & COGS Building'!T14 -> 1 | K5: ='Revenue & COGS Building'!U14 -> 1 | L5: ='Revenue & COGS Building'!V14 -> 1 | ... AN5: ='Revenue & COGS Building'!AX14 -> 3
B6: Financial year | C6: ='Historicals & Projections'!C38 -> 2024 | D6: ='Historicals & Projections'!D38 -> 2025 | E6: ='Revenue & COGS Building'!O15 -> 2026 | F6: ='Revenue & COGS Building'!P15 -> 2026 | G6: ='Revenue & COGS Building'!Q15 -> 2026 | H6: ='Revenue & COGS Building'!R15 -> 2026 | I6: ='Revenue & COGS Building'!S15 -> 2026 | J6: ='Revenue & COGS Building'!T15 -> 2026 | K6: ='Revenue & COGS Building'!U15 -> 2026 | L6: ='Revenue & COGS Building'!V15 -> 2026 | ... AN6: ='Revenue & COGS Building'!AX15 -> 2028
B8: Earning before taxation | C8: =+'Historicals & Projections'!C65 -> 1470 | D8: =+'Historicals & Projections'!D65 -> 1700 | E8: =+PL!E33 -> -165459.88 | F8: =+PL!F33 -> -163464.89 | G8: =+PL!G33 -> -161469.89 | H8: =+PL!H33 -> -124752.67 | I8: =+PL!I33 -> -122757.67 | J8: =+PL!J33 -> -120764.4 | K8: =+PL!K33 -> -118771.13 | L8: =+PL!L33 -> -116777.85 | ... AN8: =+PL!AN33 -> -123649.73
B10: Expense deduction
B11: Temoporary differences
B12: Other items that increse tax base
B13: Tax base increase | E13: =SUM(E10:E12) -> 0 | F13: =SUM(F10:F12) -> 0 | G13: =SUM(G10:G12) -> 0 | H13: =SUM(H10:H12) -> 0 | I13: =SUM(I10:I12) -> 0 | J13: =SUM(J10:J12) -> 0 | K13: =SUM(K10:K12) -> 0 | L13: =SUM(L10:L12) -> 0 | ... AN13: =SUM(AN10:AN12) -> 0
B15: Revenue adjustemnts
B16: Incetntives
B17: Other items that decrese tax base
B18: Tax base decrease | E18: =SUM(E15:E17) -> 0 | F18: =SUM(F15:F17) -> 0 | G18: =SUM(G15:G17) -> 0 | H18: =SUM(H15:H17) -> 0 | I18: =SUM(I15:I17) -> 0 | J18: =SUM(J15:J17) -> 0 | K18: =SUM(K15:K17) -> 0 | L18: =SUM(L15:L17) -> 0 | ... AN18: =SUM(AN15:AN17) -> 0
B20: Adjusted tax base | E20: =+E8+E13-E18 -> -165459.88 | F20: =+F8+F13-F18 -> -163464.89 | G20: =+G8+G13-G18 -> -161469.89 | H20: =+H8+H13-H18 -> -124752.67 | I20: =+I8+I13-I18 -> -122757.67 | J20: =+J8+J13-J18 -> -120764.4 | K20: =+K8+K13-K18 -> -118771.13 | L20: =+L8+L13-L18 -> -116777.85 | ... AN20: =+AN8+AN13-AN18 -> -123649.73
B22: Corporate income tax rate | C22: =+Assumptions!$C$7 -> 0.15 | D22: =+Assumptions!$C$7 -> 0.15 | E22: =+Assumptions!$C$7 -> 0.15 | F22: =+Assumptions!$C$7 -> 0.15 | G22: =+Assumptions!$C$7 -> 0.15 | H22: =+Assumptions!$C$7 -> 0.15 | I22: =+Assumptions!$C$7 -> 0.15 | J22: =+Assumptions!$C$7 -> 0.15 | ... AN22: =+Assumptions!$C$7 -> 0.15
B24: Tax | C24: =+'Historicals & Projections'!C67 -> 280 | D24: =+'Historicals & Projections'!D67 -> 310 | E24: =IF(E20>0,E20*E22,0) -> 0 | F24: =IF(F20>0,F20*F22,0) -> 0 | G24: =IF(G20>0,G20*G22,0) -> 0 | H24: =IF(H20>0,H20*H22,0) -> 0 | I24: =IF(I20>0,I20*I22,0) -> 0 | J24: =IF(J20>0,J20*J22,0) -> 0 | K24: =IF(K20>0,K20*K22,0) -> 0 | L24: =IF(L20>0,L20*L22,0) -> 0 | ... AN24: =IF(AN20>0,AN20*AN22,0) -> 0
B26: Effective tax rate | C26: =+C24/C8 -> 0.19047619 | D26: =+D24/D8 -> 0.18235294 | E26: =+E24/E8 -> 0 | F26: =+F24/F8 -> 0 | G26: =+G24/G8 -> 0 | H26: =+H24/H8 -> 0 | I26: =+I24/I8 -> 0 | J26: =+J24/J8 -> 0 | ... AN26: =+AN24/AN8 -> 0
B28: Check | C28: =+'Historicals & Projections'!C67-'Income Tax'!C24 -> 0 | D28: =+'Historicals & Projections'!D67-'Income Tax'!D24 -> 0
A87: 2

Sheet PL
A1: PROFIT AND LOSS PROJECTION
B3: Financial year start month | E3: ='Revenue & COGS Building'!O12 -> 46053 | F3: ='Revenue & COGS Building'!P12 -> 46054 | G3: ='Revenue & COGS Building'!Q12 -> 46082 | H3: ='Revenue & COGS Building'!R12 -> 46113 | I3: ='Revenue & COGS Building'!S12 -> 46143 | J3: ='Revenue & COGS Building'!T12 -> 46174 | K3: ='Revenue & COGS Building'!U12 -> 46204 | L3: ='Revenue & COGS Building'!V12 -> 46235 | ... AN3: ='Revenue & COGS Building'!AX12 -> 47088
B4: Month | E4: ='Revenue & COGS Building'!O13 -> 1 | F4: ='Revenue & COGS Building'!P13 -> 2 | G4: ='Revenue & COGS Building'!Q13 -> 3 | H4: ='Revenue & COGS Building'!R13 -> 4 | I4: ='Revenue & COGS Building'!S13 -> 5 | J4: ='Revenue & COGS Building'!T13 -> 6 | K4: ='Revenue & COGS Building'!U13 -> 7 | L4: ='Revenue & COGS Building'!V13 -> 8 | ... AN4: ='Revenue & COGS Building'!AX13 -> 36
B5: Year | E5: ='Revenue & COGS Building'!O14 -> 1 | F5: ='Revenue & COGS Building'!P14 -> 1 | G5: ='Revenue & COGS Building'!Q14 -> 1 | H5: ='Revenue & COGS Building'!R14 -> 1 | I5: ='Revenue & COGS Building'!S14 -> 1 | J5: ='Revenue & COGS Building'!T14 -> 1 | K5: ='Revenue & COGS Building'!U14 -> 1 | L5: ='Revenue & COGS Building'!V14 -> 1 | ... AN5: ='Revenue & COGS Building'!AX14 -> 3
B6: Financial year | C6: ='Historicals & Projections'!C6 -> 2024 | D6: ='Historicals & Projections'!D6 -> 2025 | E6: ='Revenue & COGS Building'!O15 -> 2026 | F6: ='Revenue & COGS Building'!P15 -> 2026 | G6: ='Revenue & COGS Building'!Q15 -> 2026 | H6: ='Revenue & COGS Building'!R15 -> 2026 | I6: ='Revenue & COGS Building'!S15 -> 2026 | J6: ='Revenue & COGS Building'!T15 -> 2026 | K6: ='Revenue & COGS Building'!U15 -> 2026 | L6: ='Revenue & COGS Building'!V15 -> 2026 | ... AN6: ='Revenue & COGS Building'!AX15 -> 2028
B8: Revenue | C8: ='Historicals & Projections'!C40 -> 10000 | D8: ='Historicals & Projections'!D40 -> 11000 | E8: =+'Revenue & COGS Building'!O67 -> 24166.667 | F8: =+'Revenue & COGS Building'!P67 -> 32391.667 | G8: =+'Revenue & COGS Building'!Q67 -> 40616.667 | H8: =+'Revenue & COGS Building'!R67 -> 48841.667 | I8: =+'Revenue & COGS Building'!S67 -> 57066.667 | J8: =+'Revenue & COGS Building'!T67 -> 65283.333 | K8: =+'Revenue & COGS Building'!U67 -> 73500 | L8: =+'Revenue & COGS Building'!V67 -> 81716.667 | ... AN8: =+'Revenue & COGS Building'!AX67 -> 623241.67
B9: COGS variable | C9: ='Historicals & Projections'!C41 -> 6000 | D9: ='Historicals & Projections'!D41 -> 6600 | E9: ='Revenue & COGS Building'!O89 -> 15504.583 | F9: ='Revenue & COGS Building'!P89 -> 21236.396 | G9: ='Revenue & COGS Building'!Q89 -> 26968.208 | H9: ='Revenue & COGS Building'!R89 -> 32700.021 | I9: ='Revenue & COGS Building'!S89 -> 38431.833 | J9: ='Revenue & COGS Building'!T89 -> 44157.542 | K9: ='Revenue & COGS Building'!U89 -> 49883.25 | L9: ='Revenue & COGS Building'!V89 -> 55608.958 | ... AN9: ='Revenue & COGS Building'!AX89 -> 425979.27
B10: COGS fixed | C10: ='Historicals & Projections'!C42 -> 200 | D10: ='Historicals & Projections'!D42 -> 200 | E10: ='Revenue & COGS Building'!O101 -> 900 | F10: ='Revenue & COGS Building'!P101 -> 900 | G10: ='Revenue & COGS Building'!Q101 -> 900 | H10: ='Revenue & COGS Building'!R101 -> 900 | I10: ='Revenue & COGS Building'!S101 -> 900 | J10: ='Revenue & COGS Building'!T101 -> 900 | K10: ='Revenue & COGS Building'!U101 -> 900 | L10: ='Revenue & COGS Building'!V101 -> 900 | ... AN10: ='Revenue & COGS Building'!AX101 -> 1890
B11: COGS | C11: =SUM(C9:C10) -> 6200 | D11: =SUM(D9:D10) -> 6800 | E11: =SUM(E9:E10) -> 16404.583 | F11: =SUM(F9:F10) -> 22136.396 | G11: =SUM(G9:G10) -> 27868.208 | H11: =SUM(H9:H10) -> 33600.021 | I11: =SUM(I9:I10) -> 39331.833 | J11: =SUM(J9:J10) -> 45057.542 | ... AN11: =SUM(AN9:AN10) -> 427869.27
B13: Gross profit | C13: =C8-C11 -> 3800 | D13: =D8-D11 -> 4200 | E13: =+E8-E11 -> 7762.0833 | F13: =+F8-F11 -> 10255.271 | G13: =+G8-G11 -> 12748.458 | H13: =+H8-H11 -> 15241.646 | I13: =+I8-I11 -> 17734.833 | J13: =+J8-J11 -> 20225.792 | K13: =+K8-K11 -> 22716.75 | L13: =+L8-L11 -> 25207.708 | ... AN13: =+AN8-AN11 -> 195372.4
B15: Overhead - variable | C15: ='Historicals & Projections'!C47 -> 1000 | D15: ='Historicals & Projections'!D47 -> 1100 | E15: =+Overheads!J23 -> 5665.8455 | F15: =+Overheads!K23 -> 6148.1295 | G15: =+Overheads!L23 -> 6630.4136 | H15: =+Overheads!M23 -> 7112.6977 | I15: =+Overheads!N23 -> 7594.9818 | J15: =+Overheads!O23 -> 8076.7773 | K15: =+Overheads!P23 -> 8558.5727 | L15: =+Overheads!Q23 -> 9040.3682 | ... AN15: =+Overheads!AS23 -> 41762.821
B16: Overhead - fixed | C16: ='Historicals & Projections'!C48 -> 1000 | D16: ='Historicals & Projections'!D48 -> 1100 | E16: =+Overheads!J45 -> 98005.333 | F16: =+Overheads!K45 -> 98005.333 | G16: =+Overheads!L45 -> 98005.333 | H16: =+Overheads!M45 -> 98005.333 | I16: =+Overheads!N45 -> 98005.333 | J16: =+Overheads!O45 -> 98005.333 | K16: =+Overheads!P45 -> 98005.333 | L16: =+Overheads!Q45 -> 98005.333 | ... AN16: =+Overheads!AS45 -> 96416.588
B17: Overhead costs | C17: =SUM(C15:C16) -> 2000 | D17: =SUM(D15:D16) -> 2200 | E17: =SUM(E15:E16) -> 103671.18 | F17: =SUM(F15:F16) -> 104153.46 | G17: =SUM(G15:G16) -> 104635.75 | H17: =SUM(H15:H16) -> 105118.03 | I17: =SUM(I15:I16) -> 105600.32 | J17: =SUM(J15:J16) -> 106082.11 | ... AN17: =SUM(AN15:AN16) -> 138179.41
B19: Gains from sale of non-current assets | C19: =+'Historicals & Projections'!C51 -> 50 | D19: =+'Historicals & Projections'!D51 -> 50 | E19: =+OTH!F8 -> 0 | F19: =+OTH!G8 -> 0 | G19: =+OTH!H8 -> 0 | H19: =+OTH!I8 -> 0 | I19: =+OTH!J8 -> 0 | J19: =+OTH!K8 -> 0 | K19: =+OTH!L8 -> 0 | L19: =+OTH!M8 -> 0 | ... AN19: =+OTH!AO8 -> 0
B20: Losses from sale of non-current assets | C20: =+'Historicals & Projections'!C52 -> 120 | D20: =+'Historicals & Projections'!D52 -> 90 | E20: =+OTH!F9 -> 0 | F20: =+OTH!G9 -> 0 | G20: =+OTH!H9 -> 0 | H20: =+OTH!I9 -> 0 | I20: =+OTH!J9 -> 0 | J20: =+OTH!K9 -> 0 | K20: =+OTH!L9 -> 0 | L20: =+OTH!M9 -> 0 | ... AN20: =+OTH!AO9 -> 0
B21: Impairment of receivables | C21: =+'Historicals & Projections'!C53 -> 10 | D21: =+'Historicals & Projections'!D53 -> 10 | E21: =+OTH!F10 -> 21.969697 | F21: =+OTH!G10 -> 29.44697 | G21: =+OTH!H10 -> 36.924242 | H21: =+OTH!I10 -> 44.401515 | I21: =+OTH!J10 -> 51.878788 | J21: =+OTH!K10 -> 59.348485 | K21: =+OTH!L10 -> 66.818182 | L21: =+OTH!M10 -> 74.287879 | ... AN21: =+OTH!AO10 -> 566.58333
B22: Impairment of inventories | C22: =+'Historicals & Projections'!C54 -> 10 | D22: =+'Historicals & Projections'!D54 -> 10 | E22: =+OTH!F11 -> 24.124387 | F22: =+OTH!G11 -> 32.553523 | G22: =+OTH!H11 -> 40.982659 | H22: =+OTH!I11 -> 49.411795 | I22: =+OTH!J11 -> 57.840931 | J22: =+OTH!K11 -> 66.261091 | K22: =+OTH!L11 -> 74.68125 | L22: =+OTH!M11 -> 83.101409 | ... AN22: =+OTH!AO11 -> 629.21952
B23: Other | C23: =SUM(C19:C22) -> 190 | D23: =SUM(D19:D22) -> 160 | E23: =SUM(E19:E22) -> 46.094084 | F23: =SUM(F19:F22) -> 62.000493 | G23: =SUM(G19:G22) -> 77.906902 | H23: =SUM(H19:H22) -> 93.81331 | I23: =SUM(I19:I22) -> 109.71972 | J23: =SUM(J19:J22) -> 125.60958 | ... AN23: =SUM(AN19:AN22) -> 1195.8028
B25: EBITDA | C25: =C13-C17-C23 -> 1610 | D25: =D13-D17-D23 -> 1840 | E25: =+E13-E17-E23 -> -95955.19 | F25: =+F13-F17-F23 -> -93960.193 | G25: =+G13-G17-G23 -> -91965.196 | H25: =+H13-H17-H23 -> -89970.199 | I25: =+I13-I17-I23 -> -87975.202 | J25: =+J13-J17-J23 -> -85981.929 | K25: =+K13-K17-K23 -> -83988.655 | L25: =+L13-L17-L23 -> -81995.382 | ... AN25: =+AN13-AN17-AN23 -> 55997.184
B27: Depreciation and amortization | C27: ='Historicals & Projections'!C59 -> 100 | D27: ='Historicals & Projections'!D59 -> 100 | E27: =+'TA '!F49+IA!F49 -> 29 | F27: =+'TA '!G49+IA!G49 -> 29 | G27: =+'TA '!H49+IA!H49 -> 29 | H27: =+'TA '!I49+IA!I49 -> 29 | I27: =+'TA '!J49+IA!J49 -> 29 | J27: =+'TA '!K49+IA!K49 -> 29 | K27: =+'TA '!L49+IA!L49 -> 29 | L27: =+'TA '!M49+IA!M49 -> 29 | ... AN27: =+'TA '!AO49+IA!AO49 -> 1654
B29: EBIT | C29: =+C25-C27 -> 1510 | D29: =+D25-D27 -> 1740 | E29: =+E25-E27 -> -95984.19 | F29: =+F25-F27 -> -93989.193 | G29: =+G25-G27 -> -91994.196 | H29: =+H25-H27 -> -89999.199 | I29: =+I25-I27 -> -88004.202 | J29: =+J25-J27 -> -86010.929 | ... AN29: =+AN25-AN27 -> 54343.184
B31: Interest and financial expenses | C31: ='Historicals & Projections'!C63 -> 50 | D31: ='Historicals & Projections'!D63 -> 50 | E31: =+FIN!D54+FIN!D56 -> 69475.694 | F31: =+FIN!E54+FIN!E56 -> 69475.694 | G31: =+FIN!F54+FIN!F56 -> 69475.694 | H31: =+FIN!G54+FIN!G56 -> 34753.472 | I31: =+FIN!H54+FIN!H56 -> 34753.472 | J31: =+FIN!I54+FIN!I56 -> 34753.472 | K31: =+FIN!J54+FIN!J56 -> 34753.472 | L31: =+FIN!K54+FIN!K56 -> 34753.472 | ... AN31: =+FIN!AM54+FIN!AM56 -> 177992.92
B32: Financial income | C32: ='Historicals & Projections'!C64 -> 10 | D32: ='Historicals & Projections'!D64 -> 10 | E32: =+FIN!D57 -> 0 | F32: =+FIN!E57 -> 0 | G32: =+FIN!F57 -> 0 | H32: =+FIN!G57 -> 0 | I32: =+FIN!H57 -> 0 | J32: =+FIN!I57 -> 0 | K32: =+FIN!J57 -> 0 | L32: =+FIN!K57 -> 0 | ... AN32: =+FIN!AM57 -> 0
B33: EBT | C33: =+C29-C31+C32 -> 1470 | D33: =+D29-D31+D32 -> 1700 | E33: =+E29-E31+E32 -> -165459.88 | F33: =+F29-F31+F32 -> -163464.89 | G33: =+G29-G31+G32 -> -161469.89 | H33: =+H29-H31+H32 -> -124752.67 | I33: =+I29-I31+I32 -> -122757.67 | J33: =+J29-J31+J32 -> -120764.4 | ... AN33: =+AN29-AN31+AN32 -> -123649.73
B35: Tax | C35: ='Historicals & Projections'!C67 -> 280 | D35: ='Historicals & Projections'!D67 -> 310 | E35: =+'Income Tax'!E24 -> 0 | F35: =+'Income Tax'!F24 -> 0 | G35: =+'Income Tax'!G24 -> 0 | H35: =+'Income Tax'!H24 -> 0 | I35: =+'Income Tax'!I24 -> 0 | J35: =+'Income Tax'!J24 -> 0 | K35: =+'Income Tax'!K24 -> 0 | L35: =+'Income Tax'!L24 -> 0 | ... AN35: =+'Income Tax'!AN24 -> 0
B37: Net income | C37: =+C33-C35 -> 1190 | D37: =+D33-D35 -> 1390 | E37: =+E33-E35 -> -165459.88 | F37: =+F33-F35 -> -163464.89 | G37: =+G33-G35 -> -161469.89 | H37: =+H33-H35 -> -124752.67 | I37: =+I33-I35 -> -122757.67 | J37: =+J33-J35 -> -120764.4 | ... AN37: =+AN33-AN35 -> -123649.73

Sheet BS
A1: BALANCE SHEET PROJECTIONS
B3: Check | C3: =+C21-C34 -> 0 | D3: =+D21-D34 -> 0 | E3: =+E21-E34 -> 0 | F3: =+F21-F34 -> 0 | G3: =+G21-G34 -> 0 | H3: =+H21-H34 -> 0 | I3: =+I21-I34 -> 0 | J3: =+J21-J34 -> 0 | ... AN3: =+AN21-AN34 -> 0
B5: Financial year start month | E5: ='Revenue & COGS Building'!O12 -> 46053 | F5: ='Revenue & COGS Building'!P12 -> 46054 | G5: ='Revenue & COGS Building'!Q12 -> 46082 | H5: ='Revenue & COGS Building'!R12 -> 46113 | I5: ='Revenue & COGS Building'!S12 -> 46143 | J5: ='Revenue & COGS Building'!T12 -> 46174 | K5: ='Revenue & COGS Building'!U12 -> 46204 | L5: ='Revenue & COGS Building'!V12 -> 46235 | ... AN5: ='Revenue & COGS Building'!AX12 -> 47088
B6: Month | E6: ='Revenue & COGS Building'!O13 -> 1 | F6: ='Revenue & COGS Building'!P13 -> 2 | G6: ='Revenue & COGS Building'!Q13 -> 3 | H6: ='Revenue & COGS Building'!R13 -> 4 | I6: ='Revenue & COGS Building'!S13 -> 5 | J6: ='Revenue & COGS Building'!T13 -> 6 | K6: ='Revenue & COGS Building'!U13 -> 7 | L6: ='Revenue & COGS Building'!V13 -> 8 | ... AN6: ='Revenue & COGS Building'!AX13 -> 36
B7: Year | E7: ='Revenue & COGS Building'!O14 -> 1 | F7: ='Revenue & COGS Building'!P14 -> 1 | G7: ='Revenue & COGS Building'!Q14 -> 1 | H7: ='Revenue & COGS Building'!R14 -> 1 | I7: ='Revenue & COGS Building'!S14 -> 1 | J7: ='Revenue & COGS Building'!T14 -> 1 | K7: ='Revenue & COGS Building'!U14 -> 1 | L7: ='Revenue & COGS Building'!V14 -> 1 | ... AN7: ='Revenue & COGS Building'!AX14 -> 3
B8: Financial year | C8: ='Historicals & Projections'!C6 -> 2024 | D8: ='Historicals & Projections'!D6 -> 2025 | E8: ='Revenue & COGS Building'!O15 -> 2026 | F8: ='Revenue & COGS Building'!P15 -> 2026 | G8: ='Revenue & COGS Building'!Q15 -> 2026 | H8: ='Revenue & COGS Building'!R15 -> 2026 | I8: ='Revenue & COGS Building'!S15 -> 2026 | J8: ='Revenue & COGS Building'!T15 -> 2026 | K8: ='Revenue & COGS Building'!U15 -> 2026 | L8: ='Revenue & COGS Building'!V15 -> 2026 | ... AN8: ='Revenue & COGS Building'!AX15 -> 2028
B10: Cash | C10: ='Historicals & Projections'!C8 -> 175 | D10: ='Historicals & Projections'!D8 -> 1310 | E10: =+CF!C34 -> 835097.13 | F10: =+CF!D34 -> 671629.89 | G10: =+CF!E34 -> 510157.64 | H10: =+CF!F34 -> -114597.38 | I10: =+CF!G34 -> -237357.41 | J10: =+CF!H34 -> -358124.13 | K10: =+CF!I34 -> -476897.58 | L10: =+CF!J34 -> -593677.76 | ... AN10: =+CF!AL34 -> -3730684.7
B11: Account Receivables | C11: ='Historicals & Projections'!C9 -> 450 | D11: ='Historicals & Projections'!D9 -> 500 | E11: =+NWC!E22 -> 86.963384 | F11: =+NWC!F22 -> 116.56092 | G11: =+NWC!G22 -> 146.15846 | H11: =+NWC!H22 -> 175.756 | I11: =+NWC!I22 -> 205.35354 | J11: =+NWC!J22 -> 234.92109 | K11: =+NWC!K22 -> 264.48864 | L11: =+NWC!L22 -> 294.05619 | ... AN11: =+NWC!AN22 -> 2242.7257
B12: Inventories | C12: ='Historicals & Projections'!C10 -> 200 | D12: ='Historicals & Projections'!D10 -> 300 | E12: =+NWC!E23 -> 50.25914 | F12: =+NWC!F23 -> 67.81984 | G12: =+NWC!G23 -> 85.38054 | H12: =+NWC!H23 -> 102.94124 | I12: =+NWC!I23 -> 120.50194 | J12: =+NWC!J23 -> 138.04394 | K12: =+NWC!K23 -> 155.58594 | L12: =+NWC!L23 -> 173.12794 | ... AN12: =+NWC!AN23 -> 1310.874
B13: Other current assets | C13: ='Historicals & Projections'!C11 -> 100 | D13: ='Historicals & Projections'!D11 -> 150 | E13: =NWC!E25 -> 27.462121 | F13: =NWC!F25 -> 36.808712 | G13: =NWC!G25 -> 46.155303 | H13: =NWC!H25 -> 55.501894 | I13: =NWC!I25 -> 64.848485 | J13: =NWC!J25 -> 74.185606 | K13: =NWC!K25 -> 83.522727 | L13: =NWC!L25 -> 92.859848 | ... AN13: =NWC!AN25 -> 708.22917
B14: Current assets | C14: =SUM(C10:C13) -> 925 | D14: =SUM(D10:D13) -> 2260 | E14: =SUM(E10:E13) -> 835261.81 | F14: =SUM(F10:F13) -> 671851.08 | G14: =SUM(G10:G13) -> 510435.34 | H14: =SUM(H10:H13) -> -114263.18 | I14: =SUM(I10:I13) -> -236966.71 | J14: =SUM(J10:J13) -> -357676.98 | ... AN14: =SUM(AN10:AN13) -> -3726422.9
B16: Intangible assets | C16: ='Historicals & Projections'!C14 -> 100 | D16: ='Historicals & Projections'!D14 -> 200 | E16: =+IA!F74 -> 757.16667 | F16: =+IA!G74 -> 744.33333 | G16: =+IA!H74 -> 731.5 | H16: =+IA!I74 -> 718.66667 | I16: =+IA!J74 -> 705.83333 | J16: =+IA!K74 -> 693 | K16: =+IA!L74 -> 680.16667 | L16: =+IA!M74 -> 667.33333 | ... AN16: =+IA!AO74 -> 308
B17: Tangible assets | C17: ='Historicals & Projections'!C15 -> 300 | D17: ='Historicals & Projections'!D15 -> 400 | E17: =+'TA '!F74 -> 953.83333 | F17: =+'TA '!G74 -> 937.66667 | G17: =+'TA '!H74 -> 921.5 | H17: =+'TA '!I74 -> 905.33333 | I17: =+'TA '!J74 -> 889.16667 | J17: =+'TA '!K74 -> 873 | K17: =+'TA '!L74 -> 856.83333 | L17: =+'TA '!M74 -> 840.66667 | ... AN17: =+'TA '!AO74 -> 75179.667
B18: Other investments and assets | C18: ='Historicals & Projections'!C16 -> 100 | D18: ='Historicals & Projections'!D16 -> 150 | E18: =+D18+'TA '!F22 -> 150 | F18: =+E18+'TA '!G22 -> 150 | G18: =+F18+'TA '!H22 -> 150 | H18: =+G18+'TA '!I22 -> 150 | I18: =+H18+'TA '!J22 -> 150 | J18: =+I18+'TA '!K22 -> 150 | K18: =+J18+'TA '!L22 -> 150 | L18: =+K18+'TA '!M22 -> 150 | ... AN18: =+AM18+'TA '!AO22 -> 150
B19: Fixed assets | C19: =SUM(C16:C18) -> 500 | D19: =SUM(D16:D18) -> 750 | E19: =SUM(E16:E18) -> 1861 | F19: =SUM(F16:F18) -> 1832 | G19: =SUM(G16:G18) -> 1803 | H19: =SUM(H16:H18) -> 1774 | I19: =SUM(I16:I18) -> 1745 | J19: =SUM(J16:J18) -> 1716 | ... AN19: =SUM(AN16:AN18) -> 75637.667
B21: Total assets | C21: =+C19+C14 -> 1425 | D21: =+D19+D14 -> 3010 | E21: =+E19+E14 -> 837122.81 | F21: =+F19+F14 -> 673683.08 | G21: =+G19+G14 -> 512238.34 | H21: =+H19+H14 -> -112489.18 | I21: =+I19+I14 -> -235221.71 | J21: =+J19+J14 -> -355960.98 | ... AN21: =+AN19+AN14 -> -3650785.2
B23: Account payables | C23: ='Historicals & Projections'!C21 -> 100 | D23: ='Historicals & Projections'!D21 -> 350 | E23: =+NWC!E24 -> 45.233226 | F23: =+NWC!F24 -> 61.037856 | G23: =+NWC!G24 -> 76.842486 | H23: =+NWC!H24 -> 92.647116 | I23: =+NWC!I24 -> 108.45175 | J23: =+NWC!J24 -> 124.23955 | K23: =+NWC!K24 -> 140.02734 | L23: =+NWC!L24 -> 155.81514 | ... AN23: =+NWC!AN24 -> 1179.7866
B24: Financial liabilities | C24: ='Historicals & Projections'!C22 -> 200 | D24: ='Historicals & Projections'!D22 -> 200 | E24: =+FIN!D33 -> 200 | F24: =+FIN!E33 -> 200 | G24: =+FIN!F33 -> 200 | H24: =+FIN!G33 -> 200 | I24: =+FIN!H33 -> 200 | J24: =+FIN!I33 -> 200 | K24: =+FIN!J33 -> 200 | L24: =+FIN!K33 -> 200 | ... AN24: =+FIN!AM33 -> 200
B25: Other liabilities | C25: ='Historicals & Projections'!C23 -> 125 | D25: ='Historicals & Projections'!D23 -> 150 | E25: =+NWC!E26 -> 27.462121 | F25: =+NWC!F26 -> 36.808712 | G25: =+NWC!G26 -> 46.155303 | H25: =+NWC!H26 -> 55.501894 | I25: =+NWC!I26 -> 64.848485 | J25: =+NWC!J26 -> 74.185606 | K25: =+NWC!K26 -> 83.522727 | L25: =+NWC!L26 -> 92.859848 | ... AN25: =+NWC!AN26 -> 708.22917
B26: Current liabilities | C26: =SUM(C23:C25) -> 425 | D26: =SUM(D23:D25) -> 700 | E26: =SUM(E23:E25) -> 272.69535 | F26: =SUM(F23:F25) -> 297.84657 | G26: =SUM(G23:G25) -> 322.99779 | H26: =SUM(H23:H25) -> 348.14901 | I26: =SUM(I23:I25) -> 373.30023 | J26: =SUM(J23:J25) -> 398.42515 | ... AN26: =SUM(AN23:AN25) -> 2088.0158
B28: Long term financial debt | C28: ='Historicals & Projections'!C26 -> 250 | D28: ='Historicals & Projections'!D26 -> 250 | E28: =FIN!D32 -> 1000250 | F28: =FIN!E32 -> 1000250 | G28: =FIN!F32 -> 1000250 | H28: =FIN!G32 -> 500250 | I28: =FIN!H32 -> 500250 | J28: =FIN!I32 -> 500250 | K28: =FIN!J32 -> 500250 | L28: =FIN!K32 -> 500250 | ... AN28: =FIN!AM32 -> 1050250
B29: Other long term liabilities | C29: ='Historicals & Projections'!C27 -> 250 | D29: ='Historicals & Projections'!D27 -> 270 | E29: =+FIN!D46 -> 270 | F29: =+FIN!E46 -> 270 | G29: =+FIN!F46 -> 270 | H29: =+FIN!G46 -> 270 | I29: =+FIN!H46 -> 270 | J29: =+FIN!I46 -> 270 | K29: =+FIN!J46 -> 270 | L29: =+FIN!K46 -> 270 | ... AN29: =+FIN!AM46 -> 270
B30: Long term fin. liabilities | C30: =C28+C29 -> 500 | D30: =D28+D29 -> 520 | E30: =E28+E29 -> 1000520 | F30: =F28+F29 -> 1000520 | G30: =G28+G29 -> 1000520 | H30: =H28+H29 -> 500520 | I30: =I28+I29 -> 500520 | J30: =J28+J29 -> 500520 | ... AN30: =AN28+AN29 -> 1050520
B32: Equity | C32: ='Historicals & Projections'!C30 -> 500 | D32: ='Historicals & Projections'!D30 -> 1790 | E32: =+'Historicals & Projections'!D30+PL!E37-FIN!D64+FIN!D65 -> -163669.88 | F32: =+E32+PL!F37-FIN!E64+FIN!E65 -> -327134.77 | G32: =+F32+PL!G37-FIN!F64+FIN!F65 -> -488604.66 | H32: =+G32+PL!H37-FIN!G64+FIN!G65 -> -613357.33 | I32: =+H32+PL!I37-FIN!H64+FIN!H65 -> -736115.01 | J32: =+I32+PL!J37-FIN!I64+FIN!I65 -> -856879.41 | K32: =+J32+PL!K37-FIN!J64+FIN!J65 -> -975650.53 | L32: =+K32+PL!L37-FIN!K64+FIN!K65 -> -1092428.4 | M32: =+L32+PL!M37-FIN!L64+FIN!L65 -> -1207263 | ... AN32: =+AM32+PL!AN37-FIN!AM64+FIN!AM65 -> -4703393.2
B34: Total Equity and liabilities | C34: =+C32+C26+C30 -> 1425 | D34: =+D32+D26+D30 -> 3010 | E34: =+E32+E26+E30 -> 837122.81 | F34: =+F32+F26+F30 -> 673683.08 | G34: =+G32+G26+G30 -> 512238.34 | H34: =+H32+H26+H30 -> -112489.18 | I34: =+I32+I26+I30 -> -235221.71 | J34: =+J32+J26+J30 -> -355960.98 | ... AN34: =+AN32+AN26+AN30 -> -3650785.2
E36: =+E3-D3 -> 0 | F36: =+F3-E3 -> 0 | G36: =+G3-F3 -> 0 | H36: =+H3-G3 -> 0 | I36: =+I3-H3 -> 0 | J36: =+J3-I3 -> 0 | K36: =+K3-J3 -> 0 | L36: =+L3-K3 -> 0 | ... AN36: =+AN3-AM3 -> 0
E38: Equity include = last year equity balance + net income of income statement - dividend + increase in equity (funding from shareholders)
A106: 2 | B106: RATIO ANALYSIS
B109: Profit and Loss Account | E109: =+#REF! -> #REF! | F109: =+#REF! -> #REF!
B111: Profitability ratios
B113: Gross profit margin | E113: =+#REF!/#REF! -> #REF! | F113: =+#REF!/#REF! -> #REF!
B114: EBITDA Margin | E114: =+#REF!/#REF! -> #REF! | F114: =+#REF!/#REF! -> #REF!
B115: Net profit rate | E115: =+#REF!/#REF! -> #REF! | F115: =+#REF!/#REF! -> #REF!
B116: ROE | E116: =+#REF!/E32 -> #REF! | F116: =+#REF!/F32 -> #REF!
B117: ROCE
B118: ROA | E118: =+#REF!/E21 -> #REF! | F118: =+#REF!/F21 -> #REF!
B123: Liquidity
B125: Net working capital
B126: Current ratio
B127: Cash ratio
B128: Quick ratio
B131: Efficiency
B133: DSO
B134: DIO
B135: DPO
B136: Asset turnover
B137: Tax effective rate
B140: Structure
... B145: Asset turnover

Sheet CF
A1: CASH FLOW PROJECTIONS
B3: Check | C3: =+BS!E3 -> 0 | D3: =+BS!F3 -> 0 | E3: =+BS!G3 -> 0 | F3: =+BS!H3 -> 0 | G3: =+BS!I3 -> 0 | H3: =+BS!J3 -> 0 | I3: =+BS!K3 -> 0 | J3: =+BS!L3 -> 0 | ... AL3: =+BS!AN3 -> 0
B4: Financial year start month | C4: ='Revenue & COGS Building'!O12 -> 46053 | D4: ='Revenue & COGS Building'!P12 -> 46054 | E4: ='Revenue & COGS Building'!Q12 -> 46082 | F4: ='Revenue & COGS Building'!R12 -> 46113 | G4: ='Revenue & COGS Building'!S12 -> 46143 | H4: ='Revenue & COGS Building'!T12 -> 46174 | I4: ='Revenue & COGS Building'!U12 -> 46204 | J4: ='Revenue & COGS Building'!V12 -> 46235 | ... AL4: ='Revenue & COGS Building'!AX12 -> 47088
